Workbook
Name breakdown_cnt: Aufschlüsselung!$A$8:$A$52
Name breakdown_income_sum: Aufschlüsselung!$R$8:$U$51
Name breakdown_is: Aufschlüsselung!$B$8:$F$52
Name breakdown_offers: Aufschlüsselung!$A$8:$Z$51
Name breakdown_outgoing_sum: Aufschlüsselung!$N$8:$O$51
Name statistic_cnt: Statistik_FPT!$A$7:$A$51
Name statistic_cnt: Statistik_OKJA!$A$7:$A$51
Name statistic_difference: Statistik_FPT!$AS$7:$AS$50
Name statistic_difference: Statistik_OKJA!$AS$7:$AS$50
Name statistic_is: Statistik_FPT!$B$7:$F$51
Name statistic_is: Statistik_OKJA!$B$7:$F$51
Name statistic_offer_selection: Statistik_FPT!$C$7:$C$51
Name statistic_offer_selection: Statistik_OKJA!$C$7:$C$51
Name statistic_offers: Statistik_FPT!$A$7:$AU$50
Name statistic_offers: Statistik_OKJA!$A$7:$AU$50
Name statistic_reason: Statistik_FPT!$AU$7:$AU$50
Name statistic_reason: Statistik_OKJA!$AU$7:$AU$50
Name statistic_sum_10: Statistik_FPT!$M$7:$M$50
Name statistic_sum_10: Statistik_OKJA!$M$7:$M$50
Name statistic_sum_11_14: Statistik_FPT!$R$7:$R$50
Name statistic_sum_11_14: Statistik_OKJA!$R$7:$R$50
Name statistic_sum_15_18: Statistik_FPT!$W$7:$W$50
Name statistic_sum_15_18: Statistik_OKJA!$W$7:$W$50
Name statistic_sum_19_24: Statistik_FPT!$AB$7:$AB$50
Name statistic_sum_19_24: Statistik_OKJA!$AB$7:$AB$50
Name statistic_sum_24: Statistik_FPT!$AG$7:$AG$50
Name statistic_sum_24: Statistik_OKJA!$AG$7:$AG$50
Name statistic_sum_all_age: Statistik_FPT!$AM$7:$AQ$50
Name statistic_sum_all_age: Statistik_OKJA!$AM$7:$AQ$50

Sheet Aufschlüsselung
B1: Förderwerber*in
B2: Förderjahr | C2: 2027
C3: ="geplante Angebote im Jahr "&C2 -> geplante Angebote im Jahr 2027
C4: Stellt einen Gesamtüberblick über die einzelnen von der Abteilung Bildung und Jugend geförderten Angebote im Förderjahr dar. Bei mehreren Förderungen durch die Abteilung Bildung und Jugend innerhalb eines Förderjahres sind sämtliche Angebote in diesem Dokument zusammenzufassen und nur einmal im Rahmen des "zentralen Förderantrags" zu übermitteln.
K5: AUSGABEN | R5: EINNAHMEN
D6: allgemeine Infos | G6: Personal | L6: Sachkosten | Q6: SUMME Ausgaben | R6: Sonstige Einnahmen | U6: Förderung(en) MA13 | X6: Summe Einnahmen | Y6: Differenz Ausgaben - Einnahmen | Z6: Prozent-Anteil Förderungen MA13 (zentral) | AA6: Prozent-Anteil Förderungen MA13 (dezentral) | AB6: Prozent-Anteil sonstige Einnahmen
B7: Bezeichnung | C7: Angebotsform bzw. Overhead (Auswahlfeld) | D7: Bezirk bzw. wienweit | E7: geplante Angebotstage im Jahr | F7: geplante Angebotsstunden im Jahr | G7: V | H7: TZ | I7: VZÄ | J7: W-Std. | K7: Personalkosten | L7: Raumkosten | M7: Pädagogischer Aufwand | N7: Investitionen | O7: Sonst. Sachaufwand | P7: SUMME Sachkosten | R7: Sonstige Einnahmen / Eigenmittel | S7: Förderungen (Bund, EU, etc.) | T7: SUMME "sonstige Einnahmen" | U7: Förderung MA13 (zentral) | V7: Förderung MA13 (dezentral) | W7: Summe Förderungen MA13
A8: 1 | P8: =SUM(L8:O8) -> 0 | Q8: =K8+P8 -> 0 | T8: =SUM(R8:S8) -> 0 | W8: =SUM(U8:V8) -> 0 | X8: =W8+T8 -> 0 | Y8: =Q8-X8 -> 0 | Z8: =IF(Q8=0,"",U8/Q8) | AA8: =IF(Q8=0,"",V8/Q8) | AB8: =IF(Q8=0,"",T8/Q8)
A9: 2 | P9: =SUM(L9:O9) -> 0 | Q9: =K9+P9 -> 0 | T9: =SUM(R9:S9) -> 0 | W9: =SUM(U9:V9) -> 0 | X9: =W9+T9 -> 0 | Y9: =Q9-X9 -> 0 | Z9: =IF(Q9=0,"",U9/Q9) | AA9: =IF(Q9=0,"",V9/Q9) | AB9: =IF(Q9=0,"",T9/Q9)
A10: 3 | P10: =SUM(L10:O10) -> 0 | Q10: =K10+P10 -> 0 | T10: =SUM(R10:S10) -> 0 | W10: =SUM(U10:V10) -> 0 | X10: =W10+T10 -> 0 | Y10: =Q10-X10 -> 0 | Z10: =IF(Q10=0,"",U10/Q10) | AA10: =IF(Q10=0,"",V10/Q10) | AB10: =IF(Q10=0,"",T10/Q10)
A11: 4 | P11: =SUM(L11:O11) -> 0 | Q11: =K11+P11 -> 0 | T11: =SUM(R11:S11) -> 0 | W11: =SUM(U11:V11) -> 0 | X11: =W11+T11 -> 0 | Y11: =Q11-X11 -> 0 | Z11: =IF(Q11=0,"",U11/Q11) | AA11: =IF(Q11=0,"",V11/Q11) | AB11: =IF(Q11=0,"",T11/Q11)
A12: 5 | P12: =SUM(L12:O12) -> 0 | Q12: =K12+P12 -> 0 | T12: =SUM(R12:S12) -> 0 | W12: =SUM(U12:V12) -> 0 | X12: =W12+T12 -> 0 | Y12: =Q12-X12 -> 0 | Z12: =IF(Q12=0,"",U12/Q12) | AA12: =IF(Q12=0,"",V12/Q12) | AB12: =IF(Q12=0,"",T12/Q12)
A13: 6 | P13: =SUM(L13:O13) -> 0 | Q13: =K13+P13 -> 0 | T13: =SUM(R13:S13) -> 0 | W13: =SUM(U13:V13) -> 0 | X13: =W13+T13 -> 0 | Y13: =Q13-X13 -> 0 | Z13: =IF(Q13=0,"",U13/Q13) | AA13: =IF(Q13=0,"",V13/Q13) | AB13: =IF(Q13=0,"",T13/Q13)
A14: 7 | P14: =SUM(L14:O14) -> 0 | Q14: =K14+P14 -> 0 | T14: =SUM(R14:S14) -> 0 | W14: =SUM(U14:V14) -> 0 | X14: =W14+T14 -> 0 | Y14: =Q14-X14 -> 0 | Z14: =IF(Q14=0,"",U14/Q14) | AA14: =IF(Q14=0,"",V14/Q14) | AB14: =IF(Q14=0,"",T14/Q14)
A15: 8 | P15: =SUM(L15:O15) -> 0 | Q15: =K15+P15 -> 0 | T15: =SUM(R15:S15) -> 0 | W15: =SUM(U15:V15) -> 0 | X15: =W15+T15 -> 0 | Y15: =Q15-X15 -> 0 | Z15: =IF(Q15=0,"",U15/Q15) | AA15: =IF(Q15=0,"",V15/Q15) | AB15: =IF(Q15=0,"",T15/Q15)
A16: 9 | P16: =SUM(L16:O16) -> 0 | Q16: =K16+P16 -> 0 | T16: =SUM(R16:S16) -> 0 | W16: =SUM(U16:V16) -> 0 | X16: =W16+T16 -> 0 | Y16: =Q16-X16 -> 0 | Z16: =IF(Q16=0,"",U16/Q16) | AA16: =IF(Q16=0,"",V16/Q16) | AB16: =IF(Q16=0,"",T16/Q16)
A17: 10 | P17: =SUM(L17:O17) -> 0 | Q17: =K17+P17 -> 0 | T17: =SUM(R17:S17) -> 0 | W17: =SUM(U17:V17) -> 0 | X17: =W17+T17 -> 0 | Y17: =Q17-X17 -> 0 | Z17: =IF(Q17=0,"",U17/Q17) | AA17: =IF(Q17=0,"",V17/Q17) | AB17: =IF(Q17=0,"",T17/Q17)
A18: 11 | P18: =SUM(L18:O18) -> 0 | Q18: =K18+P18 -> 0 | T18: =SUM(R18:S18) -> 0 | W18: =SUM(U18:V18) -> 0 | X18: =W18+T18 -> 0 | Y18: =Q18-X18 -> 0 | Z18: =IF(Q18=0,"",U18/Q18) | AA18: =IF(Q18=0,"",V18/Q18) | AB18: =IF(Q18=0,"",T18/Q18)
A19: 12 | P19: =SUM(L19:O19) -> 0 | Q19: =K19+P19 -> 0 | T19: =SUM(R19:S19) -> 0 | W19: =SUM(U19:V19) -> 0 | X19: =W19+T19 -> 0 | Y19: =Q19-X19 -> 0 | Z19: =IF(Q19=0,"",U19/Q19) | AA19: =IF(Q19=0,"",V19/Q19) | AB19: =IF(Q19=0,"",T19/Q19)
... A52: 45 | P52: =SUM(L52:O52) -> 0 | Q52: =K52+P52 -> 0 | T52: =SUM(R52:S52) -> 0 | W52: =SUM(U52:V52) -> 0 | X52: =W52+T52 -> 0 | Y52: =Q52-X52 -> 0 | Z52: =IF(Q52=0,"",U52/Q52) | AA52: =IF(Q52=0,"",V52/Q52) | AB52: =IF(Q52=0,"",T52/Q52)
B53: SUMME | E53: =SUM(E8:E52) -> 0 | F53: =SUM(F8:F52) -> 0 | G53: =SUM(G8:G52) -> 0 | H53: =SUM(H8:H52) -> 0 | I53: =SUM(I8:I52) -> 0 | J53: =SUM(J8:J52) -> 0 | K53: =SUM(K8:K52) -> 0 | L53: =SUM(L8:L52) -> 0 | ... Y53: =SUM(Y8:Y52) -> 0 | Z53: =IF(Q53=0,"",U53/Q53) | AA53: =IF(Q53=0,"",V53/Q53) | AB53: =IF(Q53=0,"",T53/Q53)
B55: Erläuterung: | R55: 1500 | T55: 5 | U55: =LEN(K57) -> 0 | W55: =LEN(K57)-LEN(SUBSTITUTE(K57,CHAR(10),""))+(LEN(K57)>1) -> 0
B56: Bezeichnung - Overhead ist von Angeboten rauszurechnen und jeweils in einer eigenen Zeile darzustellen! Angebote wie z.B. Jugendzentrum, FAIR-PLAY-TEAMS, Mobile Teams sind nach Standort aufzuschlüsseln. | K56: Anmerkungen
B57: Angebotsform - Auswahl zwischen Indoor (Jugendzentrum, Jugendtreff, Jugendraum, ...), Outdoor flex (mobile Angebote, Streetwork, …), Outdoor fix (Wiener Parkbetreuung; sollte die*der Förderwerber*in in einem Bezirk mehrere Parks betreuen, reicht eine kumulierte Darstellung pro Bezirk, es können aber auch alle Parkbetreuungsangebote (je Park) separat angeführt werden), FPT (FAIR-PLAY-TEAM), Overhead (Overhead-OKJA oder Overhead-GWO)
B58: Bezirk - Hier ist der Bezirk auszuwählen, in dem das Angebot umgesetzt wird. Falls es sich um ein wienweites Angebot handelt, ist "wienweit" auszuwählen.
B59: geplante Angebotsstunden im Jahr - netto für Zielgruppe; Vor- und Nachbereitung bzw. Vernetzungen sind hier nicht zu berücksichtigen; in dieser Spalte sind die reinen Angebotsstunden, unabhängig von der Anzahl der Mitarbeiter*innen, anzuführen. Beispiel: 3 Angebotsstunden an 100 Tagen sind insgesamt 300 Stunden.
B60: V - Vollzeit (Anzahl der Mitartbeiter*innen)
B61: TZ - Teilzeit (Anzahl der Mitarbeiter*innen)
B62: VZÄ - Vollzeitäquivalente (auf Jahresbasis geplante Vollzeitäquivalente)
B63: W-Std. - Gesamtwochenstunden der Mitarbeiter*innen je Angebot
B64: Raumkosten - inkludiert Miete, BK, Strom, Gas, Heizung
B65: Summe Ausgaben - diese Spalte wird berechnet. Die Endsumme muss mit der Summe der einzelnen Finanzpläne (Punkt 3. Gesamtkosten - Summe) übereinstimmen.
B66: Summe Einnahmen - diese Spalte wird berechnet. Die Endsumme muss mit der Summe der einzelnen Finanzpläne (Punkt 6. Gesamteinnahmen - Summe) übereinstimmen.
B67: Förderungen MA 13 (zentral) - dieses Feld ist zu befüllen
B68: Förderungen MA13 (dezentral) - sollten die jeweiligen Angebote auch aus Bezirksmitteln gefördert werden, ist dieses Feld zu befüllen. Sollte ein Angebot von mehreren Bezirken gefördert werden, ist dies entsprechend darzustellen.
... B72: Keine Angebote angeben ohne die dazugehörigen Kosten darzustellen!

Sheet Statistik_OKJA
B1: Förderwerber*in | C1: =IF(ISBLANK(Aufschlüsselung!C1),"",Aufschlüsselung!C1)
B2: Förderjahr | C2: =Aufschlüsselung!C2 -> 2027
E4: ="Förderjahr "&C2 -> Förderjahr 2027 | AR4: ="Förderjahr "&C2-"1" -> Förderjahr 2026 | AS4: =" Vergleich Kontakte Förderjahr "&C2&" mit Förderjahr "&C2-1&"" -> Vergleich Kontakte Förderjahr 2027 mit Förderjahr 2026
E5: allgemeine Infos/PLAN | G5: allgemeine Infos/IST | I5: Kinder (bis 10 Jahre) | N5: Teenies (11 - 14 Jahre) | S5: Jugendliche (15 - 18 Jahre) | X5: Junge Erwachsene (19 - 24 Jahre) | AC5: > 25 Jahren | AH5: Senior*innen (65+) nur bei Fair Play Team auszufüllen | AM5: Summe sämtlicher Alterskategorien | AR5: Kontakte | AS5: Differenz in% | AT5: ="Begründung (wenn Abweichung gegenüber Förderjahr "&C2-1&" über 20% ist)" -> Begründung (wenn Abweichung gegenüber Förderjahr 2026 über 20% ist)
B6: Bezeichnung des Angebots | C6: Angebotsform (Auswahlfeld) | D6: Bezirk bzw. wienweit | E6: geplante Angebotstage im Jahr | F6: geplante Angebotsstunden im Jahr | G6: Angebotstage im Jahr | H6: Angebotsstunden im Jahr | I6: männlich | J6: weiblich | K6: divers | L6: k.A. | M6: Gesamt | N6: männlich | O6: weiblich | P6: divers | Q6: k.A. | R6: Gesamt | S6: männlich | T6: weiblich | U6: divers | V6: k.A. | W6: Gesamt | X6: männlich | Y6: weiblich | Z6: diveres | AA6: k.A. | AB6: Gesamt | AC6: männlich | AD6: weiblich | AE6: divers | AF6: k.A. | AG6: Gesamt | AH6: männlich | AI6: weiblich | AJ6: diveres | AK6: k.A. | AL6: Gesamt | AM6: männlich | AN6: weiblich | AO6: divers | AP6: k.A. | AQ6: Gesamt | AR6: Gesamt
A7: 1 | B7: =IF(C7<>"", Aufschlüsselung!B8, "") | C7: =IF(OR(ISNUMBER(SEARCH("INDOOR", Aufschlüsselung!C8)), ISNUMBER(SEARCH("OUTDOOR flex", Aufschlüsselung!C8)), ISNUMBER(SEARCH("OUTDOOR fix", Aufschlüsselung!C8))), Aufschlüsselung!C8, "") | D7: =IF(C7<>"", Aufschlüsselung!D8, "") | E7: =IF(C7<>"", Aufschlüsselung!E8, "") | F7: =IF(C7<>"", Aufschlüsselung!F8, "") | M7: =SUM(I7:L7) -> 0 | R7: =SUM(N7:Q7) -> 0 | W7: =SUM(S7:V7) -> 0 | AB7: =SUM(X7:AA7) -> 0 | AG7: =SUM(AC7:AF7) -> 0 | AL7: =SUM(AH7:AK7) -> 0 | AM7: =I7+N7+S7+X7+AC7+AH7 -> 0 | AN7: =J7+O7+T7+Y7+AD7+AI7 -> 0 | AO7: =K7+P7+U7+Z7+AE7+AJ7 -> 0 | AP7: =L7+Q7+V7+AA7+AF7+AK7 -> 0 | AQ7: =SUM(AM7:AP7) -> 0 | AS7: =IF(OR(AR7=0, AQ7=0),"-",AQ7/AR7*100-100) -> - | AU7: =IF(OR(AR7<=0,ISBLANK(AR7)),"",IF(AND(OR(AS7>=20,AS7<=-20)),IF(ISBLANK(AT7),B100,""),""))
A8: 2 | B8: =IF(C8<>"", Aufschlüsselung!B9, "") | C8: =IF(OR(ISNUMBER(SEARCH("INDOOR", Aufschlüsselung!C9)), ISNUMBER(SEARCH("OUTDOOR flex", Aufschlüsselung!C9)), ISNUMBER(SEARCH("OUTDOOR fix", Aufschlüsselung!C9))), Aufschlüsselung!C9, "") | D8: =IF(C8<>"", Aufschlüsselung!D9, "") | E8: =IF(C8<>"", Aufschlüsselung!E9, "") | F8: =IF(C8<>"", Aufschlüsselung!F9, "") | M8: =SUM(I8:L8) -> 0 | R8: =SUM(N8:Q8) -> 0 | W8: =SUM(S8:V8) -> 0 | AB8: =SUM(X8:AA8) -> 0 | AG8: =SUM(AC8:AF8) -> 0 | AL8: =SUM(AH8:AK8) -> 0 | AM8: =I8+N8+S8+X8+AC8+AH8 -> 0 | AN8: =J8+O8+T8+Y8+AD8+AI8 -> 0 | AO8: =K8+P8+U8+Z8+AE8+AJ8 -> 0 | AP8: =L8+Q8+V8+AA8+AF8+AK8 -> 0 | AQ8: =SUM(AM8:AP8) -> 0 | AS8: =IF(OR(AR8=0, AQ8=0),"-",AQ8/AR8*100-100) -> - | AU8: =IF(OR(AR8<=0,ISBLANK(AR8)),"",IF(AND(OR(AS8>=20,AS8<=-20)),IF(ISBLANK(AT8),B100,""),""))
A9: 3 | B9: =IF(C9<>"", Aufschlüsselung!B10, "") | C9: =IF(OR(ISNUMBER(SEARCH("INDOOR", Aufschlüsselung!C10)), ISNUMBER(SEARCH("OUTDOOR flex", Aufschlüsselung!C10)), ISNUMBER(SEARCH("OUTDOOR fix", Aufschlüsselung!C10))), Aufschlüsselung!C10, "") | D9: =IF(C9<>"", Aufschlüsselung!D10, "") | E9: =IF(C9<>"", Aufschlüsselung!E10, "") | F9: =IF(C9<>"", Aufschlüsselung!F10, "") | M9: =SUM(I9:L9) -> 0 | R9: =SUM(N9:Q9) -> 0 | W9: =SUM(S9:V9) -> 0 | AB9: =SUM(X9:AA9) -> 0 | AG9: =SUM(AC9:AF9) -> 0 | AL9: =SUM(AH9:AK9) -> 0 | AM9: =I9+N9+S9+X9+AC9+AH9 -> 0 | AN9: =J9+O9+T9+Y9+AD9+AI9 -> 0 | AO9: =K9+P9+U9+Z9+AE9+AJ9 -> 0 | AP9: =L9+Q9+V9+AA9+AF9+AK9 -> 0 | AQ9: =SUM(AM9:AP9) -> 0 | AS9: =IF(OR(AR9=0, AQ9=0),"-",AQ9/AR9*100-100) -> - | AU9: =IF(OR(AR9<=0,ISBLANK(AR9)),"",IF(AND(OR(AS9>=20,AS9<=-20)),IF(ISBLANK(AT9),B100,""),""))
A10: 4 | B10: =IF(C10<>"", Aufschlüsselung!B11, "") | C10: =IF(OR(ISNUMBER(SEARCH("INDOOR", Aufschlüsselung!C11)), ISNUMBER(SEARCH("OUTDOOR flex", Aufschlüsselung!C11)), ISNUMBER(SEARCH("OUTDOOR fix", Aufschlüsselung!C11))), Aufschlüsselung!C11, "") | D10: =IF(C10<>"", Aufschlüsselung!D11, "") | E10: =IF(C10<>"", Aufschlüsselung!E11, "") | F10: =IF(C10<>"", Aufschlüsselung!F11, "") | M10: =SUM(I10:L10) -> 0 | R10: =SUM(N10:Q10) -> 0 | W10: =SUM(S10:V10) -> 0 | AB10: =SUM(X10:AA10) -> 0 | AG10: =SUM(AC10:AF10) -> 0 | AL10: =SUM(AH10:AK10) -> 0 | AM10: =I10+N10+S10+X10+AC10+AH10 -> 0 | AN10: =J10+O10+T10+Y10+AD10+AI10 -> 0 | AO10: =K10+P10+U10+Z10+AE10+AJ10 -> 0 | AP10: =L10+Q10+V10+AA10+AF10+AK10 -> 0 | AQ10: =SUM(AM10:AP10) -> 0 | AS10: =IF(OR(AR10=0, AQ10=0),"-",AQ10/AR10*100-100) -> - | AU10: =IF(OR(AR10<=0,ISBLANK(AR10)),"",IF(AND(OR(AS10>=20,AS10<=-20)),IF(ISBLANK(AT10),B100,""),""))
A11: 5 | B11: =IF(C11<>"", Aufschlüsselung!B12, "") | C11: =IF(OR(ISNUMBER(SEARCH("INDOOR", Aufschlüsselung!C12)), ISNUMBER(SEARCH("OUTDOOR flex", Aufschlüsselung!C12)), ISNUMBER(SEARCH("OUTDOOR fix", Aufschlüsselung!C12))), Aufschlüsselung!C12, "") | D11: =IF(C11<>"", Aufschlüsselung!D12, "") | E11: =IF(C11<>"", Aufschlüsselung!E12, "") | F11: =IF(C11<>"", Aufschlüsselung!F12, "") | M11: =SUM(I11:L11) -> 0 | R11: =SUM(N11:Q11) -> 0 | W11: =SUM(S11:V11) -> 0 | AB11: =SUM(X11:AA11) -> 0 | AG11: =SUM(AC11:AF11) -> 0 | AL11: =SUM(AH11:AK11) -> 0 | AM11: =I11+N11+S11+X11+AC11+AH11 -> 0 | AN11: =J11+O11+T11+Y11+AD11+AI11 -> 0 | AO11: =K11+P11+U11+Z11+AE11+AJ11 -> 0 | AP11: =L11+Q11+V11+AA11+AF11+AK11 -> 0 | AQ11: =SUM(AM11:AP11) -> 0 | AS11: =IF(OR(AR11=0, AQ11=0),"-",AQ11/AR11*100-100) -> - | AU11: =IF(OR(AR11<=0,ISBLANK(AR11)),"",IF(AND(OR(AS11>=20,AS11<=-20)),IF(ISBLANK(AT11),B100,""),""))
A12: 6 | B12: =IF(C12<>"", Aufschlüsselung!B13, "") | C12: =IF(OR(ISNUMBER(SEARCH("INDOOR", Aufschlüsselung!C13)), ISNUMBER(SEARCH("OUTDOOR flex", Aufschlüsselung!C13)), ISNUMBER(SEARCH("OUTDOOR fix", Aufschlüsselung!C13))), Aufschlüsselung!C13, "") | D12: =IF(C12<>"", Aufschlüsselung!D13, "") | E12: =IF(C12<>"", Aufschlüsselung!E13, "") | F12: =IF(C12<>"", Aufschlüsselung!F13, "") | M12: =SUM(I12:L12) -> 0 | R12: =SUM(N12:Q12) -> 0 | W12: =SUM(S12:V12) -> 0 | AB12: =SUM(X12:AA12) -> 0 | AG12: =SUM(AC12:AF12) -> 0 | AL12: =SUM(AH12:AK12) -> 0 | AM12: =I12+N12+S12+X12+AC12+AH12 -> 0 | AN12: =J12+O12+T12+Y12+AD12+AI12 -> 0 | AO12: =K12+P12+U12+Z12+AE12+AJ12 -> 0 | AP12: =L12+Q12+V12+AA12+AF12+AK12 -> 0 | AQ12: =SUM(AM12:AP12) -> 0 | AS12: =IF(OR(AR12=0, AQ12=0),"-",AQ12/AR12*100-100) -> - | AU12: =IF(OR(AR12<=0,ISBLANK(AR12)),"",IF(AND(OR(AS12>=20,AS12<=-20)),IF(ISBLANK(AT12),B100,""),""))
A13: 7 | B13: =IF(C13<>"", Aufschlüsselung!B14, "") | C13: =IF(OR(ISNUMBER(SEARCH("INDOOR", Aufschlüsselung!C14)), ISNUMBER(SEARCH("OUTDOOR flex", Aufschlüsselung!C14)), ISNUMBER(SEARCH("OUTDOOR fix", Aufschlüsselung!C14))), Aufschlüsselung!C14, "") | D13: =IF(C13<>"", Aufschlüsselung!D14, "") | E13: =IF(C13<>"", Aufschlüsselung!E14, "") | F13: =IF(C13<>"", Aufschlüsselung!F14, "") | M13: =SUM(I13:L13) -> 0 | R13: =SUM(N13:Q13) -> 0 | W13: =SUM(S13:V13) -> 0 | AB13: =SUM(X13:AA13) -> 0 | AG13: =SUM(AC13:AF13) -> 0 | AL13: =SUM(AH13:AK13) -> 0 | AM13: =I13+N13+S13+X13+AC13+AH13 -> 0 | AN13: =J13+O13+T13+Y13+AD13+AI13 -> 0 | AO13: =K13+P13+U13+Z13+AE13+AJ13 -> 0 | AP13: 0 | AQ13: =SUM(AM13:AP13) -> 0 | AS13: =IF(OR(AR13=0, AQ13=0),"-",AQ13/AR13*100-100) -> - | AU13: =IF(OR(AR13<=0,ISBLANK(AR13)),"",IF(AND(OR(AS13>=20,AS13<=-20)),IF(ISBLANK(AT13),B100,""),""))
A14: 8 | B14: =IF(C14<>"", Aufschlüsselung!B15, "") | C14: =IF(OR(ISNUMBER(SEARCH("INDOOR", Aufschlüsselung!C15)), ISNUMBER(SEARCH("OUTDOOR flex", Aufschlüsselung!C15)), ISNUMBER(SEARCH("OUTDOOR fix", Aufschlüsselung!C15))), Aufschlüsselung!C15, "") | D14: =IF(C14<>"", Aufschlüsselung!D15, "") | E14: =IF(C14<>"", Aufschlüsselung!E15, "") | F14: =IF(C14<>"", Aufschlüsselung!F15, "") | M14: =SUM(I14:L14) -> 0 | R14: =SUM(N14:Q14) -> 0 | W14: =SUM(S14:V14) -> 0 | AB14: =SUM(X14:AA14) -> 0 | AG14: =SUM(AC14:AF14) -> 0 | AL14: =SUM(AH14:AK14) -> 0 | AM14: =I14+N14+S14+X14+AC14+AH14 -> 0 | AN14: =J14+O14+T14+Y14+AD14+AI14 -> 0 | AO14: =K14+P14+U14+Z14+AE14+AJ14 -> 0 | AP14: =L14+Q14+V14+AA14+AF14+AK14 -> 0 | AQ14: =SUM(AM14:AP14) -> 0 | AS14: =IF(OR(AR14=0, AQ14=0),"-",AQ14/AR14*100-100) -> - | AU14: =IF(OR(AR14<=0,ISBLANK(AR14)),"",IF(AND(OR(AS14>=20,AS14<=-20)),IF(ISBLANK(AT14),B100,""),""))
A15: 9 | B15: =IF(C15<>"", Aufschlüsselung!B16, "") | C15: =IF(OR(ISNUMBER(SEARCH("INDOOR", Aufschlüsselung!C16)), ISNUMBER(SEARCH("OUTDOOR flex", Aufschlüsselung!C16)), ISNUMBER(SEARCH("OUTDOOR fix", Aufschlüsselung!C16))), Aufschlüsselung!C16, "") | D15: =IF(C15<>"", Aufschlüsselung!D16, "") | E15: =IF(C15<>"", Aufschlüsselung!E16, "") | F15: =IF(C15<>"", Aufschlüsselung!F16, "") | M15: =SUM(I15:L15) -> 0 | R15: =SUM(N15:Q15) -> 0 | W15: =SUM(S15:V15) -> 0 | AB15: =SUM(X15:AA15) -> 0 | AG15: =SUM(AC15:AF15) -> 0 | AL15: =SUM(AH15:AK15) -> 0 | AM15: =I15+N15+S15+X15+AC15+AH15 -> 0 | AN15: =J15+O15+T15+Y15+AD15+AI15 -> 0 | AO15: =K15+P15+U15+Z15+AE15+AJ15 -> 0 | AP15: =L15+Q15+V15+AA15+AF15+AK15 -> 0 | AQ15: =SUM(AM15:AP15) -> 0 | AS15: =IF(OR(AR15=0, AQ15=0),"-",AQ15/AR15*100-100) -> - | AU15: =IF(OR(AR15<=0,ISBLANK(AR15)),"",IF(AND(OR(AS15>=20,AS15<=-20)),IF(ISBLANK(AT15),B100,""),""))
A16: 10 | B16: =IF(C16<>"", Aufschlüsselung!B17, "") | C16: =IF(OR(ISNUMBER(SEARCH("INDOOR", Aufschlüsselung!C17)), ISNUMBER(SEARCH("OUTDOOR flex", Aufschlüsselung!C17)), ISNUMBER(SEARCH("OUTDOOR fix", Aufschlüsselung!C17))), Aufschlüsselung!C17, "") | D16: =IF(C16<>"", Aufschlüsselung!D17, "") | E16: =IF(C16<>"", Aufschlüsselung!E17, "") | F16: =IF(C16<>"", Aufschlüsselung!F17, "") | M16: =SUM(I16:L16) -> 0 | R16: =SUM(N16:Q16) -> 0 | W16: =SUM(S16:V16) -> 0 | AB16: =SUM(X16:AA16) -> 0 | AG16: =SUM(AC16:AF16) -> 0 | AL16: =SUM(AH16:AK16) -> 0 | AM16: =I16+N16+S16+X16+AC16+AH16 -> 0 | AN16: =J16+O16+T16+Y16+AD16+AI16 -> 0 | AO16: =K16+P16+U16+Z16+AE16+AJ16 -> 0 | AP16: =L16+Q16+V16+AA16+AF16+AK16 -> 0 | AQ16: =SUM(AM16:AP16) -> 0 | AS16: =IF(OR(AR16=0, AQ16=0),"-",AQ16/AR16*100-100) -> - | AU16: =IF(OR(AR16<=0,ISBLANK(AR16)),"",IF(AND(OR(AS16>=20,AS16<=-20)),IF(ISBLANK(AT16),B100,""),""))
A17: 11 | B17: =IF(C17<>"", Aufschlüsselung!B18, "") | C17: =IF(OR(ISNUMBER(SEARCH("INDOOR", Aufschlüsselung!C18)), ISNUMBER(SEARCH("OUTDOOR flex", Aufschlüsselung!C18)), ISNUMBER(SEARCH("OUTDOOR fix", Aufschlüsselung!C18))), Aufschlüsselung!C18, "") | D17: =IF(C17<>"", Aufschlüsselung!D18, "") | E17: =IF(C17<>"", Aufschlüsselung!E18, "") | F17: =IF(C17<>"", Aufschlüsselung!F18, "") | M17: =SUM(I17:L17) -> 0 | R17: =SUM(N17:Q17) -> 0 | W17: =SUM(S17:V17) -> 0 | AB17: =SUM(X17:AA17) -> 0 | AG17: =SUM(AC17:AF17) -> 0 | AL17: =SUM(AH17:AK17) -> 0 | AM17: =I17+N17+S17+X17+AC17+AH17 -> 0 | AN17: =J17+O17+T17+Y17+AD17+AI17 -> 0 | AO17: =K17+P17+U17+Z17+AE17+AJ17 -> 0 | AP17: =L17+Q17+V17+AA17+AF17+AK17 -> 0 | AQ17: =SUM(AM17:AP17) -> 0 | AS17: =IF(OR(AR17=0, AQ17=0),"-",AQ17/AR17*100-100) -> - | AU17: =IF(OR(AR17<=0,ISBLANK(AR17)),"",IF(AND(OR(AS17>=20,AS17<=-20)),IF(ISBLANK(AT17),B100,""),""))
A18: 12 | B18: =IF(C18<>"", Aufschlüsselung!B19, "") | C18: =IF(OR(ISNUMBER(SEARCH("INDOOR", Aufschlüsselung!C19)), ISNUMBER(SEARCH("OUTDOOR flex", Aufschlüsselung!C19)), ISNUMBER(SEARCH("OUTDOOR fix", Aufschlüsselung!C19))), Aufschlüsselung!C19, "") | D18: =IF(C18<>"", Aufschlüsselung!D19, "") | E18: =IF(C18<>"", Aufschlüsselung!E19, "") | F18: =IF(C18<>"", Aufschlüsselung!F19, "") | M18: =SUM(I18:L18) -> 0 | R18: =SUM(N18:Q18) -> 0 | W18: =SUM(S18:V18) -> 0 | AB18: =SUM(X18:AA18) -> 0 | AG18: =SUM(AC18:AF18) -> 0 | AL18: =SUM(AH18:AK18) -> 0 | AM18: =I18+N18+S18+X18+AC18+AH18 -> 0 | AN18: =J18+O18+T18+Y18+AD18+AI18 -> 0 | AO18: =K18+P18+U18+Z18+AE18+AJ18 -> 0 | AP18: =L18+Q18+V18+AA18+AF18+AK18 -> 0 | AQ18: =SUM(AM18:AP18) -> 0 | AS18: =IF(OR(AR18=0, AQ18=0),"-",AQ18/AR18*100-100) -> - | AU18: =IF(OR(AR18<=0,ISBLANK(AR18)),"",IF(AND(OR(AS18>=20,AS18<=-20)),IF(ISBLANK(AT18),B100,""),""))
A19: 13 | B19: =IF(C19<>"", Aufschlüsselung!B20, "") | C19: =IF(OR(ISNUMBER(SEARCH("INDOOR", Aufschlüsselung!C20)), ISNUMBER(SEARCH("OUTDOOR flex", Aufschlüsselung!C20)), ISNUMBER(SEARCH("OUTDOOR fix", Aufschlüsselung!C20))), Aufschlüsselung!C20, "") | D19: =IF(C19<>"", Aufschlüsselung!D20, "") | E19: =IF(C19<>"", Aufschlüsselung!E20, "") | F19: =IF(C19<>"", Aufschlüsselung!F20, "") | M19: =SUM(I19:L19) -> 0 | R19: =SUM(N19:Q19) -> 0 | W19: =SUM(S19:V19) -> 0 | AB19: =SUM(X19:AA19) -> 0 | AG19: =SUM(AC19:AF19) -> 0 | AL19: =SUM(AH19:AK19) -> 0 | AM19: =I19+N19+S19+X19+AC19+AH19 -> 0 | AN19: =J19+O19+T19+Y19+AD19+AI19 -> 0 | AO19: =K19+P19+U19+Z19+AE19+AJ19 -> 0 | AP19: =L19+Q19+V19+AA19+AF19+AK19 -> 0 | AQ19: =SUM(AM19:AP19) -> 0 | AS19: =IF(OR(AR19=0, AQ19=0),"-",AQ19/AR19*100-100) -> - | AU19: =IF(OR(AR19<=0,ISBLANK(AR19)),"",IF(AND(OR(AS19>=20,AS19<=-20)),IF(ISBLANK(AT19),B100,""),""))
A20: 14 | B20: =IF(C20<>"", Aufschlüsselung!B21, "") | C20: =IF(OR(ISNUMBER(SEARCH("INDOOR", Aufschlüsselung!C21)), ISNUMBER(SEARCH("OUTDOOR flex", Aufschlüsselung!C21)), ISNUMBER(SEARCH("OUTDOOR fix", Aufschlüsselung!C21))), Aufschlüsselung!C21, "") | D20: =IF(C20<>"", Aufschlüsselung!D21, "") | E20: =IF(C20<>"", Aufschlüsselung!E21, "") | F20: =IF(C20<>"", Aufschlüsselung!F21, "") | M20: =SUM(I20:L20) -> 0 | R20: =SUM(N20:Q20) -> 0 | W20: =SUM(S20:V20) -> 0 | AB20: =SUM(X20:AA20) -> 0 | AG20: =SUM(AC20:AF20) -> 0 | AL20: =SUM(AH20:AK20) -> 0 | AM20: =I20+N20+S20+X20+AC20+AH20 -> 0 | AN20: =J20+O20+T20+Y20+AD20+AI20 -> 0 | AO20: =K20+P20+U20+Z20+AE20+AJ20 -> 0 | AP20: =L20+Q20+V20+AA20+AF20+AK20 -> 0 | AQ20: =SUM(AM20:AP20) -> 0 | AS20: =IF(OR(AR20=0, AQ20=0),"-",AQ20/AR20*100-100) -> - | AU20: =IF(OR(AR20<=0,ISBLANK(AR20)),"",IF(AND(OR(AS20>=20,AS20<=-20)),IF(ISBLANK(AT20),B100,""),""))
A21: 15 | B21: =IF(C21<>"", Aufschlüsselung!B22, "") | C21: =IF(OR(ISNUMBER(SEARCH("INDOOR", Aufschlüsselung!C22)), ISNUMBER(SEARCH("OUTDOOR flex", Aufschlüsselung!C22)), ISNUMBER(SEARCH("OUTDOOR fix", Aufschlüsselung!C22))), Aufschlüsselung!C22, "") | D21: =IF(C21<>"", Aufschlüsselung!D22, "") | E21: =IF(C21<>"", Aufschlüsselung!E22, "") | F21: =IF(C21<>"", Aufschlüsselung!F22, "") | M21: =SUM(I21:L21) -> 0 | R21: =SUM(N21:Q21) -> 0 | W21: =SUM(S21:V21) -> 0 | AB21: =SUM(X21:AA21) -> 0 | AG21: =SUM(AC21:AF21) -> 0 | AL21: =SUM(AH21:AK21) -> 0 | AM21: =I21+N21+S21+X21+AC21+AH21 -> 0 | AN21: =J21+O21+T21+Y21+AD21+AI21 -> 0 | AO21: =K21+P21+U21+Z21+AE21+AJ21 -> 0 | AP21: =L21+Q21+V21+AA21+AF21+AK21 -> 0 | AQ21: =SUM(AM21:AP21) -> 0 | AS21: =IF(OR(AR21=0, AQ21=0),"-",AQ21/AR21*100-100) -> - | AU21: =IF(OR(AR21<=0,ISBLANK(AR21)),"",IF(AND(OR(AS21>=20,AS21<=-20)),IF(ISBLANK(AT21),B100,""),""))
A22: 16 | B22: =IF(C22<>"", Aufschlüsselung!B23, "") | C22: =IF(OR(ISNUMBER(SEARCH("INDOOR", Aufschlüsselung!C23)), ISNUMBER(SEARCH("OUTDOOR flex", Aufschlüsselung!C23)), ISNUMBER(SEARCH("OUTDOOR fix", Aufschlüsselung!C23))), Aufschlüsselung!C23, "") | D22: =IF(C22<>"", Aufschlüsselung!D23, "") | E22: =IF(C22<>"", Aufschlüsselung!E23, "") | F22: =IF(C22<>"", Aufschlüsselung!F23, "") | M22: =SUM(I22:L22) -> 0 | R22: =SUM(N22:Q22) -> 0 | W22: =SUM(S22:V22) -> 0 | AB22: =SUM(X22:AA22) -> 0 | AG22: =SUM(AC22:AF22) -> 0 | AL22: =SUM(AH22:AK22) -> 0 | AM22: =I22+N22+S22+X22+AC22+AH22 -> 0 | AN22: =J22+O22+T22+Y22+AD22+AI22 -> 0 | AO22: =K22+P22+U22+Z22+AE22+AJ22 -> 0 | AP22: =L22+Q22+V22+AA22+AF22+AK22 -> 0 | AQ22: =SUM(AM22:AP22) -> 0 | AS22: =IF(OR(AR22=0, AQ22=0),"-",AQ22/AR22*100-100) -> - | AU22: =IF(OR(AR22<=0,ISBLANK(AR22)),"",IF(AND(OR(AS22>=20,AS22<=-20)),IF(ISBLANK(AT22),B100,""),""))
A23: 17 | B23: =IF(C23<>"", Aufschlüsselung!B24, "") | C23: =IF(OR(ISNUMBER(SEARCH("INDOOR", Aufschlüsselung!C24)), ISNUMBER(SEARCH("OUTDOOR flex", Aufschlüsselung!C24)), ISNUMBER(SEARCH("OUTDOOR fix", Aufschlüsselung!C24))), Aufschlüsselung!C24, "") | D23: =IF(C23<>"", Aufschlüsselung!D24, "") | E23: =IF(C23<>"", Aufschlüsselung!E24, "") | F23: =IF(C23<>"", Aufschlüsselung!F24, "") | M23: =SUM(I23:L23) -> 0 | R23: =SUM(N23:Q23) -> 0 | W23: =SUM(S23:V23) -> 0 | AB23: =SUM(X23:AA23) -> 0 | AG23: =SUM(AC23:AF23) -> 0 | AL23: =SUM(AH23:AK23) -> 0 | AM23: =I23+N23+S23+X23+AC23+AH23 -> 0 | AN23: =J23+O23+T23+Y23+AD23+AI23 -> 0 | AO23: =K23+P23+U23+Z23+AE23+AJ23 -> 0 | AP23: =L23+Q23+V23+AA23+AF23+AK23 -> 0 | AQ23: =SUM(AM23:AP23) -> 0 | AS23: =IF(OR(AR23=0, AQ23=0),"-",AQ23/AR23*100-100) -> - | AU23: =IF(OR(AR23<=0,ISBLANK(AR23)),"",IF(AND(OR(AS23>=20,AS23<=-20)),IF(ISBLANK(AT23),B100,""),""))
A24: 18 | B24: =IF(C24<>"", Aufschlüsselung!B25, "") | C24: =IF(OR(ISNUMBER(SEARCH("INDOOR", Aufschlüsselung!C25)), ISNUMBER(SEARCH("OUTDOOR flex", Aufschlüsselung!C25)), ISNUMBER(SEARCH("OUTDOOR fix", Aufschlüsselung!C25))), Aufschlüsselung!C25, "") | D24: =IF(C24<>"", Aufschlüsselung!D25, "") | E24: =IF(C24<>"", Aufschlüsselung!E25, "") | F24: =IF(C24<>"", Aufschlüsselung!F25, "") | M24: =SUM(I24:L24) -> 0 | R24: =SUM(N24:Q24) -> 0 | W24: =SUM(S24:V24) -> 0 | AB24: =SUM(X24:AA24) -> 0 | AG24: =SUM(AC24:AF24) -> 0 | AL24: =SUM(AH24:AK24) -> 0 | AM24: =I24+N24+S24+X24+AC24+AH24 -> 0 | AN24: =J24+O24+T24+Y24+AD24+AI24 -> 0 | AO24: =K24+P24+U24+Z24+AE24+AJ24 -> 0 | AP24: =L24+Q24+V24+AA24+AF24+AK24 -> 0 | AQ24: =SUM(AM24:AP24) -> 0 | AS24: =IF(OR(AR24=0, AQ24=0),"-",AQ24/AR24*100-100) -> - | AU24: =IF(OR(AR24<=0,ISBLANK(AR24)),"",IF(AND(OR(AS24>=20,AS24<=-20)),IF(ISBLANK(AT24),B100,""),""))
A25: 19 | B25: =IF(C25<>"", Aufschlüsselung!B26, "") | C25: =IF(OR(ISNUMBER(SEARCH("INDOOR", Aufschlüsselung!C26)), ISNUMBER(SEARCH("OUTDOOR flex", Aufschlüsselung!C26)), ISNUMBER(SEARCH("OUTDOOR fix", Aufschlüsselung!C26))), Aufschlüsselung!C26, "") | D25: =IF(C25<>"", Aufschlüsselung!D26, "") | E25: =IF(C25<>"", Aufschlüsselung!E26, "") | F25: =IF(C25<>"", Aufschlüsselung!F26, "") | M25: =SUM(I25:L25) -> 0 | R25: =SUM(N25:Q25) -> 0 | W25: =SUM(S25:V25) -> 0 | AB25: =SUM(X25:AA25) -> 0 | AG25: =SUM(AC25:AF25) -> 0 | AL25: =SUM(AH25:AK25) -> 0 | AM25: =I25+N25+S25+X25+AC25+AH25 -> 0 | AN25: =J25+O25+T25+Y25+AD25+AI25 -> 0 | AO25: =K25+P25+U25+Z25+AE25+AJ25 -> 0 | AP25: =L25+Q25+V25+AA25+AF25+AK25 -> 0 | AQ25: =SUM(AM25:AP25) -> 0 | AS25: =IF(OR(AR25=0, AQ25=0),"-",AQ25/AR25*100-100) -> - | AU25: =IF(OR(AR25<=0,ISBLANK(AR25)),"",IF(AND(OR(AS25>=20,AS25<=-20)),IF(ISBLANK(AT25),B100,""),""))
A26: 20 | B26: =IF(C26<>"", Aufschlüsselung!B27, "") | C26: =IF(OR(ISNUMBER(SEARCH("INDOOR", Aufschlüsselung!C27)), ISNUMBER(SEARCH("OUTDOOR flex", Aufschlüsselung!C27)), ISNUMBER(SEARCH("OUTDOOR fix", Aufschlüsselung!C27))), Aufschlüsselung!C27, "") | D26: =IF(C26<>"", Aufschlüsselung!D27, "") | E26: =IF(C26<>"", Aufschlüsselung!E27, "") | F26: =IF(C26<>"", Aufschlüsselung!F27, "") | M26: =SUM(I26:L26) -> 0 | R26: =SUM(N26:Q26) -> 0 | W26: =SUM(S26:V26) -> 0 | AB26: =SUM(X26:AA26) -> 0 | AG26: =SUM(AC26:AF26) -> 0 | AL26: =SUM(AH26:AK26) -> 0 | AM26: =I26+N26+S26+X26+AC26+AH26 -> 0 | AN26: =J26+O26+T26+Y26+AD26+AI26 -> 0 | AO26: =K26+P26+U26+Z26+AE26+AJ26 -> 0 | AP26: =L26+Q26+V26+AA26+AF26+AK26 -> 0 | AQ26: =SUM(AM26:AP26) -> 0 | AS26: =IF(OR(AR26=0, AQ26=0),"-",AQ26/AR26*100-100) -> - | AU26: =IF(OR(AR26<=0,ISBLANK(AR26)),"",IF(AND(OR(AS26>=20,AS26<=-20)),IF(ISBLANK(AT26),B100,""),""))
A27: 21 | B27: =IF(C27<>"", Aufschlüsselung!B28, "") | C27: =IF(OR(ISNUMBER(SEARCH("INDOOR", Aufschlüsselung!C28)), ISNUMBER(SEARCH("OUTDOOR flex", Aufschlüsselung!C28)), ISNUMBER(SEARCH("OUTDOOR fix", Aufschlüsselung!C28))), Aufschlüsselung!C28, "") | D27: =IF(C27<>"", Aufschlüsselung!D28, "") | E27: =IF(C27<>"", Aufschlüsselung!E28, "") | F27: =IF(C27<>"", Aufschlüsselung!F28, "") | M27: =SUM(I27:L27) -> 0 | R27: =SUM(N27:Q27) -> 0 | W27: =SUM(S27:V27) -> 0 | AB27: =SUM(X27:AA27) -> 0 | AG27: =SUM(AC27:AF27) -> 0 | AL27: =SUM(AH27:AK27) -> 0 | AM27: =I27+N27+S27+X27+AC27+AH27 -> 0 | AN27: =J27+O27+T27+Y27+AD27+AI27 -> 0 | AO27: =K27+P27+U27+Z27+AE27+AJ27 -> 0 | AP27: =L27+Q27+V27+AA27+AF27+AK27 -> 0 | AQ27: =SUM(AM27:AP27) -> 0 | AS27: =IF(OR(AR27=0, AQ27=0),"-",AQ27/AR27*100-100) -> - | AU27: =IF(OR(AR27<=0,ISBLANK(AR27)),"",IF(AND(OR(AS27>=20,AS27<=-20)),IF(ISBLANK(AT27),B100,""),""))
A28: 22 | B28: =IF(C28<>"", Aufschlüsselung!B29, "") | C28: =IF(OR(ISNUMBER(SEARCH("INDOOR", Aufschlüsselung!C29)), ISNUMBER(SEARCH("OUTDOOR flex", Aufschlüsselung!C29)), ISNUMBER(SEARCH("OUTDOOR fix", Aufschlüsselung!C29))), Aufschlüsselung!C29, "") | D28: =IF(C28<>"", Aufschlüsselung!D29, "") | E28: =IF(C28<>"", Aufschlüsselung!E29, "") | F28: =IF(C28<>"", Aufschlüsselung!F29, "") | M28: =SUM(I28:L28) -> 0 | R28: =SUM(N28:Q28) -> 0 | W28: =SUM(S28:V28) -> 0 | AB28: =SUM(X28:AA28) -> 0 | AG28: =SUM(AC28:AF28) -> 0 | AL28: =SUM(AH28:AK28) -> 0 | AM28: =I28+N28+S28+X28+AC28+AH28 -> 0 | AN28: =J28+O28+T28+Y28+AD28+AI28 -> 0 | AO28: =K28+P28+U28+Z28+AE28+AJ28 -> 0 | AP28: =L28+Q28+V28+AA28+AF28+AK28 -> 0 | AQ28: =SUM(AM28:AP28) -> 0 | AS28: =IF(OR(AR28=0, AQ28=0),"-",AQ28/AR28*100-100) -> - | AU28: =IF(OR(AR28<=0,ISBLANK(AR28)),"",IF(AND(OR(AS28>=20,AS28<=-20)),IF(ISBLANK(AT28),B100,""),""))
A29: 23 | B29: =IF(C29<>"", Aufschlüsselung!B30, "") | C29: =IF(OR(ISNUMBER(SEARCH("INDOOR", Aufschlüsselung!C30)), ISNUMBER(SEARCH("OUTDOOR flex", Aufschlüsselung!C30)), ISNUMBER(SEARCH("OUTDOOR fix", Aufschlüsselung!C30))), Aufschlüsselung!C30, "") | D29: =IF(C29<>"", Aufschlüsselung!D30, "") | E29: =IF(C29<>"", Aufschlüsselung!E30, "") | F29: =IF(C29<>"", Aufschlüsselung!F30, "") | M29: =SUM(I29:L29) -> 0 | R29: =SUM(N29:Q29) -> 0 | W29: =SUM(S29:V29) -> 0 | AB29: =SUM(X29:AA29) -> 0 | AG29: =SUM(AC29:AF29) -> 0 | AL29: =SUM(AH29:AK29) -> 0 | AM29: =I29+N29+S29+X29+AC29+AH29 -> 0 | AN29: =J29+O29+T29+Y29+AD29+AI29 -> 0 | AO29: =K29+P29+U29+Z29+AE29+AJ29 -> 0 | AP29: =L29+Q29+V29+AA29+AF29+AK29 -> 0 | AQ29: =SUM(AM29:AP29) -> 0 | AS29: =IF(OR(AR29=0, AQ29=0),"-",AQ29/AR29*100-100) -> - | AU29: =IF(OR(AR29<=0,ISBLANK(AR29)),"",IF(AND(OR(AS29>=20,AS29<=-20)),IF(ISBLANK(AT29),B100,""),""))
A30: 24 | B30: =IF(C30<>"", Aufschlüsselung!B31, "") | C30: =IF(OR(ISNUMBER(SEARCH("INDOOR", Aufschlüsselung!C31)), ISNUMBER(SEARCH("OUTDOOR flex", Aufschlüsselung!C31)), ISNUMBER(SEARCH("OUTDOOR fix", Aufschlüsselung!C31))), Aufschlüsselung!C31, "") | D30: =IF(C30<>"", Aufschlüsselung!D31, "") | E30: =IF(C30<>"", Aufschlüsselung!E31, "") | F30: =IF(C30<>"", Aufschlüsselung!F31, "") | M30: =SUM(I30:L30) -> 0 | R30: =SUM(N30:Q30) -> 0 | W30: =SUM(S30:V30) -> 0 | AB30: =SUM(X30:AA30) -> 0 | AG30: =SUM(AC30:AF30) -> 0 | AL30: =SUM(AH30:AK30) -> 0 | AM30: =I30+N30+S30+X30+AC30+AH30 -> 0 | AN30: =J30+O30+T30+Y30+AD30+AI30 -> 0 | AO30: =K30+P30+U30+Z30+AE30+AJ30 -> 0 | AP30: =L30+Q30+V30+AA30+AF30+AK30 -> 0 | AQ30: =SUM(AM30:AP30) -> 0 | AS30: =IF(OR(AR30=0, AQ30=0),"-",AQ30/AR30*100-100) -> - | AU30: =IF(OR(AR30<=0,ISBLANK(AR30)),"",IF(AND(OR(AS30>=20,AS30<=-20)),IF(ISBLANK(AT30),B100,""),""))
A31: 25 | B31: =IF(C31<>"", Aufschlüsselung!B32, "") | C31: =IF(OR(ISNUMBER(SEARCH("INDOOR", Aufschlüsselung!C32)), ISNUMBER(SEARCH("OUTDOOR flex", Aufschlüsselung!C32)), ISNUMBER(SEARCH("OUTDOOR fix", Aufschlüsselung!C32))), Aufschlüsselung!C32, "") | D31: =IF(C31<>"", Aufschlüsselung!D32, "") | E31: =IF(C31<>"", Aufschlüsselung!E32, "") | F31: =IF(C31<>"", Aufschlüsselung!F32, "") | M31: =SUM(I31:L31) -> 0 | R31: =SUM(N31:Q31) -> 0 | W31: =SUM(S31:V31) -> 0 | AB31: =SUM(X31:AA31) -> 0 | AG31: =SUM(AC31:AF31) -> 0 | AL31: =SUM(AH31:AK31) -> 0 | AM31: =I31+N31+S31+X31+AC31+AH31 -> 0 | AN31: =J31+O31+T31+Y31+AD31+AI31 -> 0 | AO31: =K31+P31+U31+Z31+AE31+AJ31 -> 0 | AP31: =L31+Q31+V31+AA31+AF31+AK31 -> 0 | AQ31: =SUM(AM31:AP31) -> 0 | AS31: =IF(OR(AR31=0, AQ31=0),"-",AQ31/AR31*100-100) -> - | AU31: =IF(OR(AR31<=0,ISBLANK(AR31)),"",IF(AND(OR(AS31>=20,AS31<=-20)),IF(ISBLANK(AT31),B100,""),""))
A32: 26 | B32: =IF(C32<>"", Aufschlüsselung!B33, "") | C32: =IF(OR(ISNUMBER(SEARCH("INDOOR", Aufschlüsselung!C33)), ISNUMBER(SEARCH("OUTDOOR flex", Aufschlüsselung!C33)), ISNUMBER(SEARCH("OUTDOOR fix", Aufschlüsselung!C33))), Aufschlüsselung!C33, "") | D32: =IF(C32<>"", Aufschlüsselung!D33, "") | E32: =IF(C32<>"", Aufschlüsselung!E33, "") | F32: =IF(C32<>"", Aufschlüsselung!F33, "") | M32: =SUM(I32:L32) -> 0 | R32: =SUM(N32:Q32) -> 0 | W32: =SUM(S32:V32) -> 0 | AB32: =SUM(X32:AA32) -> 0 | AG32: =SUM(AC32:AF32) -> 0 | AL32: =SUM(AH32:AK32) -> 0 | AM32: =I32+N32+S32+X32+AC32+AH32 -> 0 | AN32: =J32+O32+T32+Y32+AD32+AI32 -> 0 | AO32: =K32+P32+U32+Z32+AE32+AJ32 -> 0 | AP32: =L32+Q32+V32+AA32+AF32+AK32 -> 0 | AQ32: =SUM(AM32:AP32) -> 0 | AS32: =IF(OR(AR32=0, AQ32=0),"-",AQ32/AR32*100-100) -> - | AU32: =IF(OR(AR32<=0,ISBLANK(AR32)),"",IF(AND(OR(AS32>=20,AS32<=-20)),IF(ISBLANK(AT32),B100,""),""))
A33: 27 | B33: =IF(C33<>"", Aufschlüsselung!B34, "") | C33: =IF(OR(ISNUMBER(SEARCH("INDOOR", Aufschlüsselung!C34)), ISNUMBER(SEARCH("OUTDOOR flex", Aufschlüsselung!C34)), ISNUMBER(SEARCH("OUTDOOR fix", Aufschlüsselung!C34))), Aufschlüsselung!C34, "") | D33: =IF(C33<>"", Aufschlüsselung!D34, "") | E33: =IF(C33<>"", Aufschlüsselung!E34, "") | F33: =IF(C33<>"", Aufschlüsselung!F34, "") | M33: =SUM(I33:L33) -> 0 | R33: =SUM(N33:Q33) -> 0 | W33: =SUM(S33:V33) -> 0 | AB33: =SUM(X33:AA33) -> 0 | AG33: =SUM(AC33:AF33) -> 0 | AL33: =SUM(AH33:AK33) -> 0 | AM33: =I33+N33+S33+X33+AC33+AH33 -> 0 | AN33: =J33+O33+T33+Y33+AD33+AI33 -> 0 | AO33: =K33+P33+U33+Z33+AE33+AJ33 -> 0 | AP33: =L33+Q33+V33+AA33+AF33+AK33 -> 0 | AQ33: =SUM(AM33:AP33) -> 0 | AS33: =IF(OR(AR33=0, AQ33=0),"-",AQ33/AR33*100-100) -> - | AU33: =IF(OR(AR33<=0,ISBLANK(AR33)),"",IF(AND(OR(AS33>=20,AS33<=-20)),IF(ISBLANK(AT33),B100,""),""))
A34: 28 | B34: =IF(C34<>"", Aufschlüsselung!B35, "") | C34: =IF(OR(ISNUMBER(SEARCH("INDOOR", Aufschlüsselung!C35)), ISNUMBER(SEARCH("OUTDOOR flex", Aufschlüsselung!C35)), ISNUMBER(SEARCH("OUTDOOR fix", Aufschlüsselung!C35))), Aufschlüsselung!C35, "") | D34: =IF(C34<>"", Aufschlüsselung!D35, "") | E34: =IF(C34<>"", Aufschlüsselung!E35, "") | F34: =IF(C34<>"", Aufschlüsselung!F35, "") | M34: =SUM(I34:L34) -> 0 | R34: =SUM(N34:Q34) -> 0 | W34: =SUM(S34:V34) -> 0 | AB34: =SUM(X34:AA34) -> 0 | AG34: =SUM(AC34:AF34) -> 0 | AL34: =SUM(AH34:AK34) -> 0 | AM34: =I34+N34+S34+X34+AC34+AH34 -> 0 | AN34: =J34+O34+T34+Y34+AD34+AI34 -> 0 | AO34: =K34+P34+U34+Z34+AE34+AJ34 -> 0 | AP34: =L34+Q34+V34+AA34+AF34+AK34 -> 0 | AQ34: =SUM(AM34:AP34) -> 0 | AS34: =IF(OR(AR34=0, AQ34=0),"-",AQ34/AR34*100-100) -> - | AU34: =IF(OR(AR34<=0,ISBLANK(AR34)),"",IF(AND(OR(AS34>=20,AS34<=-20)),IF(ISBLANK(AT34),B100,""),""))
A35: 29 | B35: =IF(C35<>"", Aufschlüsselung!B36, "") | C35: =IF(OR(ISNUMBER(SEARCH("INDOOR", Aufschlüsselung!C36)), ISNUMBER(SEARCH("OUTDOOR flex", Aufschlüsselung!C36)), ISNUMBER(SEARCH("OUTDOOR fix", Aufschlüsselung!C36))), Aufschlüsselung!C36, "") | D35: =IF(C35<>"", Aufschlüsselung!D36, "") | E35: =IF(C35<>"", Aufschlüsselung!E36, "") | F35: =IF(C35<>"", Aufschlüsselung!F36, "") | M35: =SUM(I35:L35) -> 0 | R35: =SUM(N35:Q35) -> 0 | W35: =SUM(S35:V35) -> 0 | AB35: =SUM(X35:AA35) -> 0 | AG35: =SUM(AC35:AF35) -> 0 | AL35: =SUM(AH35:AK35) -> 0 | AM35: =I35+N35+S35+X35+AC35+AH35 -> 0 | AN35: =J35+O35+T35+Y35+AD35+AI35 -> 0 | AO35: =K35+P35+U35+Z35+AE35+AJ35 -> 0 | AP35: =L35+Q35+V35+AA35+AF35+AK35 -> 0 | AQ35: =SUM(AM35:AP35) -> 0 | AS35: =IF(OR(AR35=0, AQ35=0),"-",AQ35/AR35*100-100) -> - | AU35: =IF(OR(AR35<=0,ISBLANK(AR35)),"",IF(AND(OR(AS35>=20,AS35<=-20)),IF(ISBLANK(AT35),B100,""),""))
A36: 30 | B36: =IF(C36<>"", Aufschlüsselung!B37, "") | C36: =IF(OR(ISNUMBER(SEARCH("INDOOR", Aufschlüsselung!C37)), ISNUMBER(SEARCH("OUTDOOR flex", Aufschlüsselung!C37)), ISNUMBER(SEARCH("OUTDOOR fix", Aufschlüsselung!C37))), Aufschlüsselung!C37, "") | D36: =IF(C36<>"", Aufschlüsselung!D37, "") | E36: =IF(C36<>"", Aufschlüsselung!E37, "") | F36: =IF(C36<>"", Aufschlüsselung!F37, "") | M36: =SUM(I36:L36) -> 0 | R36: =SUM(N36:Q36) -> 0 | W36: =SUM(S36:V36) -> 0 | AB36: =SUM(X36:AA36) -> 0 | AG36: =SUM(AC36:AF36) -> 0 | AL36: =SUM(AH36:AK36) -> 0 | AM36: =I36+N36+S36+X36+AC36+AH36 -> 0 | AN36: =J36+O36+T36+Y36+AD36+AI36 -> 0 | AO36: =K36+P36+U36+Z36+AE36+AJ36 -> 0 | AP36: =L36+Q36+V36+AA36+AF36+AK36 -> 0 | AQ36: =SUM(AM36:AP36) -> 0 | AS36: =IF(OR(AR36=0, AQ36=0),"-",AQ36/AR36*100-100) -> - | AU36: =IF(OR(AR36<=0,ISBLANK(AR36)),"",IF(AND(OR(AS36>=20,AS36<=-20)),IF(ISBLANK(AT36),B100,""),""))
A37: 31 | B37: =IF(C37<>"", Aufschlüsselung!B38, "") | C37: =IF(OR(ISNUMBER(SEARCH("INDOOR", Aufschlüsselung!C38)), ISNUMBER(SEARCH("OUTDOOR flex", Aufschlüsselung!C38)), ISNUMBER(SEARCH("OUTDOOR fix", Aufschlüsselung!C38))), Aufschlüsselung!C38, "") | D37: =IF(C37<>"", Aufschlüsselung!D38, "") | E37: =IF(C37<>"", Aufschlüsselung!E38, "") | F37: =IF(C37<>"", Aufschlüsselung!F38, "") | M37: =SUM(I37:L37) -> 0 | R37: =SUM(N37:Q37) -> 0 | W37: =SUM(S37:V37) -> 0 | AB37: =SUM(X37:AA37) -> 0 | AG37: =SUM(AC37:AF37) -> 0 | AL37: =SUM(AH37:AK37) -> 0 | AM37: =I37+N37+S37+X37+AC37+AH37 -> 0 | AN37: =J37+O37+T37+Y37+AD37+AI37 -> 0 | AO37: =K37+P37+U37+Z37+AE37+AJ37 -> 0 | AP37: =L37+Q37+V37+AA37+AF37+AK37 -> 0 | AQ37: =SUM(AM37:AP37) -> 0 | AS37: =IF(OR(AR37=0, AQ37=0),"-",AQ37/AR37*100-100) -> - | AU37: =IF(OR(AR37<=0,ISBLANK(AR37)),"",IF(AND(OR(AS37>=20,AS37<=-20)),IF(ISBLANK(AT37),B100,""),""))
A38: 32 | B38: =IF(C38<>"", Aufschlüsselung!B39, "") | C38: =IF(OR(ISNUMBER(SEARCH("INDOOR", Aufschlüsselung!C39)), ISNUMBER(SEARCH("OUTDOOR flex", Aufschlüsselung!C39)), ISNUMBER(SEARCH("OUTDOOR fix", Aufschlüsselung!C39))), Aufschlüsselung!C39, "") | D38: =IF(C38<>"", Aufschlüsselung!D39, "") | E38: =IF(C38<>"", Aufschlüsselung!E39, "") | F38: =IF(C38<>"", Aufschlüsselung!F39, "") | M38: =SUM(I38:L38) -> 0 | R38: =SUM(N38:Q38) -> 0 | W38: =SUM(S38:V38) -> 0 | AB38: =SUM(X38:AA38) -> 0 | AG38: =SUM(AC38:AF38) -> 0 | AL38: =SUM(AH38:AK38) -> 0 | AM38: =I38+N38+S38+X38+AC38+AH38 -> 0 | AN38: =J38+O38+T38+Y38+AD38+AI38 -> 0 | AO38: =K38+P38+U38+Z38+AE38+AJ38 -> 0 | AP38: =L38+Q38+V38+AA38+AF38+AK38 -> 0 | AQ38: =SUM(AM38:AP38) -> 0 | AS38: =IF(OR(AR38=0, AQ38=0),"-",AQ38/AR38*100-100) -> - | AU38: =IF(OR(AR38<=0,ISBLANK(AR38)),"",IF(AND(OR(AS38>=20,AS38<=-20)),IF(ISBLANK(AT38),B100,""),""))
A39: 33 | B39: =IF(C39<>"", Aufschlüsselung!B40, "") | C39: =IF(OR(ISNUMBER(SEARCH("INDOOR", Aufschlüsselung!C40)), ISNUMBER(SEARCH("OUTDOOR flex", Aufschlüsselung!C40)), ISNUMBER(SEARCH("OUTDOOR fix", Aufschlüsselung!C40))), Aufschlüsselung!C40, "") | D39: =IF(C39<>"", Aufschlüsselung!D40, "") | E39: =IF(C39<>"", Aufschlüsselung!E40, "") | F39: =IF(C39<>"", Aufschlüsselung!F40, "") | M39: =SUM(I39:L39) -> 0 | R39: =SUM(N39:Q39) -> 0 | W39: =SUM(S39:V39) -> 0 | AB39: =SUM(X39:AA39) -> 0 | AG39: =SUM(AC39:AF39) -> 0 | AL39: =SUM(AH39:AK39) -> 0 | AM39: =I39+N39+S39+X39+AC39+AH39 -> 0 | AN39: =J39+O39+T39+Y39+AD39+AI39 -> 0 | AO39: =K39+P39+U39+Z39+AE39+AJ39 -> 0 | AP39: =L39+Q39+V39+AA39+AF39+AK39 -> 0 | AQ39: =SUM(AM39:AP39) -> 0 | AS39: =IF(OR(AR39=0, AQ39=0),"-",AQ39/AR39*100-100) -> - | AU39: =IF(OR(AR39<=0,ISBLANK(AR39)),"",IF(AND(OR(AS39>=20,AS39<=-20)),IF(ISBLANK(AT39),B100,""),""))
A40: 34 | B40: =IF(C40<>"", Aufschlüsselung!B41, "") | C40: =IF(OR(ISNUMBER(SEARCH("INDOOR", Aufschlüsselung!C41)), ISNUMBER(SEARCH("OUTDOOR flex", Aufschlüsselung!C41)), ISNUMBER(SEARCH("OUTDOOR fix", Aufschlüsselung!C41))), Aufschlüsselung!C41, "") | D40: =IF(C40<>"", Aufschlüsselung!D41, "") | E40: =IF(C40<>"", Aufschlüsselung!E41, "") | F40: =IF(C40<>"", Aufschlüsselung!F41, "") | M40: =SUM(I40:L40) -> 0 | R40: =SUM(N40:Q40) -> 0 | W40: =SUM(S40:V40) -> 0 | AB40: =SUM(X40:AA40) -> 0 | AG40: =SUM(AC40:AF40) -> 0 | AL40: =SUM(AH40:AK40) -> 0 | AM40: =I40+N40+S40+X40+AC40+AH40 -> 0 | AN40: =J40+O40+T40+Y40+AD40+AI40 -> 0 | AO40: =K40+P40+U40+Z40+AE40+AJ40 -> 0 | AP40: =L40+Q40+V40+AA40+AF40+AK40 -> 0 | AQ40: =SUM(AM40:AP40) -> 0 | AS40: =IF(OR(AR40=0, AQ40=0),"-",AQ40/AR40*100-100) -> - | AU40: =IF(OR(AR40<=0,ISBLANK(AR40)),"",IF(AND(OR(AS40>=20,AS40<=-20)),IF(ISBLANK(AT40),B100,""),""))
A41: 35 | B41: =IF(C41<>"", Aufschlüsselung!B42, "") | C41: =IF(OR(ISNUMBER(SEARCH("INDOOR", Aufschlüsselung!C42)), ISNUMBER(SEARCH("OUTDOOR flex", Aufschlüsselung!C42)), ISNUMBER(SEARCH("OUTDOOR fix", Aufschlüsselung!C42))), Aufschlüsselung!C42, "") | D41: =IF(C41<>"", Aufschlüsselung!D42, "") | E41: =IF(C41<>"", Aufschlüsselung!E42, "") | F41: =IF(C41<>"", Aufschlüsselung!F42, "") | M41: =SUM(I41:L41) -> 0 | R41: =SUM(N41:Q41) -> 0 | W41: =SUM(S41:V41) -> 0 | AB41: =SUM(X41:AA41) -> 0 | AG41: =SUM(AC41:AF41) -> 0 | AL41: =SUM(AH41:AK41) -> 0 | AM41: =I41+N41+S41+X41+AC41+AH41 -> 0 | AN41: =J41+O41+T41+Y41+AD41+AI41 -> 0 | AO41: =K41+P41+U41+Z41+AE41+AJ41 -> 0 | AP41: =L41+Q41+V41+AA41+AF41+AK41 -> 0 | AQ41: =SUM(AM41:AP41) -> 0 | AS41: =IF(OR(AR41=0, AQ41=0),"-",AQ41/AR41*100-100) -> - | AU41: =IF(OR(AR41<=0,ISBLANK(AR41)),"",IF(AND(OR(AS41>=20,AS41<=-20)),IF(ISBLANK(AT41),B100,""),""))
A42: 36 | B42: =IF(C42<>"", Aufschlüsselung!B43, "") | C42: =IF(OR(ISNUMBER(SEARCH("INDOOR", Aufschlüsselung!C43)), ISNUMBER(SEARCH("OUTDOOR flex", Aufschlüsselung!C43)), ISNUMBER(SEARCH("OUTDOOR fix", Aufschlüsselung!C43))), Aufschlüsselung!C43, "") | D42: =IF(C42<>"", Aufschlüsselung!D43, "") | E42: =IF(C42<>"", Aufschlüsselung!E43, "") | F42: =IF(C42<>"", Aufschlüsselung!F43, "") | M42: =SUM(I42:L42) -> 0 | R42: =SUM(N42:Q42) -> 0 | W42: =SUM(S42:V42) -> 0 | AB42: =SUM(X42:AA42) -> 0 | AG42: =SUM(AC42:AF42) -> 0 | AL42: =SUM(AH42:AK42) -> 0 | AM42: =I42+N42+S42+X42+AC42+AH42 -> 0 | AN42: =J42+O42+T42+Y42+AD42+AI42 -> 0 | AO42: =K42+P42+U42+Z42+AE42+AJ42 -> 0 | AP42: =L42+Q42+V42+AA42+AF42+AK42 -> 0 | AQ42: =SUM(AM42:AP42) -> 0 | AS42: =IF(OR(AR42=0, AQ42=0),"-",AQ42/AR42*100-100) -> - | AU42: =IF(OR(AR42<=0,ISBLANK(AR42)),"",IF(AND(OR(AS42>=20,AS42<=-20)),IF(ISBLANK(AT42),B100,""),""))
A43: 37 | B43: =IF(C43<>"", Aufschlüsselung!B44, "") | C43: =IF(OR(ISNUMBER(SEARCH("INDOOR", Aufschlüsselung!C44)), ISNUMBER(SEARCH("OUTDOOR flex", Aufschlüsselung!C44)), ISNUMBER(SEARCH("OUTDOOR fix", Aufschlüsselung!C44))), Aufschlüsselung!C44, "") | D43: =IF(C43<>"", Aufschlüsselung!D44, "") | E43: =IF(C43<>"", Aufschlüsselung!E44, "") | F43: =IF(C43<>"", Aufschlüsselung!F44, "") | M43: =SUM(I43:L43) -> 0 | R43: =SUM(N43:Q43) -> 0 | W43: =SUM(S43:V43) -> 0 | AB43: =SUM(X43:AA43) -> 0 | AG43: =SUM(AC43:AF43) -> 0 | AL43: =SUM(AH43:AK43) -> 0 | AM43: =I43+N43+S43+X43+AC43+AH43 -> 0 | AN43: =J43+O43+T43+Y43+AD43+AI43 -> 0 | AO43: =K43+P43+U43+Z43+AE43+AJ43 -> 0 | AP43: =L43+Q43+V43+AA43+AF43+AK43 -> 0 | AQ43: =SUM(AM43:AP43) -> 0 | AS43: =IF(OR(AR43=0, AQ43=0),"-",AQ43/AR43*100-100) -> - | AU43: =IF(OR(AR43<=0,ISBLANK(AR43)),"",IF(AND(OR(AS43>=20,AS43<=-20)),IF(ISBLANK(AT43),B100,""),""))
A44: 38 | B44: =IF(C44<>"", Aufschlüsselung!B45, "") | C44: =IF(OR(ISNUMBER(SEARCH("INDOOR", Aufschlüsselung!C45)), ISNUMBER(SEARCH("OUTDOOR flex", Aufschlüsselung!C45)), ISNUMBER(SEARCH("OUTDOOR fix", Aufschlüsselung!C45))), Aufschlüsselung!C45, "") | D44: =IF(C44<>"", Aufschlüsselung!D45, "") | E44: =IF(C44<>"", Aufschlüsselung!E45, "") | F44: =IF(C44<>"", Aufschlüsselung!F45, "") | M44: =SUM(I44:L44) -> 0 | R44: =SUM(N44:Q44) -> 0 | W44: =SUM(S44:V44) -> 0 | AB44: =SUM(X44:AA44) -> 0 | AG44: =SUM(AC44:AF44) -> 0 | AL44: =SUM(AH44:AK44) -> 0 | AM44: =I44+N44+S44+X44+AC44+AH44 -> 0 | AN44: =J44+O44+T44+Y44+AD44+AI44 -> 0 | AO44: =K44+P44+U44+Z44+AE44+AJ44 -> 0 | AP44: =L44+Q44+V44+AA44+AF44+AK44 -> 0 | AQ44: =SUM(AM44:AP44) -> 0 | AS44: =IF(OR(AR44=0, AQ44=0),"-",AQ44/AR44*100-100) -> - | AU44: =IF(OR(AR44<=0,ISBLANK(AR44)),"",IF(AND(OR(AS44>=20,AS44<=-20)),IF(ISBLANK(AT44),B100,""),""))
A45: 39 | B45: =IF(C45<>"", Aufschlüsselung!B46, "") | C45: =IF(OR(ISNUMBER(SEARCH("INDOOR", Aufschlüsselung!C46)), ISNUMBER(SEARCH("OUTDOOR flex", Aufschlüsselung!C46)), ISNUMBER(SEARCH("OUTDOOR fix", Aufschlüsselung!C46))), Aufschlüsselung!C46, "") | D45: =IF(C45<>"", Aufschlüsselung!D46, "") | E45: =IF(C45<>"", Aufschlüsselung!E46, "") | F45: =IF(C45<>"", Aufschlüsselung!F46, "") | M45: =SUM(I45:L45) -> 0 | R45: =SUM(N45:Q45) -> 0 | W45: =SUM(S45:V45) -> 0 | AB45: =SUM(X45:AA45) -> 0 | AG45: =SUM(AC45:AF45) -> 0 | AL45: =SUM(AH45:AK45) -> 0 | AM45: =I45+N45+S45+X45+AC45+AH45 -> 0 | AN45: =J45+O45+T45+Y45+AD45+AI45 -> 0 | AO45: =K45+P45+U45+Z45+AE45+AJ45 -> 0 | AP45: =L45+Q45+V45+AA45+AF45+AK45 -> 0 | AQ45: =SUM(AM45:AP45) -> 0 | AS45: =IF(OR(AR45=0, AQ45=0),"-",AQ45/AR45*100-100) -> - | AU45: =IF(OR(AR45<=0,ISBLANK(AR45)),"",IF(AND(OR(AS45>=20,AS45<=-20)),IF(ISBLANK(AT45),B100,""),""))
A46: 40 | B46: =IF(C46<>"", Aufschlüsselung!B47, "") | C46: =IF(OR(ISNUMBER(SEARCH("INDOOR", Aufschlüsselung!C47)), ISNUMBER(SEARCH("OUTDOOR flex", Aufschlüsselung!C47)), ISNUMBER(SEARCH("OUTDOOR fix", Aufschlüsselung!C47))), Aufschlüsselung!C47, "") | D46: =IF(C46<>"", Aufschlüsselung!D47, "") | E46: =IF(C46<>"", Aufschlüsselung!E47, "") | F46: =IF(C46<>"", Aufschlüsselung!F47, "") | M46: =SUM(I46:L46) -> 0 | R46: =SUM(N46:Q46) -> 0 | W46: =SUM(S46:V46) -> 0 | AB46: =SUM(X46:AA46) -> 0 | AG46: =SUM(AC46:AF46) -> 0 | AL46: =SUM(AH46:AK46) -> 0 | AM46: =I46+N46+S46+X46+AC46+AH46 -> 0 | AN46: =J46+O46+T46+Y46+AD46+AI46 -> 0 | AO46: =K46+P46+U46+Z46+AE46+AJ46 -> 0 | AP46: =L46+Q46+V46+AA46+AF46+AK46 -> 0 | AQ46: =SUM(AM46:AP46) -> 0 | AS46: =IF(OR(AR46=0, AQ46=0),"-",AQ46/AR46*100-100) -> - | AU46: =IF(OR(AR46<=0,ISBLANK(AR46)),"",IF(AND(OR(AS46>=20,AS46<=-20)),IF(ISBLANK(AT46),B100,""),""))
A47: 41 | B47: =IF(C47<>"", Aufschlüsselung!B48, "") | C47: =IF(OR(ISNUMBER(SEARCH("INDOOR", Aufschlüsselung!C48)), ISNUMBER(SEARCH("OUTDOOR flex", Aufschlüsselung!C48)), ISNUMBER(SEARCH("OUTDOOR fix", Aufschlüsselung!C48))), Aufschlüsselung!C48, "") | D47: =IF(C47<>"", Aufschlüsselung!D48, "") | E47: =IF(C47<>"", Aufschlüsselung!E48, "") | F47: =IF(C47<>"", Aufschlüsselung!F48, "") | M47: =SUM(I47:L47) -> 0 | R47: =SUM(N47:Q47) -> 0 | W47: =SUM(S47:V47) -> 0 | AB47: =SUM(X47:AA47) -> 0 | AG47: =SUM(AC47:AF47) -> 0 | AL47: =SUM(AH47:AK47) -> 0 | AM47: =I47+N47+S47+X47+AC47+AH47 -> 0 | AN47: =J47+O47+T47+Y47+AD47+AI47 -> 0 | AO47: =K47+P47+U47+Z47+AE47+AJ47 -> 0 | AP47: =L47+Q47+V47+AA47+AF47+AK47 -> 0 | AQ47: =SUM(AM47:AP47) -> 0 | AS47: =IF(OR(AR47=0, AQ47=0),"-",AQ47/AR47*100-100) -> - | AU47: =IF(OR(AR47<=0,ISBLANK(AR47)),"",IF(AND(OR(AS47>=20,AS47<=-20)),IF(ISBLANK(AT47),B100,""),""))
A48: 42 | B48: =IF(C48<>"", Aufschlüsselung!B49, "") | C48: =IF(OR(ISNUMBER(SEARCH("INDOOR", Aufschlüsselung!C49)), ISNUMBER(SEARCH("OUTDOOR flex", Aufschlüsselung!C49)), ISNUMBER(SEARCH("OUTDOOR fix", Aufschlüsselung!C49))), Aufschlüsselung!C49, "") | D48: =IF(C48<>"", Aufschlüsselung!D49, "") | E48: =IF(C48<>"", Aufschlüsselung!E49, "") | F48: =IF(C48<>"", Aufschlüsselung!F49, "") | M48: =SUM(I48:L48) -> 0 | R48: =SUM(N48:Q48) -> 0 | W48: =SUM(S48:V48) -> 0 | AB48: =SUM(X48:AA48) -> 0 | AG48: =SUM(AC48:AF48) -> 0 | AL48: =SUM(AH48:AK48) -> 0 | AM48: =I48+N48+S48+X48+AC48+AH48 -> 0 | AN48: =J48+O48+T48+Y48+AD48+AI48 -> 0 | AO48: =K48+P48+U48+Z48+AE48+AJ48 -> 0 | AP48: =L48+Q48+V48+AA48+AF48+AK48 -> 0 | AQ48: =SUM(AM48:AP48) -> 0 | AS48: =IF(OR(AR48=0, AQ48=0),"-",AQ48/AR48*100-100) -> - | AU48: =IF(OR(AR48<=0,ISBLANK(AR48)),"",IF(AND(OR(AS48>=20,AS48<=-20)),IF(ISBLANK(AT48),B100,""),""))
A49: 43 | B49: =IF(C49<>"", Aufschlüsselung!B50, "") | C49: =IF(OR(ISNUMBER(SEARCH("INDOOR", Aufschlüsselung!C50)), ISNUMBER(SEARCH("OUTDOOR flex", Aufschlüsselung!C50)), ISNUMBER(SEARCH("OUTDOOR fix", Aufschlüsselung!C50))), Aufschlüsselung!C50, "") | D49: =IF(C49<>"", Aufschlüsselung!D50, "") | E49: =IF(C49<>"", Aufschlüsselung!E50, "") | F49: =IF(C49<>"", Aufschlüsselung!F50, "") | M49: =SUM(I49:L49) -> 0 | R49: =SUM(N49:Q49) -> 0 | W49: =SUM(S49:V49) -> 0 | AB49: =SUM(X49:AA49) -> 0 | AG49: =SUM(AC49:AF49) -> 0 | AL49: =SUM(AH49:AK49) -> 0 | AM49: =I49+N49+S49+X49+AC49+AH49 -> 0 | AN49: =J49+O49+T49+Y49+AD49+AI49 -> 0 | AO49: =K49+P49+U49+Z49+AE49+AJ49 -> 0 | AP49: =L49+Q49+V49+AA49+AF49+AK49 -> 0 | AQ49: =SUM(AM49:AP49) -> 0 | AS49: =IF(OR(AR49=0, AQ49=0),"-",AQ49/AR49*100-100) -> - | AU49: =IF(OR(AR49<=0,ISBLANK(AR49)),"",IF(AND(OR(AS49>=20,AS49<=-20)),IF(ISBLANK(AT49),B100,""),""))
A50: 44 | B50: =IF(C50<>"", Aufschlüsselung!B51, "") | C50: =IF(OR(ISNUMBER(SEARCH("INDOOR", Aufschlüsselung!C51)), ISNUMBER(SEARCH("OUTDOOR flex", Aufschlüsselung!C51)), ISNUMBER(SEARCH("OUTDOOR fix", Aufschlüsselung!C51))), Aufschlüsselung!C51, "") | D50: =IF(C50<>"", Aufschlüsselung!D51, "") | E50: =IF(C50<>"", Aufschlüsselung!E51, "") | F50: =IF(C50<>"", Aufschlüsselung!F51, "") | M50: =SUM(I50:L50) -> 0 | R50: =SUM(N50:Q50) -> 0 | W50: =SUM(S50:V50) -> 0 | AB50: =SUM(X50:AA50) -> 0 | AG50: =SUM(AC50:AF50) -> 0 | AL50: =SUM(AH50:AK50) -> 0 | AM50: =I50+N50+S50+X50+AC50+AH50 -> 0 | AN50: =J50+O50+T50+Y50+AD50+AI50 -> 0 | AO50: =K50+P50+U50+Z50+AE50+AJ50 -> 0 | AP50: =L50+Q50+V50+AA50+AF50+AK50 -> 0 | AQ50: =SUM(AM50:AP50) -> 0 | AS50: =IF(OR(AR50=0, AQ50=0),"-",AQ50/AR50*100-100) -> - | AU50: =IF(OR(AR50<=0,ISBLANK(AR50)),"",IF(AND(OR(AS50>=20,AS50<=-20)),IF(ISBLANK(AT50),B100,""),""))
A51: 45 | B51: =IF(C51<>"", Aufschlüsselung!B52, "") | C51: =IF(OR(ISNUMBER(SEARCH("INDOOR", Aufschlüsselung!C52)), ISNUMBER(SEARCH("OUTDOOR flex", Aufschlüsselung!C52)), ISNUMBER(SEARCH("OUTDOOR fix", Aufschlüsselung!C52))), Aufschlüsselung!C52, "") | D51: =IF(C51<>"", Aufschlüsselung!D52, "") | E51: =IF(C51<>"", Aufschlüsselung!E52, "") | F51: =IF(C51<>"", Aufschlüsselung!F52, "") | M51: =SUM(I51:L51) -> 0 | R51: =SUM(N51:Q51) -> 0 | W51: =SUM(S51:V51) -> 0 | AB51: =SUM(X51:AA51) -> 0 | AG51: =SUM(AC51:AF51) -> 0 | AL51: =SUM(AH51:AK51) -> 0 | AM51: =I51+N51+S51+X51+AC51+AH51 -> 0 | AN51: =J51+O51+T51+Y51+AD51+AI51 -> 0 | AO51: =K51+P51+U51+Z51+AE51+AJ51 -> 0 | AP51: =L51+Q51+V51+AA51+AF51+AK51 -> 0 | AQ51: =SUM(AM51:AP51) -> 0 | AS51: =IF(OR(AR51=0, AQ51=0),"-",AQ51/AR51*100-100) -> - | AU51: =IF(OR(AR51<=0,ISBLANK(AR51)),"",IF(AND(OR(AS51>=20,AS51<=-20)),IF(ISBLANK(AT51),B100,""),""))
B52: Veranstaltungen | AO52: Anzahl VA: | AS52: =IF(OR(AR52=0, AQ52=0),"-",AQ52/AR52*100-100) -> - | AU52: =IF(OR(AR52<=0,ISBLANK(AR52)),"",IF(AND(OR(AS52>=20,AS52<=-20)),IF(ISBLANK(AT52),B100,""),""))
B53: Digitale Jugendarbeit | AS53: =IF(OR(AR53=0, AQ53=0),"-",AQ53/AR53*100-100) -> - | AU53: =IF(OR(AR53<=0,ISBLANK(AR53)),"",IF(AND(OR(AS53>=20,AS53<=-20)),IF(ISBLANK(AT53),B100,""),""))
B54: SUMME | E54: =SUM(E7:E53) -> 0 | F54: =SUM(F7:F53) -> 0 | G54: =SUM(G7:G53) -> 0 | H54: =SUM(H7:H53) -> 0 | I54: =SUM(I7:I53) -> 0 | J54: =SUM(J7:J53) -> 0 | K54: =SUM(K7:K53) -> 0 | L54: =SUM(L7:L53) -> 0 | ... AO54: =SUM(AO7:AO53) -> 0 | AP54: =SUM(AP7:AP51) -> 0 | AQ54: =SUM(AQ7:AQ53) -> 0 | AR54: =SUM(AR7:AR53) -> 0
AO55: Anzahl der Veranstaltungen gehört in Spalte AP; wird nicht zu Summe k.A. hinzugerechnet
B56: Erläuterung zur Erhebung der Kontakte: | P56: 1500 | R56: 5 | S56: =LEN(#REF!) -> #REF! | T56: =LEN(#REF!)-LEN(SUBSTITUTE(#REF!,CHAR(10),""))+(LEN(#REF!)>1) -> #REF!
B57: über eine Begrüßung hinausgehend, keine Doppelzählung pro Tag | I57: Anmerkungen
B58: k.A. bei Geschlecht: um entsprechende Auswertungen vornehmen zu können wird ersucht, die Zuteilung auf männlich, weiblich und divers vorzunehmen; dies kann auch auf Einschätzungen beruhen; "keine Angabe" bei Geschlecht ist nur mit Begründung (im Anmerkungsfeld dieser Arbeitsmappe) zulässig.
B59: bei Veranstaltungen gilt, hier sind nur die Anzahl der Veranstaltungen und die Gesamtzahl der Teilnehmer*innen anzugeben
B60: bei digitaler Jugendarbeit gilt, wie bei allen anderen Angeboten: über eine Begrüßung hinausgehend. 1 Online-Kontakt = direkte Kommunikation/Austausch via Social Media Plattformen, E-Mail, Messenger-Dienste etc. (pro Tag und Angebot), Ein "like"/"Daumen hoch" oder ein Seitenaufruf einer Website bzw. Social-Media-Accounts gilt NICHT als Kontakt! Hier ist nur die Gesamtzahl der Kontakte anzugeben.
B63: IST-Personal | C63: männlich | D63: weiblich | E63: divers | F63: k.A. | G63: Gesamt
B64: ="Anzahl der Mitarbeiter*innen Stichtag 30.06."&C2 -> Anzahl der Mitarbeiter*innen Stichtag 30.06.2027 | G64: =SUM(C64:F64) -> 0
B65: ="Anzahl der Mitarbeiter*innen Stichtag 31.12."&C2 -> Anzahl der Mitarbeiter*innen Stichtag 31.12.2027 | G65: =SUM(C65:F65) -> 0
B66: ="Vollzeitäquivalente (VZÄ) auf Jahresbasis " &C2 -> Vollzeitäquivalente (VZÄ) auf Jahresbasis 2027 | G66: =SUM(C66:F66) -> 0
B67: Info Anzahl der Mitarbeiter*innen: | C67: Hier sind jene Personen anzuführen, die zum Stichtag AKTIV in der Organisation tätig sind; Dienstfreistellungen (z.B. Karenzierungen) sind hier nicht zu berücksichtigen. Anzahl Mitarbeiter*innen steht in keiner Verbindung zu Personen in Leitungsfunktionen (d.h. dass Personal in Leitungsfunktion auch bei Anzahl der Mitarbeiter*innen anzuführen ist)
B69: Ausfüllhilfe
B70: Bezeichnung des Angebots - wird von Angebotsaufschlüsselung übernommen. Sollten sich während des Förderjahres noch zusätzliche Angebote ergeben, können diese hier manuell nacherfasst werden. ACHTUNG: siehe Hinweis Zeile 78!
B71: Angebotsform - wird von Angebotsaufschlüsselung übernommen. Sollten sich während des Förderjahres noch zusätzliche Angebote ergeben, können diese hier manuell nacherfasst werden. ACHTUNG: siehe Hinweis Zeile 78!
B72: Bezirk - wird von Angebotsaufschlüsselung übernommen. Sollten sich während des Förderjahres noch zusätzliche Angebote ergeben, können diese hier manuell nacherfasst werden. ACHTUNG: siehe Hinweis Zeile 78!
B73: =AR4&" (=Vorjahr) - Hier sind immer die Gesamtkontakte des Vorjahres zu den jeweiligen Angeboten anzuführen. Sollte es sich um ein erstmaliges Angebot handeln, ist hier nichts zu befüllen." -> Förderjahr 2026 (=Vorjahr) - Hier sind immer die Gesamtkontakte des Vorjahres zu den jeweiligen Angeboten anzuführen. Sollte es sich um ein erstmaliges Angebot handeln, ist hier nichts zu befüllen.
B74: Begründung - Wenn es zu einer Abweichung von über 20% zum Vorjahr kommt, ist hier eine Begründung anzuführen.
B75: Spalten Gruppieren - die Altersgruppen können gruppiert werden
B76: Arbeitsmappe Auswertung - Befüllt sich automatisch und bezieht die Daten aus den Arbeitsmappen Statistik_OKJA und Statistik_FPT
B78: Overheadkosten aus der Aufschlüsselung werden im Statistik-Blatt als leere Zeilen dargestellt - dies lässt sich technisch nicht ändern. Falls in diesen leeren Zeilen während des Förderjahres hinzugekommene Angebote dargestellt werden, werden automatisch, sobald eine Angebotsform ausgewählt wird, PLAN-Daten der Aufschlüsselung übernommen. Bitte darauf achten, dass die PLAN-Daten in diesem Fall korrigiert bzw. gelöscht werden.
B80: Bei mehreren Förderungen durch die Abteilung Bildung und Jugend innerhalb eines Förderjahres, sind sämtliche statistische Daten zu den Angeboten, welche im Rahmen der Antragstellung in der Arbeitsmappe angeführt wurden, in diesem Dokument zusammenzufassen und nur einmal im Rahmen der "zentralen Förderabrechnung" zu übermitteln.
B100: <- Bitte Begründung angeben
C106: INDOOR
C107: OUTDOOR flex
C108: OUTDOOR fix
C109: FPT

Sheet Statistik_FPT
B1: Förderwerber*in | C1: =IF(ISBLANK(Aufschlüsselung!C1),"",Aufschlüsselung!C1)
B2: Förderjahr | C2: =Aufschlüsselung!C2 -> 2027
E4: ="Förderjahr "&C2 -> Förderjahr 2027 | AR4: ="Förderjahr "&C2-"1" -> Förderjahr 2026 | AS4: =" Vergleich Kontakte Förderjahr "&C2&" mit Förderjahr "&C2-1&"" -> Vergleich Kontakte Förderjahr 2027 mit Förderjahr 2026
E5: allgemeine Infos/PLAN | G5: allgemeine Infos/IST | I5: Kinder (bis 10 Jahre) | N5: Teenies (11 - 14 Jahre) | S5: Jugendliche (15 - 18 Jahre) | X5: Junge Erwachsene (19 - 24 Jahre) | AC5: > 25 Jahren | AH5: Senior*innen (65+) | AM5: Summe sämtlicher Alterskategorien | AR5: Kontakte | AS5: Differenz in% | AT5: ="Begründung (wenn Abweichung gegenüber Förderjahr "&C2-1&" über 20% ist)" -> Begründung (wenn Abweichung gegenüber Förderjahr 2026 über 20% ist)
B6: Bezeichnung des Angebots | C6: Angebotsform (Auswahlfeld) | D6: Bezirk bzw. wienweit | E6: geplante Angebotstage im Jahr | F6: geplante Angebotsstunden im Jahr | G6: Angebotstage im Jahr | H6: Angebotsstunden im Jahr | I6: männlich | J6: weiblich | K6: divers | L6: k.A. | M6: Gesamt | N6: männlich | O6: weiblich | P6: divers | Q6: k.A. | R6: Gesamt | S6: männlich | T6: weiblich | U6: divers | V6: k.A. | W6: Gesamt | X6: männlich | Y6: weiblich | Z6: diveres | AA6: k.A. | AB6: Gesamt | AC6: männlich | AD6: weiblich | AE6: divers | AF6: k.A. | AG6: Gesamt | AH6: männlich | AI6: weiblich | AJ6: diveres | AK6: k.A. | AL6: Gesamt | AM6: männlich | AN6: weiblich | AO6: divers | AP6: k.A. | AQ6: Gesamt | AR6: Gesamt
A7: 1 | B7: =IF(C7<>"", Aufschlüsselung!B8, "") | C7: =IF(OR(ISNUMBER(SEARCH("FPT", Aufschlüsselung!C8))), Aufschlüsselung!C8, "") | D7: =IF(C7<>"", Aufschlüsselung!D8, "") | E7: =IF(C7<>"", Aufschlüsselung!E8, "") | F7: =IF(C7<>"", Aufschlüsselung!F8, "") | M7: =SUM(I7:L7) -> 0 | R7: =SUM(N7:Q7) -> 0 | W7: =SUM(S7:V7) -> 0 | AB7: =SUM(X7:AA7) -> 0 | AG7: =SUM(AC7:AF7) -> 0 | AL7: =SUM(AH7:AK7) -> 0 | AM7: =I7+N7+S7+X7+AC7+AH7 -> 0 | AN7: =J7+O7+T7+Y7+AD7+AI7 -> 0 | AO7: =K7+P7+U7+Z7+AE7+AJ7 -> 0 | AP7: =L7+Q7+V7+AA7+AF7+AK7 -> 0 | AQ7: =SUM(AM7:AP7) -> 0 | AS7: =IF(OR(AR7=0, AQ7=0),"-",AQ7/AR7*100-100) -> - | AU7: =IF(OR(AR7<=0,ISBLANK(AR7)),"",IF(AND(OR(AS7>=20,AS7<=-20)),IF(ISBLANK(AT7),B100,""),""))
A8: 2 | B8: =IF(C8<>"", Aufschlüsselung!B9, "") | C8: =IF(OR(ISNUMBER(SEARCH("FPT", Aufschlüsselung!C9))), Aufschlüsselung!C9, "") | D8: =IF(C8<>"", Aufschlüsselung!D9, "") | E8: =IF(C8<>"", Aufschlüsselung!E9, "") | F8: =IF(C8<>"", Aufschlüsselung!F9, "") | M8: =SUM(I8:L8) -> 0 | R8: =SUM(N8:Q8) -> 0 | W8: =SUM(S8:V8) -> 0 | AB8: =SUM(X8:AA8) -> 0 | AG8: =SUM(AC8:AF8) -> 0 | AL8: =SUM(AH8:AK8) -> 0 | AM8: =I8+N8+S8+X8+AC8+AH8 -> 0 | AN8: =J8+O8+T8+Y8+AD8+AI8 -> 0 | AO8: =K8+P8+U8+Z8+AE8+AJ8 -> 0 | AP8: =L8+Q8+V8+AA8+AF8+AK8 -> 0 | AQ8: =SUM(AM8:AP8) -> 0 | AS8: =IF(OR(AR8=0, AQ8=0),"-",AQ8/AR8*100-100) -> - | AU8: =IF(OR(AR8<=0,ISBLANK(AR8)),"",IF(AND(OR(AS8>=20,AS8<=-20)),IF(ISBLANK(AT8),B100,""),""))
A9: 3 | B9: =IF(C9<>"", Aufschlüsselung!B10, "") | C9: =IF(OR(ISNUMBER(SEARCH("FPT", Aufschlüsselung!C10))), Aufschlüsselung!C10, "") | D9: =IF(C9<>"", Aufschlüsselung!D10, "") | E9: =IF(C9<>"", Aufschlüsselung!E10, "") | F9: =IF(C9<>"", Aufschlüsselung!F10, "") | M9: =SUM(I9:L9) -> 0 | R9: =SUM(N9:Q9) -> 0 | W9: =SUM(S9:V9) -> 0 | AB9: =SUM(X9:AA9) -> 0 | AG9: =SUM(AC9:AF9) -> 0 | AL9: =SUM(AH9:AK9) -> 0 | AM9: =I9+N9+S9+X9+AC9+AH9 -> 0 | AN9: =J9+O9+T9+Y9+AD9+AI9 -> 0 | AO9: =K9+P9+U9+Z9+AE9+AJ9 -> 0 | AP9: =L9+Q9+V9+AA9+AF9+AK9 -> 0 | AQ9: =SUM(AM9:AP9) -> 0 | AS9: =IF(OR(AR9=0, AQ9=0),"-",AQ9/AR9*100-100) -> - | AU9: =IF(OR(AR9<=0,ISBLANK(AR9)),"",IF(AND(OR(AS9>=20,AS9<=-20)),IF(ISBLANK(AT9),B100,""),""))
A10: 4 | B10: =IF(C10<>"", Aufschlüsselung!B11, "") | C10: =IF(OR(ISNUMBER(SEARCH("FPT", Aufschlüsselung!C11))), Aufschlüsselung!C11, "") | D10: =IF(C10<>"", Aufschlüsselung!D11, "") | E10: =IF(C10<>"", Aufschlüsselung!E11, "") | F10: =IF(C10<>"", Aufschlüsselung!F11, "") | M10: =SUM(I10:L10) -> 0 | R10: =SUM(N10:Q10) -> 0 | W10: =SUM(S10:V10) -> 0 | AB10: =SUM(X10:AA10) -> 0 | AG10: =SUM(AC10:AF10) -> 0 | AL10: =SUM(AH10:AK10) -> 0 | AM10: =I10+N10+S10+X10+AC10+AH10 -> 0 | AN10: =J10+O10+T10+Y10+AD10+AI10 -> 0 | AO10: =K10+P10+U10+Z10+AE10+AJ10 -> 0 | AP10: =L10+Q10+V10+AA10+AF10+AK10 -> 0 | AQ10: =SUM(AM10:AP10) -> 0 | AS10: =IF(OR(AR10=0, AQ10=0),"-",AQ10/AR10*100-100) -> - | AU10: =IF(OR(AR10<=0,ISBLANK(AR10)),"",IF(AND(OR(AS10>=20,AS10<=-20)),IF(ISBLANK(AT10),B100,""),""))
A11: 5 | B11: =IF(C11<>"", Aufschlüsselung!B12, "") | C11: =IF(OR(ISNUMBER(SEARCH("FPT", Aufschlüsselung!C12))), Aufschlüsselung!C12, "") | D11: =IF(C11<>"", Aufschlüsselung!D12, "") | E11: =IF(C11<>"", Aufschlüsselung!E12, "") | F11: =IF(C11<>"", Aufschlüsselung!F12, "") | M11: =SUM(I11:L11) -> 0 | R11: =SUM(N11:Q11) -> 0 | W11: =SUM(S11:V11) -> 0 | AB11: =SUM(X11:AA11) -> 0 | AG11: =SUM(AC11:AF11) -> 0 | AL11: =SUM(AH11:AK11) -> 0 | AM11: =I11+N11+S11+X11+AC11+AH11 -> 0 | AN11: =J11+O11+T11+Y11+AD11+AI11 -> 0 | AO11: =K11+P11+U11+Z11+AE11+AJ11 -> 0 | AP11: =L11+Q11+V11+AA11+AF11+AK11 -> 0 | AQ11: =SUM(AM11:AP11) -> 0 | AS11: =IF(OR(AR11=0, AQ11=0),"-",AQ11/AR11*100-100) -> - | AU11: =IF(OR(AR11<=0,ISBLANK(AR11)),"",IF(AND(OR(AS11>=20,AS11<=-20)),IF(ISBLANK(AT11),B100,""),""))
A12: 6 | B12: =IF(C12<>"", Aufschlüsselung!B13, "") | C12: =IF(OR(ISNUMBER(SEARCH("FPT", Aufschlüsselung!C13))), Aufschlüsselung!C13, "") | D12: =IF(C12<>"", Aufschlüsselung!D13, "") | E12: =IF(C12<>"", Aufschlüsselung!E13, "") | F12: =IF(C12<>"", Aufschlüsselung!F13, "") | M12: =SUM(I12:L12) -> 0 | R12: =SUM(N12:Q12) -> 0 | W12: =SUM(S12:V12) -> 0 | AB12: =SUM(X12:AA12) -> 0 | AG12: =SUM(AC12:AF12) -> 0 | AL12: =SUM(AH12:AK12) -> 0 | AM12: =I12+N12+S12+X12+AC12+AH12 -> 0 | AN12: =J12+O12+T12+Y12+AD12+AI12 -> 0 | AO12: =K12+P12+U12+Z12+AE12+AJ12 -> 0 | AP12: =L12+Q12+V12+AA12+AF12+AK12 -> 0 | AQ12: =SUM(AM12:AP12) -> 0 | AS12: =IF(OR(AR12=0, AQ12=0),"-",AQ12/AR12*100-100) -> - | AU12: =IF(OR(AR12<=0,ISBLANK(AR12)),"",IF(AND(OR(AS12>=20,AS12<=-20)),IF(ISBLANK(AT12),B100,""),""))
A13: 7 | B13: =IF(C13<>"", Aufschlüsselung!B14, "") | C13: =IF(OR(ISNUMBER(SEARCH("FPT", Aufschlüsselung!C14))), Aufschlüsselung!C14, "") | D13: =IF(C13<>"", Aufschlüsselung!D14, "") | E13: =IF(C13<>"", Aufschlüsselung!E14, "") | F13: =IF(C13<>"", Aufschlüsselung!F14, "") | M13: =SUM(I13:L13) -> 0 | R13: =SUM(N13:Q13) -> 0 | W13: =SUM(S13:V13) -> 0 | AB13: =SUM(X13:AA13) -> 0 | AG13: =SUM(AC13:AF13) -> 0 | AL13: =SUM(AH13:AK13) -> 0 | AM13: =I13+N13+S13+X13+AC13+AH13 -> 0 | AN13: =J13+O13+T13+Y13+AD13+AI13 -> 0 | AO13: =K13+P13+U13+Z13+AE13+AJ13 -> 0 | AP13: 0 | AQ13: =SUM(AM13:AP13) -> 0 | AS13: =IF(OR(AR13=0, AQ13=0),"-",AQ13/AR13*100-100) -> - | AU13: =IF(OR(AR13<=0,ISBLANK(AR13)),"",IF(AND(OR(AS13>=20,AS13<=-20)),IF(ISBLANK(AT13),B100,""),""))
A14: 8 | B14: =IF(C14<>"", Aufschlüsselung!B15, "") | C14: =IF(OR(ISNUMBER(SEARCH("FPT", Aufschlüsselung!C15))), Aufschlüsselung!C15, "") | D14: =IF(C14<>"", Aufschlüsselung!D15, "") | E14: =IF(C14<>"", Aufschlüsselung!E15, "") | F14: =IF(C14<>"", Aufschlüsselung!F15, "") | M14: =SUM(I14:L14) -> 0 | R14: =SUM(N14:Q14) -> 0 | W14: =SUM(S14:V14) -> 0 | AB14: =SUM(X14:AA14) -> 0 | AG14: =SUM(AC14:AF14) -> 0 | AL14: =SUM(AH14:AK14) -> 0 | AM14: =I14+N14+S14+X14+AC14+AH14 -> 0 | AN14: =J14+O14+T14+Y14+AD14+AI14 -> 0 | AO14: =K14+P14+U14+Z14+AE14+AJ14 -> 0 | AP14: =L14+Q14+V14+AA14+AF14+AK14 -> 0 | AQ14: =SUM(AM14:AP14) -> 0 | AS14: =IF(OR(AR14=0, AQ14=0),"-",AQ14/AR14*100-100) -> - | AU14: =IF(OR(AR14<=0,ISBLANK(AR14)),"",IF(AND(OR(AS14>=20,AS14<=-20)),IF(ISBLANK(AT14),B100,""),""))
A15: 9 | B15: =IF(C15<>"", Aufschlüsselung!B16, "") | C15: =IF(OR(ISNUMBER(SEARCH("FPT", Aufschlüsselung!C16))), Aufschlüsselung!C16, "") | D15: =IF(C15<>"", Aufschlüsselung!D16, "") | E15: =IF(C15<>"", Aufschlüsselung!E16, "") | F15: =IF(C15<>"", Aufschlüsselung!F16, "") | M15: =SUM(I15:L15) -> 0 | R15: =SUM(N15:Q15) -> 0 | W15: =SUM(S15:V15) -> 0 | AB15: =SUM(X15:AA15) -> 0 | AG15: =SUM(AC15:AF15) -> 0 | AL15: =SUM(AH15:AK15) -> 0 | AM15: =I15+N15+S15+X15+AC15+AH15 -> 0 | AN15: =J15+O15+T15+Y15+AD15+AI15 -> 0 | AO15: =K15+P15+U15+Z15+AE15+AJ15 -> 0 | AP15: =L15+Q15+V15+AA15+AF15+AK15 -> 0 | AQ15: =SUM(AM15:AP15) -> 0 | AS15: =IF(OR(AR15=0, AQ15=0),"-",AQ15/AR15*100-100) -> - | AU15: =IF(OR(AR15<=0,ISBLANK(AR15)),"",IF(AND(OR(AS15>=20,AS15<=-20)),IF(ISBLANK(AT15),B100,""),""))
A16: 10 | B16: =IF(C16<>"", Aufschlüsselung!B17, "") | C16: =IF(OR(ISNUMBER(SEARCH("FPT", Aufschlüsselung!C17))), Aufschlüsselung!C17, "") | D16: =IF(C16<>"", Aufschlüsselung!D17, "") | E16: =IF(C16<>"", Aufschlüsselung!E17, "") | F16: =IF(C16<>"", Aufschlüsselung!F17, "") | M16: =SUM(I16:L16) -> 0 | R16: =SUM(N16:Q16) -> 0 | W16: =SUM(S16:V16) -> 0 | AB16: =SUM(X16:AA16) -> 0 | AG16: =SUM(AC16:AF16) -> 0 | AL16: =SUM(AH16:AK16) -> 0 | AM16: =I16+N16+S16+X16+AC16+AH16 -> 0 | AN16: =J16+O16+T16+Y16+AD16+AI16 -> 0 | AO16: =K16+P16+U16+Z16+AE16+AJ16 -> 0 | AP16: =L16+Q16+V16+AA16+AF16+AK16 -> 0 | AQ16: =SUM(AM16:AP16) -> 0 | AS16: =IF(OR(AR16=0, AQ16=0),"-",AQ16/AR16*100-100) -> - | AU16: =IF(OR(AR16<=0,ISBLANK(AR16)),"",IF(AND(OR(AS16>=20,AS16<=-20)),IF(ISBLANK(AT16),B100,""),""))
A17: 11 | B17: =IF(C17<>"", Aufschlüsselung!B18, "") | C17: =IF(OR(ISNUMBER(SEARCH("FPT", Aufschlüsselung!C18))), Aufschlüsselung!C18, "") | D17: =IF(C17<>"", Aufschlüsselung!D18, "") | E17: =IF(C17<>"", Aufschlüsselung!E18, "") | F17: =IF(C17<>"", Aufschlüsselung!F18, "") | M17: =SUM(I17:L17) -> 0 | R17: =SUM(N17:Q17) -> 0 | W17: =SUM(S17:V17) -> 0 | AB17: =SUM(X17:AA17) -> 0 | AG17: =SUM(AC17:AF17) -> 0 | AL17: =SUM(AH17:AK17) -> 0 | AM17: =I17+N17+S17+X17+AC17+AH17 -> 0 | AN17: =J17+O17+T17+Y17+AD17+AI17 -> 0 | AO17: =K17+P17+U17+Z17+AE17+AJ17 -> 0 | AP17: =L17+Q17+V17+AA17+AF17+AK17 -> 0 | AQ17: =SUM(AM17:AP17) -> 0 | AS17: =IF(OR(AR17=0, AQ17=0),"-",AQ17/AR17*100-100) -> - | AU17: =IF(OR(AR17<=0,ISBLANK(AR17)),"",IF(AND(OR(AS17>=20,AS17<=-20)),IF(ISBLANK(AT17),B100,""),""))
A18: 12 | B18: =IF(C18<>"", Aufschlüsselung!B19, "") | C18: =IF(OR(ISNUMBER(SEARCH("FPT", Aufschlüsselung!C19))), Aufschlüsselung!C19, "") | D18: =IF(C18<>"", Aufschlüsselung!D19, "") | E18: =IF(C18<>"", Aufschlüsselung!E19, "") | F18: =IF(C18<>"", Aufschlüsselung!F19, "") | M18: =SUM(I18:L18) -> 0 | R18: =SUM(N18:Q18) -> 0 | W18: =SUM(S18:V18) -> 0 | AB18: =SUM(X18:AA18) -> 0 | AG18: =SUM(AC18:AF18) -> 0 | AL18: =SUM(AH18:AK18) -> 0 | AM18: =I18+N18+S18+X18+AC18+AH18 -> 0 | AN18: =J18+O18+T18+Y18+AD18+AI18 -> 0 | AO18: =K18+P18+U18+Z18+AE18+AJ18 -> 0 | AP18: =L18+Q18+V18+AA18+AF18+AK18 -> 0 | AQ18: =SUM(AM18:AP18) -> 0 | AS18: =IF(OR(AR18=0, AQ18=0),"-",AQ18/AR18*100-100) -> - | AU18: =IF(OR(AR18<=0,ISBLANK(AR18)),"",IF(AND(OR(AS18>=20,AS18<=-20)),IF(ISBLANK(AT18),B100,""),""))
A19: 13 | B19: =IF(C19<>"", Aufschlüsselung!B20, "") | C19: =IF(OR(ISNUMBER(SEARCH("FPT", Aufschlüsselung!C20))), Aufschlüsselung!C20, "") | D19: =IF(C19<>"", Aufschlüsselung!D20, "") | E19: =IF(C19<>"", Aufschlüsselung!E20, "") | F19: =IF(C19<>"", Aufschlüsselung!F20, "") | M19: =SUM(I19:L19) -> 0 | R19: =SUM(N19:Q19) -> 0 | W19: =SUM(S19:V19) -> 0 | AB19: =SUM(X19:AA19) -> 0 | AG19: =SUM(AC19:AF19) -> 0 | AL19: =SUM(AH19:AK19) -> 0 | AM19: =I19+N19+S19+X19+AC19+AH19 -> 0 | AN19: =J19+O19+T19+Y19+AD19+AI19 -> 0 | AO19: =K19+P19+U19+Z19+AE19+AJ19 -> 0 | AP19: =L19+Q19+V19+AA19+AF19+AK19 -> 0 | AQ19: =SUM(AM19:AP19) -> 0 | AS19: =IF(OR(AR19=0, AQ19=0),"-",AQ19/AR19*100-100) -> - | AU19: =IF(OR(AR19<=0,ISBLANK(AR19)),"",IF(AND(OR(AS19>=20,AS19<=-20)),IF(ISBLANK(AT19),B100,""),""))
A20: 14 | B20: =IF(C20<>"", Aufschlüsselung!B21, "") | C20: =IF(OR(ISNUMBER(SEARCH("FPT", Aufschlüsselung!C21))), Aufschlüsselung!C21, "") | D20: =IF(C20<>"", Aufschlüsselung!D21, "") | E20: =IF(C20<>"", Aufschlüsselung!E21, "") | F20: =IF(C20<>"", Aufschlüsselung!F21, "") | M20: =SUM(I20:L20) -> 0 | R20: =SUM(N20:Q20) -> 0 | W20: =SUM(S20:V20) -> 0 | AB20: =SUM(X20:AA20) -> 0 | AG20: =SUM(AC20:AF20) -> 0 | AL20: =SUM(AH20:AK20) -> 0 | AM20: =I20+N20+S20+X20+AC20+AH20 -> 0 | AN20: =J20+O20+T20+Y20+AD20+AI20 -> 0 | AO20: =K20+P20+U20+Z20+AE20+AJ20 -> 0 | AP20: =L20+Q20+V20+AA20+AF20+AK20 -> 0 | AQ20: =SUM(AM20:AP20) -> 0 | AS20: =IF(OR(AR20=0, AQ20=0),"-",AQ20/AR20*100-100) -> - | AU20: =IF(OR(AR20<=0,ISBLANK(AR20)),"",IF(AND(OR(AS20>=20,AS20<=-20)),IF(ISBLANK(AT20),B100,""),""))
A21: 15 | B21: =IF(C21<>"", Aufschlüsselung!B22, "") | C21: =IF(OR(ISNUMBER(SEARCH("FPT", Aufschlüsselung!C22))), Aufschlüsselung!C22, "") | D21: =IF(C21<>"", Aufschlüsselung!D22, "") | E21: =IF(C21<>"", Aufschlüsselung!E22, "") | F21: =IF(C21<>"", Aufschlüsselung!F22, "") | M21: =SUM(I21:L21) -> 0 | R21: =SUM(N21:Q21) -> 0 | W21: =SUM(S21:V21) -> 0 | AB21: =SUM(X21:AA21) -> 0 | AG21: =SUM(AC21:AF21) -> 0 | AL21: =SUM(AH21:AK21) -> 0 | AM21: =I21+N21+S21+X21+AC21+AH21 -> 0 | AN21: =J21+O21+T21+Y21+AD21+AI21 -> 0 | AO21: =K21+P21+U21+Z21+AE21+AJ21 -> 0 | AP21: =L21+Q21+V21+AA21+AF21+AK21 -> 0 | AQ21: =SUM(AM21:AP21) -> 0 | AS21: =IF(OR(AR21=0, AQ21=0),"-",AQ21/AR21*100-100) -> - | AU21: =IF(OR(AR21<=0,ISBLANK(AR21)),"",IF(AND(OR(AS21>=20,AS21<=-20)),IF(ISBLANK(AT21),B100,""),""))
A22: 16 | B22: =IF(C22<>"", Aufschlüsselung!B23, "") | C22: =IF(OR(ISNUMBER(SEARCH("FPT", Aufschlüsselung!C23))), Aufschlüsselung!C23, "") | D22: =IF(C22<>"", Aufschlüsselung!D23, "") | E22: =IF(C22<>"", Aufschlüsselung!E23, "") | F22: =IF(C22<>"", Aufschlüsselung!F23, "") | M22: =SUM(I22:L22) -> 0 | R22: =SUM(N22:Q22) -> 0 | W22: =SUM(S22:V22) -> 0 | AB22: =SUM(X22:AA22) -> 0 | AG22: =SUM(AC22:AF22) -> 0 | AL22: =SUM(AH22:AK22) -> 0 | AM22: =I22+N22+S22+X22+AC22+AH22 -> 0 | AN22: =J22+O22+T22+Y22+AD22+AI22 -> 0 | AO22: =K22+P22+U22+Z22+AE22+AJ22 -> 0 | AP22: =L22+Q22+V22+AA22+AF22+AK22 -> 0 | AQ22: =SUM(AM22:AP22) -> 0 | AS22: =IF(OR(AR22=0, AQ22=0),"-",AQ22/AR22*100-100) -> - | AU22: =IF(OR(AR22<=0,ISBLANK(AR22)),"",IF(AND(OR(AS22>=20,AS22<=-20)),IF(ISBLANK(AT22),B100,""),""))
A23: 17 | B23: =IF(C23<>"", Aufschlüsselung!B24, "") | C23: =IF(OR(ISNUMBER(SEARCH("FPT", Aufschlüsselung!C24))), Aufschlüsselung!C24, "") | D23: =IF(C23<>"", Aufschlüsselung!D24, "") | E23: =IF(C23<>"", Aufschlüsselung!E24, "") | F23: =IF(C23<>"", Aufschlüsselung!F24, "") | M23: =SUM(I23:L23) -> 0 | R23: =SUM(N23:Q23) -> 0 | W23: =SUM(S23:V23) -> 0 | AB23: =SUM(X23:AA23) -> 0 | AG23: =SUM(AC23:AF23) -> 0 | AL23: =SUM(AH23:AK23) -> 0 | AM23: =I23+N23+S23+X23+AC23+AH23 -> 0 | AN23: =J23+O23+T23+Y23+AD23+AI23 -> 0 | AO23: =K23+P23+U23+Z23+AE23+AJ23 -> 0 | AP23: =L23+Q23+V23+AA23+AF23+AK23 -> 0 | AQ23: =SUM(AM23:AP23) -> 0 | AS23: =IF(OR(AR23=0, AQ23=0),"-",AQ23/AR23*100-100) -> - | AU23: =IF(OR(AR23<=0,ISBLANK(AR23)),"",IF(AND(OR(AS23>=20,AS23<=-20)),IF(ISBLANK(AT23),B100,""),""))
A24: 18 | B24: =IF(C24<>"", Aufschlüsselung!B25, "") | C24: =IF(OR(ISNUMBER(SEARCH("FPT", Aufschlüsselung!C25))), Aufschlüsselung!C25, "") | D24: =IF(C24<>"", Aufschlüsselung!D25, "") | E24: =IF(C24<>"", Aufschlüsselung!E25, "") | F24: =IF(C24<>"", Aufschlüsselung!F25, "") | M24: =SUM(I24:L24) -> 0 | R24: =SUM(N24:Q24) -> 0 | W24: =SUM(S24:V24) -> 0 | AB24: =SUM(X24:AA24) -> 0 | AG24: =SUM(AC24:AF24) -> 0 | AL24: =SUM(AH24:AK24) -> 0 | AM24: =I24+N24+S24+X24+AC24+AH24 -> 0 | AN24: =J24+O24+T24+Y24+AD24+AI24 -> 0 | AO24: =K24+P24+U24+Z24+AE24+AJ24 -> 0 | AP24: =L24+Q24+V24+AA24+AF24+AK24 -> 0 | AQ24: =SUM(AM24:AP24) -> 0 | AS24: =IF(OR(AR24=0, AQ24=0),"-",AQ24/AR24*100-100) -> - | AU24: =IF(OR(AR24<=0,ISBLANK(AR24)),"",IF(AND(OR(AS24>=20,AS24<=-20)),IF(ISBLANK(AT24),B100,""),""))
A25: 19 | B25: =IF(C25<>"", Aufschlüsselung!B26, "") | C25: =IF(OR(ISNUMBER(SEARCH("FPT", Aufschlüsselung!C26))), Aufschlüsselung!C26, "") | D25: =IF(C25<>"", Aufschlüsselung!D26, "") | E25: =IF(C25<>"", Aufschlüsselung!E26, "") | F25: =IF(C25<>"", Aufschlüsselung!F26, "") | M25: =SUM(I25:L25) -> 0 | R25: =SUM(N25:Q25) -> 0 | W25: =SUM(S25:V25) -> 0 | AB25: =SUM(X25:AA25) -> 0 | AG25: =SUM(AC25:AF25) -> 0 | AL25: =SUM(AH25:AK25) -> 0 | AM25: =I25+N25+S25+X25+AC25+AH25 -> 0 | AN25: =J25+O25+T25+Y25+AD25+AI25 -> 0 | AO25: =K25+P25+U25+Z25+AE25+AJ25 -> 0 | AP25: =L25+Q25+V25+AA25+AF25+AK25 -> 0 | AQ25: =SUM(AM25:AP25) -> 0 | AS25: =IF(OR(AR25=0, AQ25=0),"-",AQ25/AR25*100-100) -> - | AU25: =IF(OR(AR25<=0,ISBLANK(AR25)),"",IF(AND(OR(AS25>=20,AS25<=-20)),IF(ISBLANK(AT25),B100,""),""))
A26: 20 | B26: =IF(C26<>"", Aufschlüsselung!B27, "") | C26: =IF(OR(ISNUMBER(SEARCH("FPT", Aufschlüsselung!C27))), Aufschlüsselung!C27, "") | D26: =IF(C26<>"", Aufschlüsselung!D27, "") | E26: =IF(C26<>"", Aufschlüsselung!E27, "") | F26: =IF(C26<>"", Aufschlüsselung!F27, "") | M26: =SUM(I26:L26) -> 0 | R26: =SUM(N26:Q26) -> 0 | W26: =SUM(S26:V26) -> 0 | AB26: =SUM(X26:AA26) -> 0 | AG26: =SUM(AC26:AF26) -> 0 | AL26: =SUM(AH26:AK26) -> 0 | AM26: =I26+N26+S26+X26+AC26+AH26 -> 0 | AN26: =J26+O26+T26+Y26+AD26+AI26 -> 0 | AO26: =K26+P26+U26+Z26+AE26+AJ26 -> 0 | AP26: =L26+Q26+V26+AA26+AF26+AK26 -> 0 | AQ26: =SUM(AM26:AP26) -> 0 | AS26: =IF(OR(AR26=0, AQ26=0),"-",AQ26/AR26*100-100) -> - | AU26: =IF(OR(AR26<=0,ISBLANK(AR26)),"",IF(AND(OR(AS26>=20,AS26<=-20)),IF(ISBLANK(AT26),B100,""),""))
A27: 21 | B27: =IF(C27<>"", Aufschlüsselung!B28, "") | C27: =IF(OR(ISNUMBER(SEARCH("FPT", Aufschlüsselung!C28))), Aufschlüsselung!C28, "") | D27: =IF(C27<>"", Aufschlüsselung!D28, "") | E27: =IF(C27<>"", Aufschlüsselung!E28, "") | F27: =IF(C27<>"", Aufschlüsselung!F28, "") | M27: =SUM(I27:L27) -> 0 | R27: =SUM(N27:Q27) -> 0 | W27: =SUM(S27:V27) -> 0 | AB27: =SUM(X27:AA27) -> 0 | AG27: =SUM(AC27:AF27) -> 0 | AL27: =SUM(AH27:AK27) -> 0 | AM27: =I27+N27+S27+X27+AC27+AH27 -> 0 | AN27: =J27+O27+T27+Y27+AD27+AI27 -> 0 | AO27: =K27+P27+U27+Z27+AE27+AJ27 -> 0 | AP27: =L27+Q27+V27+AA27+AF27+AK27 -> 0 | AQ27: =SUM(AM27:AP27) -> 0 | AS27: =IF(OR(AR27=0, AQ27=0),"-",AQ27/AR27*100-100) -> - | AU27: =IF(OR(AR27<=0,ISBLANK(AR27)),"",IF(AND(OR(AS27>=20,AS27<=-20)),IF(ISBLANK(AT27),B100,""),""))
A28: 22 | B28: =IF(C28<>"", Aufschlüsselung!B29, "") | C28: =IF(OR(ISNUMBER(SEARCH("FPT", Aufschlüsselung!C29))), Aufschlüsselung!C29, "") | D28: =IF(C28<>"", Aufschlüsselung!D29, "") | E28: =IF(C28<>"", Aufschlüsselung!E29, "") | F28: =IF(C28<>"", Aufschlüsselung!F29, "") | M28: =SUM(I28:L28) -> 0 | R28: =SUM(N28:Q28) -> 0 | W28: =SUM(S28:V28) -> 0 | AB28: =SUM(X28:AA28) -> 0 | AG28: =SUM(AC28:AF28) -> 0 | AL28: =SUM(AH28:AK28) -> 0 | AM28: =I28+N28+S28+X28+AC28+AH28 -> 0 | AN28: =J28+O28+T28+Y28+AD28+AI28 -> 0 | AO28: =K28+P28+U28+Z28+AE28+AJ28 -> 0 | AP28: =L28+Q28+V28+AA28+AF28+AK28 -> 0 | AQ28: =SUM(AM28:AP28) -> 0 | AS28: =IF(OR(AR28=0, AQ28=0),"-",AQ28/AR28*100-100) -> - | AU28: =IF(OR(AR28<=0,ISBLANK(AR28)),"",IF(AND(OR(AS28>=20,AS28<=-20)),IF(ISBLANK(AT28),B100,""),""))
A29: 23 | B29: =IF(C29<>"", Aufschlüsselung!B30, "") | C29: =IF(OR(ISNUMBER(SEARCH("FPT", Aufschlüsselung!C30))), Aufschlüsselung!C30, "") | D29: =IF(C29<>"", Aufschlüsselung!D30, "") | E29: =IF(C29<>"", Aufschlüsselung!E30, "") | F29: =IF(C29<>"", Aufschlüsselung!F30, "") | M29: =SUM(I29:L29) -> 0 | R29: =SUM(N29:Q29) -> 0 | W29: =SUM(S29:V29) -> 0 | AB29: =SUM(X29:AA29) -> 0 | AG29: =SUM(AC29:AF29) -> 0 | AL29: =SUM(AH29:AK29) -> 0 | AM29: =I29+N29+S29+X29+AC29+AH29 -> 0 | AN29: =J29+O29+T29+Y29+AD29+AI29 -> 0 | AO29: =K29+P29+U29+Z29+AE29+AJ29 -> 0 | AP29: =L29+Q29+V29+AA29+AF29+AK29 -> 0 | AQ29: =SUM(AM29:AP29) -> 0 | AS29: =IF(OR(AR29=0, AQ29=0),"-",AQ29/AR29*100-100) -> - | AU29: =IF(OR(AR29<=0,ISBLANK(AR29)),"",IF(AND(OR(AS29>=20,AS29<=-20)),IF(ISBLANK(AT29),B100,""),""))
A30: 24 | B30: =IF(C30<>"", Aufschlüsselung!B31, "") | C30: =IF(OR(ISNUMBER(SEARCH("FPT", Aufschlüsselung!C31))), Aufschlüsselung!C31, "") | D30: =IF(C30<>"", Aufschlüsselung!D31, "") | E30: =IF(C30<>"", Aufschlüsselung!E31, "") | F30: =IF(C30<>"", Aufschlüsselung!F31, "") | M30: =SUM(I30:L30) -> 0 | R30: =SUM(N30:Q30) -> 0 | W30: =SUM(S30:V30) -> 0 | AB30: =SUM(X30:AA30) -> 0 | AG30: =SUM(AC30:AF30) -> 0 | AL30: =SUM(AH30:AK30) -> 0 | AM30: =I30+N30+S30+X30+AC30+AH30 -> 0 | AN30: =J30+O30+T30+Y30+AD30+AI30 -> 0 | AO30: =K30+P30+U30+Z30+AE30+AJ30 -> 0 | AP30: =L30+Q30+V30+AA30+AF30+AK30 -> 0 | AQ30: =SUM(AM30:AP30) -> 0 | AS30: =IF(OR(AR30=0, AQ30=0),"-",AQ30/AR30*100-100) -> - | AU30: =IF(OR(AR30<=0,ISBLANK(AR30)),"",IF(AND(OR(AS30>=20,AS30<=-20)),IF(ISBLANK(AT30),B100,""),""))
A31: 25 | B31: =IF(C31<>"", Aufschlüsselung!B32, "") | C31: =IF(OR(ISNUMBER(SEARCH("FPT", Aufschlüsselung!C32))), Aufschlüsselung!C32, "") | D31: =IF(C31<>"", Aufschlüsselung!D32, "") | E31: =IF(C31<>"", Aufschlüsselung!E32, "") | F31: =IF(C31<>"", Aufschlüsselung!F32, "") | M31: =SUM(I31:L31) -> 0 | R31: =SUM(N31:Q31) -> 0 | W31: =SUM(S31:V31) -> 0 | AB31: =SUM(X31:AA31) -> 0 | AG31: =SUM(AC31:AF31) -> 0 | AL31: =SUM(AH31:AK31) -> 0 | AM31: =I31+N31+S31+X31+AC31+AH31 -> 0 | AN31: =J31+O31+T31+Y31+AD31+AI31 -> 0 | AO31: =K31+P31+U31+Z31+AE31+AJ31 -> 0 | AP31: =L31+Q31+V31+AA31+AF31+AK31 -> 0 | AQ31: =SUM(AM31:AP31) -> 0 | AS31: =IF(OR(AR31=0, AQ31=0),"-",AQ31/AR31*100-100) -> - | AU31: =IF(OR(AR31<=0,ISBLANK(AR31)),"",IF(AND(OR(AS31>=20,AS31<=-20)),IF(ISBLANK(AT31),B100,""),""))
A32: 26 | B32: =IF(C32<>"", Aufschlüsselung!B33, "") | C32: =IF(OR(ISNUMBER(SEARCH("FPT", Aufschlüsselung!C33))), Aufschlüsselung!C33, "") | D32: =IF(C32<>"", Aufschlüsselung!D33, "") | E32: =IF(C32<>"", Aufschlüsselung!E33, "") | F32: =IF(C32<>"", Aufschlüsselung!F33, "") | M32: =SUM(I32:L32) -> 0 | R32: =SUM(N32:Q32) -> 0 | W32: =SUM(S32:V32) -> 0 | AB32: =SUM(X32:AA32) -> 0 | AG32: =SUM(AC32:AF32) -> 0 | AL32: =SUM(AH32:AK32) -> 0 | AM32: =I32+N32+S32+X32+AC32+AH32 -> 0 | AN32: =J32+O32+T32+Y32+AD32+AI32 -> 0 | AO32: =K32+P32+U32+Z32+AE32+AJ32 -> 0 | AP32: =L32+Q32+V32+AA32+AF32+AK32 -> 0 | AQ32: =SUM(AM32:AP32) -> 0 | AS32: =IF(OR(AR32=0, AQ32=0),"-",AQ32/AR32*100-100) -> - | AU32: =IF(OR(AR32<=0,ISBLANK(AR32)),"",IF(AND(OR(AS32>=20,AS32<=-20)),IF(ISBLANK(AT32),B100,""),""))
A33: 27 | B33: =IF(C33<>"", Aufschlüsselung!B34, "") | C33: =IF(OR(ISNUMBER(SEARCH("FPT", Aufschlüsselung!C34))), Aufschlüsselung!C34, "") | D33: =IF(C33<>"", Aufschlüsselung!D34, "") | E33: =IF(C33<>"", Aufschlüsselung!E34, "") | F33: =IF(C33<>"", Aufschlüsselung!F34, "") | M33: =SUM(I33:L33) -> 0 | R33: =SUM(N33:Q33) -> 0 | W33: =SUM(S33:V33) -> 0 | AB33: =SUM(X33:AA33) -> 0 | AG33: =SUM(AC33:AF33) -> 0 | AL33: =SUM(AH33:AK33) -> 0 | AM33: =I33+N33+S33+X33+AC33+AH33 -> 0 | AN33: =J33+O33+T33+Y33+AD33+AI33 -> 0 | AO33: =K33+P33+U33+Z33+AE33+AJ33 -> 0 | AP33: =L33+Q33+V33+AA33+AF33+AK33 -> 0 | AQ33: =SUM(AM33:AP33) -> 0 | AS33: =IF(OR(AR33=0, AQ33=0),"-",AQ33/AR33*100-100) -> - | AU33: =IF(OR(AR33<=0,ISBLANK(AR33)),"",IF(AND(OR(AS33>=20,AS33<=-20)),IF(ISBLANK(AT33),B100,""),""))
A34: 28 | B34: =IF(C34<>"", Aufschlüsselung!B35, "") | C34: =IF(OR(ISNUMBER(SEARCH("FPT", Aufschlüsselung!C35))), Aufschlüsselung!C35, "") | D34: =IF(C34<>"", Aufschlüsselung!D35, "") | E34: =IF(C34<>"", Aufschlüsselung!E35, "") | F34: =IF(C34<>"", Aufschlüsselung!F35, "") | M34: =SUM(I34:L34) -> 0 | R34: =SUM(N34:Q34) -> 0 | W34: =SUM(S34:V34) -> 0 | AB34: =SUM(X34:AA34) -> 0 | AG34: =SUM(AC34:AF34) -> 0 | AL34: =SUM(AH34:AK34) -> 0 | AM34: =I34+N34+S34+X34+AC34+AH34 -> 0 | AN34: =J34+O34+T34+Y34+AD34+AI34 -> 0 | AO34: =K34+P34+U34+Z34+AE34+AJ34 -> 0 | AP34: =L34+Q34+V34+AA34+AF34+AK34 -> 0 | AQ34: =SUM(AM34:AP34) -> 0 | AS34: =IF(OR(AR34=0, AQ34=0),"-",AQ34/AR34*100-100) -> - | AU34: =IF(OR(AR34<=0,ISBLANK(AR34)),"",IF(AND(OR(AS34>=20,AS34<=-20)),IF(ISBLANK(AT34),B100,""),""))
A35: 29 | B35: =IF(C35<>"", Aufschlüsselung!B36, "") | C35: =IF(OR(ISNUMBER(SEARCH("FPT", Aufschlüsselung!C36))), Aufschlüsselung!C36, "") | D35: =IF(C35<>"", Aufschlüsselung!D36, "") | E35: =IF(C35<>"", Aufschlüsselung!E36, "") | F35: =IF(C35<>"", Aufschlüsselung!F36, "") | M35: =SUM(I35:L35) -> 0 | R35: =SUM(N35:Q35) -> 0 | W35: =SUM(S35:V35) -> 0 | AB35: =SUM(X35:AA35) -> 0 | AG35: =SUM(AC35:AF35) -> 0 | AL35: =SUM(AH35:AK35) -> 0 | AM35: =I35+N35+S35+X35+AC35+AH35 -> 0 | AN35: =J35+O35+T35+Y35+AD35+AI35 -> 0 | AO35: =K35+P35+U35+Z35+AE35+AJ35 -> 0 | AP35: =L35+Q35+V35+AA35+AF35+AK35 -> 0 | AQ35: =SUM(AM35:AP35) -> 0 | AS35: =IF(OR(AR35=0, AQ35=0),"-",AQ35/AR35*100-100) -> - | AU35: =IF(OR(AR35<=0,ISBLANK(AR35)),"",IF(AND(OR(AS35>=20,AS35<=-20)),IF(ISBLANK(AT35),B100,""),""))
A36: 30 | B36: =IF(C36<>"", Aufschlüsselung!B37, "") | C36: =IF(OR(ISNUMBER(SEARCH("FPT", Aufschlüsselung!C37))), Aufschlüsselung!C37, "") | D36: =IF(C36<>"", Aufschlüsselung!D37, "") | E36: =IF(C36<>"", Aufschlüsselung!E37, "") | F36: =IF(C36<>"", Aufschlüsselung!F37, "") | M36: =SUM(I36:L36) -> 0 | R36: =SUM(N36:Q36) -> 0 | W36: =SUM(S36:V36) -> 0 | AB36: =SUM(X36:AA36) -> 0 | AG36: =SUM(AC36:AF36) -> 0 | AL36: =SUM(AH36:AK36) -> 0 | AM36: =I36+N36+S36+X36+AC36+AH36 -> 0 | AN36: =J36+O36+T36+Y36+AD36+AI36 -> 0 | AO36: =K36+P36+U36+Z36+AE36+AJ36 -> 0 | AP36: =L36+Q36+V36+AA36+AF36+AK36 -> 0 | AQ36: =SUM(AM36:AP36) -> 0 | AS36: =IF(OR(AR36=0, AQ36=0),"-",AQ36/AR36*100-100) -> - | AU36: =IF(OR(AR36<=0,ISBLANK(AR36)),"",IF(AND(OR(AS36>=20,AS36<=-20)),IF(ISBLANK(AT36),B100,""),""))
A37: 31 | B37: =IF(C37<>"", Aufschlüsselung!B38, "") | C37: =IF(OR(ISNUMBER(SEARCH("FPT", Aufschlüsselung!C38))), Aufschlüsselung!C38, "") | D37: =IF(C37<>"", Aufschlüsselung!D38, "") | E37: =IF(C37<>"", Aufschlüsselung!E38, "") | F37: =IF(C37<>"", Aufschlüsselung!F38, "") | M37: =SUM(I37:L37) -> 0 | R37: =SUM(N37:Q37) -> 0 | W37: =SUM(S37:V37) -> 0 | AB37: =SUM(X37:AA37) -> 0 | AG37: =SUM(AC37:AF37) -> 0 | AL37: =SUM(AH37:AK37) -> 0 | AM37: =I37+N37+S37+X37+AC37+AH37 -> 0 | AN37: =J37+O37+T37+Y37+AD37+AI37 -> 0 | AO37: =K37+P37+U37+Z37+AE37+AJ37 -> 0 | AP37: =L37+Q37+V37+AA37+AF37+AK37 -> 0 | AQ37: =SUM(AM37:AP37) -> 0 | AS37: =IF(OR(AR37=0, AQ37=0),"-",AQ37/AR37*100-100) -> - | AU37: =IF(OR(AR37<=0,ISBLANK(AR37)),"",IF(AND(OR(AS37>=20,AS37<=-20)),IF(ISBLANK(AT37),B100,""),""))
A38: 32 | B38: =IF(C38<>"", Aufschlüsselung!B39, "") | C38: =IF(OR(ISNUMBER(SEARCH("FPT", Aufschlüsselung!C39))), Aufschlüsselung!C39, "") | D38: =IF(C38<>"", Aufschlüsselung!D39, "") | E38: =IF(C38<>"", Aufschlüsselung!E39, "") | F38: =IF(C38<>"", Aufschlüsselung!F39, "") | M38: =SUM(I38:L38) -> 0 | R38: =SUM(N38:Q38) -> 0 | W38: =SUM(S38:V38) -> 0 | AB38: =SUM(X38:AA38) -> 0 | AG38: =SUM(AC38:AF38) -> 0 | AL38: =SUM(AH38:AK38) -> 0 | AM38: =I38+N38+S38+X38+AC38+AH38 -> 0 | AN38: =J38+O38+T38+Y38+AD38+AI38 -> 0 | AO38: =K38+P38+U38+Z38+AE38+AJ38 -> 0 | AP38: =L38+Q38+V38+AA38+AF38+AK38 -> 0 | AQ38: =SUM(AM38:AP38) -> 0 | AS38: =IF(OR(AR38=0, AQ38=0),"-",AQ38/AR38*100-100) -> - | AU38: =IF(OR(AR38<=0,ISBLANK(AR38)),"",IF(AND(OR(AS38>=20,AS38<=-20)),IF(ISBLANK(AT38),B100,""),""))
A39: 33 | B39: =IF(C39<>"", Aufschlüsselung!B40, "") | C39: =IF(OR(ISNUMBER(SEARCH("FPT", Aufschlüsselung!C40))), Aufschlüsselung!C40, "") | D39: =IF(C39<>"", Aufschlüsselung!D40, "") | E39: =IF(C39<>"", Aufschlüsselung!E40, "") | F39: =IF(C39<>"", Aufschlüsselung!F40, "") | M39: =SUM(I39:L39) -> 0 | R39: =SUM(N39:Q39) -> 0 | W39: =SUM(S39:V39) -> 0 | AB39: =SUM(X39:AA39) -> 0 | AG39: =SUM(AC39:AF39) -> 0 | AL39: =SUM(AH39:AK39) -> 0 | AM39: =I39+N39+S39+X39+AC39+AH39 -> 0 | AN39: =J39+O39+T39+Y39+AD39+AI39 -> 0 | AO39: =K39+P39+U39+Z39+AE39+AJ39 -> 0 | AP39: =L39+Q39+V39+AA39+AF39+AK39 -> 0 | AQ39: =SUM(AM39:AP39) -> 0 | AS39: =IF(OR(AR39=0, AQ39=0),"-",AQ39/AR39*100-100) -> - | AU39: =IF(OR(AR39<=0,ISBLANK(AR39)),"",IF(AND(OR(AS39>=20,AS39<=-20)),IF(ISBLANK(AT39),B100,""),""))
A40: 34 | B40: =IF(C40<>"", Aufschlüsselung!B41, "") | C40: =IF(OR(ISNUMBER(SEARCH("FPT", Aufschlüsselung!C41))), Aufschlüsselung!C41, "") | D40: =IF(C40<>"", Aufschlüsselung!D41, "") | E40: =IF(C40<>"", Aufschlüsselung!E41, "") | F40: =IF(C40<>"", Aufschlüsselung!F41, "") | M40: =SUM(I40:L40) -> 0 | R40: =SUM(N40:Q40) -> 0 | W40: =SUM(S40:V40) -> 0 | AB40: =SUM(X40:AA40) -> 0 | AG40: =SUM(AC40:AF40) -> 0 | AL40: =SUM(AH40:AK40) -> 0 | AM40: =I40+N40+S40+X40+AC40+AH40 -> 0 | AN40: =J40+O40+T40+Y40+AD40+AI40 -> 0 | AO40: =K40+P40+U40+Z40+AE40+AJ40 -> 0 | AP40: =L40+Q40+V40+AA40+AF40+AK40 -> 0 | AQ40: =SUM(AM40:AP40) -> 0 | AS40: =IF(OR(AR40=0, AQ40=0),"-",AQ40/AR40*100-100) -> - | AU40: =IF(OR(AR40<=0,ISBLANK(AR40)),"",IF(AND(OR(AS40>=20,AS40<=-20)),IF(ISBLANK(AT40),B100,""),""))
A41: 35 | B41: =IF(C41<>"", Aufschlüsselung!B42, "") | C41: =IF(OR(ISNUMBER(SEARCH("FPT", Aufschlüsselung!C42))), Aufschlüsselung!C42, "") | D41: =IF(C41<>"", Aufschlüsselung!D42, "") | E41: =IF(C41<>"", Aufschlüsselung!E42, "") | F41: =IF(C41<>"", Aufschlüsselung!F42, "") | M41: =SUM(I41:L41) -> 0 | R41: =SUM(N41:Q41) -> 0 | W41: =SUM(S41:V41) -> 0 | AB41: =SUM(X41:AA41) -> 0 | AG41: =SUM(AC41:AF41) -> 0 | AL41: =SUM(AH41:AK41) -> 0 | AM41: =I41+N41+S41+X41+AC41+AH41 -> 0 | AN41: =J41+O41+T41+Y41+AD41+AI41 -> 0 | AO41: =K41+P41+U41+Z41+AE41+AJ41 -> 0 | AP41: =L41+Q41+V41+AA41+AF41+AK41 -> 0 | AQ41: =SUM(AM41:AP41) -> 0 | AS41: =IF(OR(AR41=0, AQ41=0),"-",AQ41/AR41*100-100) -> - | AU41: =IF(OR(AR41<=0,ISBLANK(AR41)),"",IF(AND(OR(AS41>=20,AS41<=-20)),IF(ISBLANK(AT41),B100,""),""))
A42: 36 | B42: =IF(C42<>"", Aufschlüsselung!B43, "") | C42: =IF(OR(ISNUMBER(SEARCH("FPT", Aufschlüsselung!C43))), Aufschlüsselung!C43, "") | D42: =IF(C42<>"", Aufschlüsselung!D43, "") | E42: =IF(C42<>"", Aufschlüsselung!E43, "") | F42: =IF(C42<>"", Aufschlüsselung!F43, "") | M42: =SUM(I42:L42) -> 0 | R42: =SUM(N42:Q42) -> 0 | W42: =SUM(S42:V42) -> 0 | AB42: =SUM(X42:AA42) -> 0 | AG42: =SUM(AC42:AF42) -> 0 | AL42: =SUM(AH42:AK42) -> 0 | AM42: =I42+N42+S42+X42+AC42+AH42 -> 0 | AN42: =J42+O42+T42+Y42+AD42+AI42 -> 0 | AO42: =K42+P42+U42+Z42+AE42+AJ42 -> 0 | AP42: =L42+Q42+V42+AA42+AF42+AK42 -> 0 | AQ42: =SUM(AM42:AP42) -> 0 | AS42: =IF(OR(AR42=0, AQ42=0),"-",AQ42/AR42*100-100) -> - | AU42: =IF(OR(AR42<=0,ISBLANK(AR42)),"",IF(AND(OR(AS42>=20,AS42<=-20)),IF(ISBLANK(AT42),B100,""),""))
A43: 37 | B43: =IF(C43<>"", Aufschlüsselung!B44, "") | C43: =IF(OR(ISNUMBER(SEARCH("FPT", Aufschlüsselung!C44))), Aufschlüsselung!C44, "") | D43: =IF(C43<>"", Aufschlüsselung!D44, "") | E43: =IF(C43<>"", Aufschlüsselung!E44, "") | F43: =IF(C43<>"", Aufschlüsselung!F44, "") | M43: =SUM(I43:L43) -> 0 | R43: =SUM(N43:Q43) -> 0 | W43: =SUM(S43:V43) -> 0 | AB43: =SUM(X43:AA43) -> 0 | AG43: =SUM(AC43:AF43) -> 0 | AL43: =SUM(AH43:AK43) -> 0 | AM43: =I43+N43+S43+X43+AC43+AH43 -> 0 | AN43: =J43+O43+T43+Y43+AD43+AI43 -> 0 | AO43: =K43+P43+U43+Z43+AE43+AJ43 -> 0 | AP43: =L43+Q43+V43+AA43+AF43+AK43 -> 0 | AQ43: =SUM(AM43:AP43) -> 0 | AS43: =IF(OR(AR43=0, AQ43=0),"-",AQ43/AR43*100-100) -> - | AU43: =IF(OR(AR43<=0,ISBLANK(AR43)),"",IF(AND(OR(AS43>=20,AS43<=-20)),IF(ISBLANK(AT43),B100,""),""))
A44: 38 | B44: =IF(C44<>"", Aufschlüsselung!B45, "") | C44: =IF(OR(ISNUMBER(SEARCH("FPT", Aufschlüsselung!C45))), Aufschlüsselung!C45, "") | D44: =IF(C44<>"", Aufschlüsselung!D45, "") | E44: =IF(C44<>"", Aufschlüsselung!E45, "") | F44: =IF(C44<>"", Aufschlüsselung!F45, "") | M44: =SUM(I44:L44) -> 0 | R44: =SUM(N44:Q44) -> 0 | W44: =SUM(S44:V44) -> 0 | AB44: =SUM(X44:AA44) -> 0 | AG44: =SUM(AC44:AF44) -> 0 | AL44: =SUM(AH44:AK44) -> 0 | AM44: =I44+N44+S44+X44+AC44+AH44 -> 0 | AN44: =J44+O44+T44+Y44+AD44+AI44 -> 0 | AO44: =K44+P44+U44+Z44+AE44+AJ44 -> 0 | AP44: =L44+Q44+V44+AA44+AF44+AK44 -> 0 | AQ44: =SUM(AM44:AP44) -> 0 | AS44: =IF(OR(AR44=0, AQ44=0),"-",AQ44/AR44*100-100) -> - | AU44: =IF(OR(AR44<=0,ISBLANK(AR44)),"",IF(AND(OR(AS44>=20,AS44<=-20)),IF(ISBLANK(AT44),B100,""),""))
A45: 39 | B45: =IF(C45<>"", Aufschlüsselung!B46, "") | C45: =IF(OR(ISNUMBER(SEARCH("FPT", Aufschlüsselung!C46))), Aufschlüsselung!C46, "") | D45: =IF(C45<>"", Aufschlüsselung!D46, "") | E45: =IF(C45<>"", Aufschlüsselung!E46, "") | F45: =IF(C45<>"", Aufschlüsselung!F46, "") | M45: =SUM(I45:L45) -> 0 | R45: =SUM(N45:Q45) -> 0 | W45: =SUM(S45:V45) -> 0 | AB45: =SUM(X45:AA45) -> 0 | AG45: =SUM(AC45:AF45) -> 0 | AL45: =SUM(AH45:AK45) -> 0 | AM45: =I45+N45+S45+X45+AC45+AH45 -> 0 | AN45: =J45+O45+T45+Y45+AD45+AI45 -> 0 | AO45: =K45+P45+U45+Z45+AE45+AJ45 -> 0 | AP45: =L45+Q45+V45+AA45+AF45+AK45 -> 0 | AQ45: =SUM(AM45:AP45) -> 0 | AS45: =IF(OR(AR45=0, AQ45=0),"-",AQ45/AR45*100-100) -> - | AU45: =IF(OR(AR45<=0,ISBLANK(AR45)),"",IF(AND(OR(AS45>=20,AS45<=-20)),IF(ISBLANK(AT45),B100,""),""))
A46: 40 | B46: =IF(C46<>"", Aufschlüsselung!B47, "") | C46: =IF(OR(ISNUMBER(SEARCH("FPT", Aufschlüsselung!C47))), Aufschlüsselung!C47, "") | D46: =IF(C46<>"", Aufschlüsselung!D47, "") | E46: =IF(C46<>"", Aufschlüsselung!E47, "") | F46: =IF(C46<>"", Aufschlüsselung!F47, "") | M46: =SUM(I46:L46) -> 0 | R46: =SUM(N46:Q46) -> 0 | W46: =SUM(S46:V46) -> 0 | AB46: =SUM(X46:AA46) -> 0 | AG46: =SUM(AC46:AF46) -> 0 | AL46: =SUM(AH46:AK46) -> 0 | AM46: =I46+N46+S46+X46+AC46+AH46 -> 0 | AN46: =J46+O46+T46+Y46+AD46+AI46 -> 0 | AO46: =K46+P46+U46+Z46+AE46+AJ46 -> 0 | AP46: =L46+Q46+V46+AA46+AF46+AK46 -> 0 | AQ46: =SUM(AM46:AP46) -> 0 | AS46: =IF(OR(AR46=0, AQ46=0),"-",AQ46/AR46*100-100) -> - | AU46: =IF(OR(AR46<=0,ISBLANK(AR46)),"",IF(AND(OR(AS46>=20,AS46<=-20)),IF(ISBLANK(AT46),B100,""),""))
A47: 41 | B47: =IF(C47<>"", Aufschlüsselung!B48, "") | C47: =IF(OR(ISNUMBER(SEARCH("FPT", Aufschlüsselung!C48))), Aufschlüsselung!C48, "") | D47: =IF(C47<>"", Aufschlüsselung!D48, "") | E47: =IF(C47<>"", Aufschlüsselung!E48, "") | F47: =IF(C47<>"", Aufschlüsselung!F48, "") | M47: =SUM(I47:L47) -> 0 | R47: =SUM(N47:Q47) -> 0 | W47: =SUM(S47:V47) -> 0 | AB47: =SUM(X47:AA47) -> 0 | AG47: =SUM(AC47:AF47) -> 0 | AL47: =SUM(AH47:AK47) -> 0 | AM47: =I47+N47+S47+X47+AC47+AH47 -> 0 | AN47: =J47+O47+T47+Y47+AD47+AI47 -> 0 | AO47: =K47+P47+U47+Z47+AE47+AJ47 -> 0 | AP47: =L47+Q47+V47+AA47+AF47+AK47 -> 0 | AQ47: =SUM(AM47:AP47) -> 0 | AS47: =IF(OR(AR47=0, AQ47=0),"-",AQ47/AR47*100-100) -> - | AU47: =IF(OR(AR47<=0,ISBLANK(AR47)),"",IF(AND(OR(AS47>=20,AS47<=-20)),IF(ISBLANK(AT47),B100,""),""))
A48: 42 | B48: =IF(C48<>"", Aufschlüsselung!B49, "") | C48: =IF(OR(ISNUMBER(SEARCH("FPT", Aufschlüsselung!C49))), Aufschlüsselung!C49, "") | D48: =IF(C48<>"", Aufschlüsselung!D49, "") | E48: =IF(C48<>"", Aufschlüsselung!E49, "") | F48: =IF(C48<>"", Aufschlüsselung!F49, "") | M48: =SUM(I48:L48) -> 0 | R48: =SUM(N48:Q48) -> 0 | W48: =SUM(S48:V48) -> 0 | AB48: =SUM(X48:AA48) -> 0 | AG48: =SUM(AC48:AF48) -> 0 | AL48: =SUM(AH48:AK48) -> 0 | AM48: =I48+N48+S48+X48+AC48+AH48 -> 0 | AN48: =J48+O48+T48+Y48+AD48+AI48 -> 0 | AO48: =K48+P48+U48+Z48+AE48+AJ48 -> 0 | AP48: =L48+Q48+V48+AA48+AF48+AK48 -> 0 | AQ48: =SUM(AM48:AP48) -> 0 | AS48: =IF(OR(AR48=0, AQ48=0),"-",AQ48/AR48*100-100) -> - | AU48: =IF(OR(AR48<=0,ISBLANK(AR48)),"",IF(AND(OR(AS48>=20,AS48<=-20)),IF(ISBLANK(AT48),B100,""),""))
A49: 43 | B49: =IF(C49<>"", Aufschlüsselung!B50, "") | C49: =IF(OR(ISNUMBER(SEARCH("FPT", Aufschlüsselung!C50))), Aufschlüsselung!C50, "") | D49: =IF(C49<>"", Aufschlüsselung!D50, "") | E49: =IF(C49<>"", Aufschlüsselung!E50, "") | F49: =IF(C49<>"", Aufschlüsselung!F50, "") | M49: =SUM(I49:L49) -> 0 | R49: =SUM(N49:Q49) -> 0 | W49: =SUM(S49:V49) -> 0 | AB49: =SUM(X49:AA49) -> 0 | AG49: =SUM(AC49:AF49) -> 0 | AL49: =SUM(AH49:AK49) -> 0 | AM49: =I49+N49+S49+X49+AC49+AH49 -> 0 | AN49: =J49+O49+T49+Y49+AD49+AI49 -> 0 | AO49: =K49+P49+U49+Z49+AE49+AJ49 -> 0 | AP49: =L49+Q49+V49+AA49+AF49+AK49 -> 0 | AQ49: =SUM(AM49:AP49) -> 0 | AS49: =IF(OR(AR49=0, AQ49=0),"-",AQ49/AR49*100-100) -> - | AU49: =IF(OR(AR49<=0,ISBLANK(AR49)),"",IF(AND(OR(AS49>=20,AS49<=-20)),IF(ISBLANK(AT49),B100,""),""))
A50: 44 | B50: =IF(C50<>"", Aufschlüsselung!B51, "") | C50: =IF(OR(ISNUMBER(SEARCH("FPT", Aufschlüsselung!C51))), Aufschlüsselung!C51, "") | D50: =IF(C50<>"", Aufschlüsselung!D51, "") | E50: =IF(C50<>"", Aufschlüsselung!E51, "") | F50: =IF(C50<>"", Aufschlüsselung!F51, "") | M50: =SUM(I50:L50) -> 0 | R50: =SUM(N50:Q50) -> 0 | W50: =SUM(S50:V50) -> 0 | AB50: =SUM(X50:AA50) -> 0 | AG50: =SUM(AC50:AF50) -> 0 | AL50: =SUM(AH50:AK50) -> 0 | AM50: =I50+N50+S50+X50+AC50+AH50 -> 0 | AN50: =J50+O50+T50+Y50+AD50+AI50 -> 0 | AO50: =K50+P50+U50+Z50+AE50+AJ50 -> 0 | AP50: =L50+Q50+V50+AA50+AF50+AK50 -> 0 | AQ50: =SUM(AM50:AP50) -> 0 | AS50: =IF(OR(AR50=0, AQ50=0),"-",AQ50/AR50*100-100) -> - | AU50: =IF(OR(AR50<=0,ISBLANK(AR50)),"",IF(AND(OR(AS50>=20,AS50<=-20)),IF(ISBLANK(AT50),B100,""),""))
A51: 45 | B51: =IF(C51<>"", Aufschlüsselung!B52, "") | C51: =IF(OR(ISNUMBER(SEARCH("FPT", Aufschlüsselung!C52))), Aufschlüsselung!C52, "") | D51: =IF(C51<>"", Aufschlüsselung!D52, "") | E51: =IF(C51<>"", Aufschlüsselung!E52, "") | F51: =IF(C51<>"", Aufschlüsselung!F52, "") | M51: =SUM(I51:L51) -> 0 | R51: =SUM(N51:Q51) -> 0 | W51: =SUM(S51:V51) -> 0 | AB51: =SUM(X51:AA51) -> 0 | AG51: =SUM(AC51:AF51) -> 0 | AL51: =SUM(AH51:AK51) -> 0 | AM51: =I51+N51+S51+X51+AC51+AH51 -> 0 | AN51: =J51+O51+T51+Y51+AD51+AI51 -> 0 | AO51: =K51+P51+U51+Z51+AE51+AJ51 -> 0 | AP51: =L51+Q51+V51+AA51+AF51+AK51 -> 0 | AQ51: =SUM(AM51:AP51) -> 0 | AS51: =IF(OR(AR51=0, AQ51=0),"-",AQ51/AR51*100-100) -> - | AU51: =IF(OR(AR51<=0,ISBLANK(AR51)),"",IF(AND(OR(AS51>=20,AS51<=-20)),IF(ISBLANK(AT51),B100,""),""))
B52: Veranstaltungen | AO52: Anzahl VA: | AS52: =IF(OR(AR52=0, AQ52=0),"-",AQ52/AR52*100-100) -> - | AU52: =IF(OR(AR52<=0,ISBLANK(AR52)),"",IF(AND(OR(AS52>=20,AS52<=-20)),IF(ISBLANK(AT52),B100,""),""))
B53: Digitale FAIR-PLAY-TEAM-Arbeit | AS53: =IF(OR(AR53=0, AQ53=0),"-",AQ53/AR53*100-100) -> - | AU53: =IF(OR(AR53<=0,ISBLANK(AR53)),"",IF(AND(OR(AS53>=20,AS53<=-20)),IF(ISBLANK(AT53),B100,""),""))
B54: SUMME | E54: =SUM(E7:E53) -> 0 | F54: =SUM(F7:F53) -> 0 | G54: =SUM(G7:G53) -> 0 | H54: =SUM(H7:H53) -> 0 | I54: =SUM(I7:I53) -> 0 | J54: =SUM(J7:J53) -> 0 | K54: =SUM(K7:K53) -> 0 | L54: =SUM(L7:L53) -> 0 | ... AO54: =SUM(AO7:AO53) -> 0 | AP54: =SUM(AP7:AP51) -> 0 | AQ54: =SUM(AQ7:AQ53) -> 0 | AR54: =SUM(AR7:AR53) -> 0
AO55: Anzahl der Veranstaltungen gehört in Spalte AP; wird nicht zu Summe k.A. hinzugerechnet
B56: Erläuterung zur Erhebung der Kontakte: | P56: 1500 | R56: 5 | S56: =LEN(#REF!) -> #REF! | T56: =LEN(#REF!)-LEN(SUBSTITUTE(#REF!,CHAR(10),""))+(LEN(#REF!)>1) -> #REF!
B57: über eine Begrüßung hinausgehend, keine Doppelzählung pro Tag | I57: Anmerkungen
B58: k.A. bei Geschlecht: um entsprechende Auswertungen vornehmen zu können wird ersucht, die Zuteilung auf männlich, weiblich und divers vorzunehmen; dies kann auch auf Einschätzungen beruhen; "keine Angabe" bei Geschlecht ist nur mit Begründung (im Anmerkungsfeld dieser Arbeitsmappe) zulässig.
B59: bei Veranstaltungen gilt, hier sind nur die Anzahl der Veranstaltungen und die Gesamtzahl der Teilnehmer*innen anzugeben
B60: bei digitaler FAIR-PLAY-TEAM-Arbeit gilt, wie bei allen anderen Angeboten: über eine Begrüßung hinausgehend. 1 Online-Kontakt = direkte Kommunikation/Austausch via Social Media Plattformen, E-Mail, Messenger-Dienste etc. (pro Tag und Angebot), Ein "like"/"Daumen hoch" oder ein Seitenaufruf einer Website bzw. Social-Media-Accounts gilt NICHT als Kontakt! Hier ist nur die Gesamtzahl der Kontakte anzugeben.
B63: IST-Personal | C63: männlich | D63: weiblich | E63: divers | F63: k.A. | G63: Gesamt
B64: ="Anzahl der Mitarbeiter*innen Stichtag 30.06."&C2 -> Anzahl der Mitarbeiter*innen Stichtag 30.06.2027 | G64: =SUM(C64:F64) -> 0
B65: ="Anzahl der Mitarbeiter*innen Stichtag 31.12."&C2 -> Anzahl der Mitarbeiter*innen Stichtag 31.12.2027 | G65: =SUM(C65:F65) -> 0
B66: ="Vollzeitäquivalente (VZÄ) auf Jahresbasis " &C2 -> Vollzeitäquivalente (VZÄ) auf Jahresbasis 2027 | G66: =SUM(C66:F66) -> 0
B67: Info Anzahl der Mitarbeiter*innen: | C67: Hier sind jene Personen anzuführen, die zum Stichtag AKTIV in der Organisation tätig sind; Dienstfreistellungen (z.B. Karenzierungen) sind hier nicht zu berücksichtigen. Anzahl Mitarbeiter*innen steht in keiner Verbindung zu Personen in Leitungsfunktionen (d.h. dass Personal in Leitungsfunktion auch bei Anzahl der Mitarbeiter*innen anzuführen ist)
B69: Ausfüllhilfe
B70: Bezeichnung des Angebots - wird von Angebotsaufschlüsselung übernommen. Sollten sich während des Förderjahres noch zusätzliche Angebote ergeben, können diese hier manuell nacherfasst werden. ACHTUNG: siehe Hinweis Zeile 79!
B71: Angebotsform - wird von Angebotsaufschlüsselung übernommen. Sollten sich während des Förderjahres noch zusätzliche Angebote ergeben, können diese hier manuell nacherfasst werden. ACHTUNG: siehe Hinweis Zeile 79!
B72: Bezirk - wird von Angebotsaufschlüsselung übernommen. Sollten sich während des Förderjahres noch zusätzliche Angebote ergeben, können diese hier manuell nacherfasst werden. ACHTUNG: siehe Hinweis Zeile 79!
B73: 65+ (Senior*innen) - Ist nur in Statistik-FAIR PLAY TEAM zu befüllen.
B74: =AR4&" (=Vorjahr) - Hier sind immer die Gesamtkontakte des Vorjahres zu den jeweiligen Angeboten anzuführen. Sollte es sich um ein erstmaliges Angebot handeln, ist hier nichts zu befüllen." -> Förderjahr 2026 (=Vorjahr) - Hier sind immer die Gesamtkontakte des Vorjahres zu den jeweiligen Angeboten anzuführen. Sollte es sich um ein erstmaliges Angebot handeln, ist hier nichts zu befüllen.
B75: Begründung - Wenn es zu einer Abweichung von über 20% zum Vorjahr kommt, ist hier eine Begründung anzuführen.
B76: Spalten Gruppieren - die Altersgruppen können gruppiert werden
B77: Arbeitsmappe Auswertung - Befüllt sich automatisch und bezieht die Daten aus den Arbeitsmappen Statistik_OKJA und Statistik_FPT
B79: Overheadkosten aus der Aufschlüsselung werden im Statistik-Blatt als leere Zeilen dargestellt - dies lässt sich technisch nicht ändern. Falls in diesen leeren Zeilen während des Förderjahres hinzugekommene Angebote dargestellt werden, werden automatisch, sobald eine Angebotsform ausgewählt wird, PLAN-Daten der Aufschlüsselung übernommen. Bitte darauf achten, dass die PLAN-Daten in diesem Fall korrigiert bzw. gelöscht werden.
B81: Bei mehreren Förderungen durch die Abteilung Bildung und Jugend innerhalb eines Förderjahres, sind sämtliche statistische Daten zu den Angeboten, welche im Rahmen der Antragstellung in der Arbeitsmappe angeführt wurden, in diesem Dokument zusammenzufassen und nur einmal im Rahmen der "zentralen Förderabrechnung" zu übermitteln.
B100: <- Bitte Begründung angeben
B101: <- Bitte Begründung angeben
C108: INDOOR
C109: OUTDOOR flex
C110: OUTDOOR fix
C111: FPT

Sheet Auswertung
A1: Förderwerber*in | C1: =IF(ISBLANK(Aufschlüsselung!C1),"",Aufschlüsselung!C1)
A2: Förderjahr | C2: =Aufschlüsselung!C2 -> 2027
A3: Angebotscluster | D3: KONTAKTE | J3: ="Differenz Kontakte "&C2-1&"/"&C2 -> Differenz Kontakte 2026/2027
D4: ="Förderjahr "&C2 -> Förderjahr 2027 | I4: ="Förderjahr "&C2-1&" Gesamt" -> Förderjahr 2026 Gesamt
C5: Anzahl | D5: männlich | E5: weiblich | F5: divers | G5: k.A. | H5: Gesamt | J5: in % | K5: in Zahlen
A6: INDOOR | C6: =COUNTIF(statistic_offer_selection,$A6) -> 0 | D6: {=SUM((Statistik_OKJA!$C$7:C$51=$A6)*((Statistik_OKJA!I$7:I$51)+(Statistik_OKJA!N$7:N$51)+(Statistik_OKJA!S$7:S$51)+(Statistik_OKJA!X$7:X$51)+(Statistik_OKJA!AC$7:AC$51)+(Statistik_OKJA!AH$7:AH$51)))} -> 0 | E6: {=SUM((Statistik_OKJA!$C$7:D$51=$A6)*((Statistik_OKJA!J$7:J$51)+(Statistik_OKJA!O$7:O$51)+(Statistik_OKJA!T$7:T$51)+(Statistik_OKJA!Y$7:Y$51)+(Statistik_OKJA!AD$7:AD$51)+(Statistik_OKJA!AI$7:AI$51)))} -> 0 | F6: {=SUM((Statistik_OKJA!$C$7:E$51=$A6)*((Statistik_OKJA!K$7:K$51)+(Statistik_OKJA!P$7:P$51)+(Statistik_OKJA!U$7:U$51)+(Statistik_OKJA!Z$7:Z$51)+(Statistik_OKJA!AE$7:AE$51)+(Statistik_OKJA!AJ$7:AJ$51)))} -> 0 | G6: {=SUM((Statistik_OKJA!$C$7:F$51=$A6)*((Statistik_OKJA!L$7:L$51)+(Statistik_OKJA!Q$7:Q$51)+(Statistik_OKJA!V$7:V$51)+(Statistik_OKJA!AA$7:AA$51)+(Statistik_OKJA!AF$7:AF$51)+(Statistik_OKJA!AK$7:AK$51)))} -> 0 | H6: =SUM(D6:G6) -> 0 | I6: {=SUM((Statistik_OKJA!$C$7:C$51=$A6)*(Statistik_OKJA!AR$7:AR$51))} -> 0 | J6: =IF(OR(I6=0, H6=0),"-",H6/I6*100-100) -> - | K6: =IF(OR(I6=0, H6=0),"-",H6-I6) -> -
A7: OUTDOOR FLEX | C7: =COUNTIF(statistic_offer_selection,$A7) -> 0 | D7: {=SUM((Statistik_OKJA!$C$7:C$51=$A7)*((Statistik_OKJA!I$7:I$51)+(Statistik_OKJA!N$7:N$51)+(Statistik_OKJA!S$7:S$51)+(Statistik_OKJA!X$7:X$51)+(Statistik_OKJA!AC$7:AC$51)+(Statistik_OKJA!AH$7:AH$51)))} -> 0 | E7: {=SUM((Statistik_OKJA!$C$7:D$51=$A7)*((Statistik_OKJA!J$7:J$51)+(Statistik_OKJA!O$7:O$51)+(Statistik_OKJA!T$7:T$51)+(Statistik_OKJA!Y$7:Y$51)+(Statistik_OKJA!AD$7:AD$51)+(Statistik_OKJA!AI$7:AI$51)))} -> 0 | F7: {=SUM((Statistik_OKJA!$C$7:E$51=$A7)*((Statistik_OKJA!K$7:K$51)+(Statistik_OKJA!P$7:P$51)+(Statistik_OKJA!U$7:U$51)+(Statistik_OKJA!Z$7:Z$51)+(Statistik_OKJA!AE$7:AE$51)+(Statistik_OKJA!AJ$7:AJ$51)))} -> 0 | G7: {=SUM((Statistik_OKJA!$C$7:F$51=$A7)*((Statistik_OKJA!L$7:L$51)+(Statistik_OKJA!Q$7:Q$51)+(Statistik_OKJA!V$7:V$51)+(Statistik_OKJA!AA$7:AA$51)+(Statistik_OKJA!AF$7:AF$51)+(Statistik_OKJA!AK$7:AK$51)))} -> 0 | H7: =SUM(D7:G7) -> 0 | I7: {=SUM((Statistik_OKJA!$C$7:C$51=$A7)*(Statistik_OKJA!AR$7:AR$51))} -> 0 | J7: =IF(OR(I7=0, H7=0),"-",H7/I7*100-100) -> - | K7: =IF(OR(I7=0, H7=0),"-",H7-I7) -> -
A8: OUTDOOR FIX | C8: =COUNTIF(statistic_offer_selection,$A8) -> 0 | D8: {=SUM((Statistik_OKJA!$C$7:C$51=$A8)*((Statistik_OKJA!I$7:I$51)+(Statistik_OKJA!N$7:N$51)+(Statistik_OKJA!S$7:S$51)+(Statistik_OKJA!X$7:X$51)+(Statistik_OKJA!AC$7:AC$51)+(Statistik_OKJA!AH$7:AH$51)))} -> 0 | E8: {=SUM((Statistik_OKJA!$C$7:D$51=$A8)*((Statistik_OKJA!J$7:J$51)+(Statistik_OKJA!O$7:O$51)+(Statistik_OKJA!T$7:T$51)+(Statistik_OKJA!Y$7:Y$51)+(Statistik_OKJA!AD$7:AD$51)+(Statistik_OKJA!AI$7:AI$51)))} -> 0 | F8: {=SUM((Statistik_OKJA!$C$7:E$51=$A8)*((Statistik_OKJA!K$7:K$51)+(Statistik_OKJA!P$7:P$51)+(Statistik_OKJA!U$7:U$51)+(Statistik_OKJA!Z$7:Z$51)+(Statistik_OKJA!AE$7:AE$51)+(Statistik_OKJA!AJ$7:AJ$51)))} -> 0 | G8: {=SUM((Statistik_OKJA!$C$7:F$51=$A8)*((Statistik_OKJA!L$7:L$51)+(Statistik_OKJA!Q$7:Q$51)+(Statistik_OKJA!V$7:V$51)+(Statistik_OKJA!AA$7:AA$51)+(Statistik_OKJA!AF$7:AF$51)+(Statistik_OKJA!AK$7:AK$51)))} -> 0 | H8: =SUM(D8:G8) -> 0 | I8: {=SUM((Statistik_OKJA!$C$7:C$51=$A8)*(Statistik_OKJA!AR$7:AR$51))} -> 0 | J8: =IF(OR(I8=0, H8=0),"-",H8/I8*100-100) -> - | K8: =IF(OR(I8=0, H8=0),"-",H8-I8) -> -
A9: FPT | C9: =COUNTIF(Statistik_FPT!statistic_offer_selection,$A9) -> 0 | D9: {=SUM((Statistik_FPT!$C$7:C$51=$A9)*((Statistik_FPT!I$7:I$51)+(Statistik_FPT!N$7:N$51)+(Statistik_FPT!S$7:S$51)+(Statistik_FPT!X$7:X$51)+(Statistik_FPT!AC$7:AC$51)+(Statistik_FPT!AH$7:AH$51)))} -> 0 | E9: {=SUM((Statistik_FPT!$C$7:D$51=$A9)*((Statistik_FPT!J$7:J$51)+(Statistik_FPT!O$7:O$51)+(Statistik_FPT!T$7:T$51)+(Statistik_FPT!Y$7:Y$51)+(Statistik_FPT!AD$7:AD$51)+(Statistik_FPT!AI$7:AI$51)))} -> 0 | F9: {=SUM((Statistik_FPT!$C$7:E$51=$A9)*((Statistik_FPT!K$7:K$51)+(Statistik_FPT!P$7:P$51)+(Statistik_FPT!U$7:U$51)+(Statistik_FPT!Z$7:Z$51)+(Statistik_FPT!AE$7:AE$51)+(Statistik_FPT!AJ$7:AJ$51)))} -> 0 | G9: {=SUM((Statistik_FPT!$C$7:F$51=$A9)*((Statistik_FPT!L$7:L$51)+(Statistik_FPT!Q$7:Q$51)+(Statistik_FPT!V$7:V$51)+(Statistik_FPT!AA$7:AA$51)+(Statistik_FPT!AF$7:AF$51)+(Statistik_FPT!AK$7:AK$51)))} -> 0 | H9: =SUM(D9:G9) -> 0 | I9: {=SUM((Statistik_FPT!$C$7:C$51=$A9)*(Statistik_FPT!AR$7:AR$51))} -> 0 | J9: =IF(OR(I9=0, H9=0),"-",H9/I9*100-100) -> - | K9: =IF(OR(I9=0, H9=0),"-",H9-I9) -> -
A10: Zwischensumme | D10: =SUM(D6:D9) -> 0 | E10: =SUM(E6:E9) -> 0 | F10: =SUM(F6:F9) -> 0 | G10: =SUM(G6:G9) -> 0 | H10: =SUM(H6:H9) -> 0 | I10: =SUM(I6:I9) -> 0 | J10: =IF(OR(I10=0, H10=0),"-",H10/I10*100-100) -> - | K10: =IF(OR(I10=0, H10=0),"-",H10-I10) -> -
A11: Veranstaltungen JA | C11: =Statistik_OKJA!AP52 -> 0 | H11: =Statistik_OKJA!AQ52 -> 0 | I11: =Statistik_OKJA!AR52 -> 0 | J11: =IF(OR(I11=0, H11=0),"-",H11/I11*100-100) -> - | K11: =IF(OR(I11=0, H11=0),"-",H11-I11) -> -
A12: Veranstaltungen FPT | C12: =Statistik_FPT!AP52 -> 0 | H12: =Statistik_FPT!AQ52 -> 0 | I12: =Statistik_FPT!AR52 -> 0 | J12: =IF(OR(I12=0, H12=0),"-",H12/I12*100-100) -> - | K12: =IF(OR(I12=0, H12=0),"-",H12-I12) -> -
A13: Digitale Jugendarbeit | H13: =Statistik_OKJA!AQ53 -> 0 | I13: =Statistik_OKJA!AR53 -> 0 | J13: =IF(OR(I13=0, H13=0),"-",H13/I13*100-100) -> - | K13: =IF(OR(I13=0, H13=0),"-",H13-I13) -> -
A14: Digitale FPT-Arbeit | H14: =Statistik_FPT!AQ53 -> 0 | I14: =Statistik_FPT!AR53 -> 0 | J14: =IF(OR(I14=0, H14=0),"-",H14/I14*100-100) -> - | K14: =IF(OR(I14=0, H14=0),"-",H14-I14) -> -
A15: Summe | H15: =SUM(H10:H13) -> 0 | I15: =SUM(I10:I13) -> 0 | J15: =IF(OR(I15=0, H15=0),"-",H15/I15*100-100) -> - | K15: =IF(OR(I15=0, H15=0),"-",H15-I15) -> -
B18: ="Gesamtkontakte je Geschlecht je Angebot im Jahr "&C2 -> Gesamtkontakte je Geschlecht je Angebot im Jahr 2027
I19: ="Gesamtkontakte je Angebot im Jahr "&C2 -> Gesamtkontakte je Angebot im Jahr 2027
N20: ="Vergleich Gesamtkontakte je Angebot "&C2-1&"/"&C2 -> Vergleich Gesamtkontakte je Angebot 2026/2027
A34: IST-Personal | F34: männlich | G34: weiblich | H34: divers | I34: k.A. | J34: Gesamt
A35: ="Anzahl der Mitarbeiter*innen Stichtag 30.06."&C2 -> Anzahl der Mitarbeiter*innen Stichtag 30.06.2027 | F35: =SUM(Statistik_OKJA!C64+Statistik_FPT!C64) -> 0 | G35: =SUM(Statistik_OKJA!D64+Statistik_FPT!D64) -> 0 | H35: =SUM(Statistik_OKJA!E64+Statistik_FPT!E64) -> 0 | I35: =SUM(Statistik_OKJA!F64+Statistik_FPT!F64) -> 0 | J35: =SUM(F35:I35) -> 0
A36: ="Anzahl der Mitarbeiter*innen Stichtag 31.12."&C2 -> Anzahl der Mitarbeiter*innen Stichtag 31.12.2027 | F36: =SUM(Statistik_OKJA!C65+Statistik_FPT!C65) -> 0 | G36: =SUM(Statistik_OKJA!D65+Statistik_FPT!D65) -> 0 | H36: =SUM(Statistik_OKJA!E65+Statistik_FPT!E65) -> 0 | I36: =SUM(Statistik_OKJA!F65+Statistik_FPT!F65) -> 0 | J36: =SUM(F36:I36) -> 0
A37: ="Vollzeitäquivalente (VZÄ) auf Jahresbasis "&C2 -> Vollzeitäquivalente (VZÄ) auf Jahresbasis 2027 | F37: =SUM(Statistik_OKJA!C66+Statistik_FPT!C66) -> 0 | G37: =SUM(Statistik_OKJA!D66+Statistik_FPT!D66) -> 0 | H37: =SUM(Statistik_OKJA!E66+Statistik_FPT!E66) -> 0 | I37: =SUM(Statistik_OKJA!F66+Statistik_FPT!F66) -> 0 | J37: =SUM(F37:I37) -> 0
A40: Bezirk
A43: 1 | D43: GESAMT | E43: Kinder (bis 10 Jahre) | J43: Teenies (11-14 Jahre) | O43: Jugendliche (15 - 18 Jahre) | T43: Junge Erwachsene (19 - 24 Jahre) | Y43: > 25 Jahren | AD43: Senior*innen (65+)
E44: männlich | F44: weiblich | G44: divers | H44: k.A. | I44: Gesamt | J44: männlich | K44: weiblich | L44: divers | M44: k.A. | N44: Gesamt | O44: männlich | P44: weiblich | Q44: divers | R44: k.A. | S44: Gesamt | T44: männlich | U44: weiblich | V44: divers | W44: k.A. | X44: Gesamt | Y44: männlich | Z44: weiblich | AA44: divers | AB44: k.A. | AC44: Gesamt | AD44: männlich | AE44: weiblich | AF44: divers | AG44: k.A. | AH44: Gesamt
A45: INDOOR | D45: {=SUM((Statistik_OKJA!$C$7:$C$51=$A45)*(Statistik_OKJA!$D$7:$D$51=$A43)*((Statistik_OKJA!AQ$7:AQ$51)))} -> 0 | E45: {=SUM((Statistik_OKJA!$C$7:$C$51=$A45)*(Statistik_OKJA!$D$7:$D$51=$A43)*((Statistik_OKJA!I$7:I$51)))} -> 0 | F45: {=SUM((Statistik_OKJA!$C$7:$C$51=$A45)*(Statistik_OKJA!$D$7:$D$51=$A43)*((Statistik_OKJA!J$7:J$51)))} -> 0 | G45: {=SUM((Statistik_OKJA!$C$7:$C$51=$A45)*(Statistik_OKJA!$D$7:$D$51=$A43)*((Statistik_OKJA!K$7:K$51)))} -> 0 | H45: {=SUM((Statistik_OKJA!$C$7:$C$51=$A45)*(Statistik_OKJA!$D$7:$D$51=$A43)*((Statistik_OKJA!L$7:L$51)))} -> 0 | I45: {=SUM((Statistik_OKJA!$C$7:$C$51=$A45)*(Statistik_OKJA!$D$7:$D$51=$A43)*((Statistik_OKJA!M$7:M$51)))} -> 0 | J45: {=SUM((Statistik_OKJA!$C$7:$C$51=$A45)*(Statistik_OKJA!$D$7:$D$51=$A43)*((Statistik_OKJA!N$7:N$51)))} -> 0 | K45: {=SUM((Statistik_OKJA!$C$7:$C$51=$A45)*(Statistik_OKJA!$D$7:$D$51=$A43)*((Statistik_OKJA!O$7:O$51)))} -> 0 | L45: {=SUM((Statistik_OKJA!$C$7:$C$51=$A45)*(Statistik_OKJA!$D$7:$D$51=$A43)*((Statistik_OKJA!P$7:P$51)))} -> 0 | ... AH45: {=SUM((Statistik_OKJA!$C$7:$C$51=$A45)*(Statistik_OKJA!$D$7:$D$51=$A43)*((Statistik_OKJA!AL$7:AL$51)))} -> 0
A46: OUTDOOR FLEX | D46: {=SUM((Statistik_OKJA!$C$7:$C$51=$A46)*(Statistik_OKJA!$D$7:$D$51=$A43)*((Statistik_OKJA!AQ$7:AQ$51)))} -> 0 | E46: {=SUM((Statistik_OKJA!$C$7:$C$51=$A46)*(Statistik_OKJA!$D$7:$D$51=$A43)*((Statistik_OKJA!I$7:I$51)))} -> 0 | F46: {=SUM((Statistik_OKJA!$C$7:$C$51=$A46)*(Statistik_OKJA!$D$7:$D$51=$A43)*((Statistik_OKJA!J$7:J$51)))} -> 0 | G46: {=SUM((Statistik_OKJA!$C$7:$C$51=$A46)*(Statistik_OKJA!$D$7:$D$51=$A43)*((Statistik_OKJA!K$7:K$51)))} -> 0 | H46: {=SUM((Statistik_OKJA!$C$7:$C$51=$A46)*(Statistik_OKJA!$D$7:$D$51=$A43)*((Statistik_OKJA!L$7:L$51)))} -> 0 | I46: {=SUM((Statistik_OKJA!$C$7:$C$51=$A46)*(Statistik_OKJA!$D$7:$D$51=$A43)*((Statistik_OKJA!M$7:M$51)))} -> 0 | J46: {=SUM((Statistik_OKJA!$C$7:$C$51=$A46)*(Statistik_OKJA!$D$7:$D$51=$A43)*((Statistik_OKJA!N$7:N$51)))} -> 0 | K46: {=SUM((Statistik_OKJA!$C$7:$C$51=$A46)*(Statistik_OKJA!$D$7:$D$51=$A43)*((Statistik_OKJA!O$7:O$51)))} -> 0 | L46: {=SUM((Statistik_OKJA!$C$7:$C$51=$A46)*(Statistik_OKJA!$D$7:$D$51=$A43)*((Statistik_OKJA!P$7:P$51)))} -> 0 | ... AH46: {=SUM((Statistik_OKJA!$C$7:$C$51=$A46)*(Statistik_OKJA!$D$7:$D$51=$A43)*((Statistik_OKJA!AL$7:AL$51)))} -> 0
A47: OUTDOOR FIX | D47: {=SUM((Statistik_OKJA!$C$7:$C$51=$A47)*(Statistik_OKJA!$D$7:$D$51=$A43)*((Statistik_OKJA!AQ$7:AQ$51)))} -> 0 | E47: {=SUM((Statistik_OKJA!$C$7:$C$51=$A47)*(Statistik_OKJA!$D$7:$D$51=$A43)*((Statistik_OKJA!I$7:I$51)))} -> 0 | F47: {=SUM((Statistik_OKJA!$C$7:$C$51=$A47)*(Statistik_OKJA!$D$7:$D$51=$A43)*((Statistik_OKJA!J$7:J$51)))} -> 0 | G47: {=SUM((Statistik_OKJA!$C$7:$C$51=$A47)*(Statistik_OKJA!$D$7:$D$51=$A43)*((Statistik_OKJA!K$7:K$51)))} -> 0 | H47: {=SUM((Statistik_OKJA!$C$7:$C$51=$A47)*(Statistik_OKJA!$D$7:$D$51=$A43)*((Statistik_OKJA!L$7:L$51)))} -> 0 | I47: {=SUM((Statistik_OKJA!$C$7:$C$51=$A47)*(Statistik_OKJA!$D$7:$D$51=$A43)*((Statistik_OKJA!M$7:M$51)))} -> 0 | J47: {=SUM((Statistik_OKJA!$C$7:$C$51=$A47)*(Statistik_OKJA!$D$7:$D$51=$A43)*((Statistik_OKJA!N$7:N$51)))} -> 0 | K47: {=SUM((Statistik_OKJA!$C$7:$C$51=$A47)*(Statistik_OKJA!$D$7:$D$51=$A43)*((Statistik_OKJA!O$7:O$51)))} -> 0 | L47: {=SUM((Statistik_OKJA!$C$7:$C$51=$A47)*(Statistik_OKJA!$D$7:$D$51=$A43)*((Statistik_OKJA!P$7:P$51)))} -> 0 | ... AH47: {=SUM((Statistik_OKJA!$C$7:$C$51=$A47)*(Statistik_OKJA!$D$7:$D$51=$A43)*((Statistik_OKJA!AL$7:AL$51)))} -> 0
A48: FPT | D48: {=SUM((Statistik_FPT!$C$7:$C$51=$A48)*(Statistik_FPT!$D$7:$D$51=$A43)*((Statistik_FPT!AQ$7:AQ$51)))} -> 0 | E48: {=SUM((Statistik_FPT!$C$7:$C$51=$A48)*(Statistik_FPT!$D$7:$D$51=$A43)*((Statistik_FPT!I$7:I$51)))} -> 0 | F48: {=SUM((Statistik_FPT!$C$7:$C$51=$A48)*(Statistik_FPT!$D$7:$D$51=$A43)*((Statistik_FPT!J$7:J$51)))} -> 0 | G48: {=SUM((Statistik_FPT!$C$7:$C$51=$A48)*(Statistik_FPT!$D$7:$D$51=$A43)*((Statistik_FPT!K$7:K$51)))} -> 0 | H48: {=SUM((Statistik_FPT!$C$7:$C$51=$A48)*(Statistik_FPT!$D$7:$D$51=$A43)*((Statistik_FPT!L$7:L$51)))} -> 0 | I48: {=SUM((Statistik_FPT!$C$7:$C$51=$A48)*(Statistik_FPT!$D$7:$D$51=$A43)*((Statistik_FPT!M$7:M$51)))} -> 0 | J48: {=SUM((Statistik_FPT!$C$7:$C$51=$A48)*(Statistik_FPT!$D$7:$D$51=$A43)*((Statistik_FPT!N$7:N$51)))} -> 0 | K48: {=SUM((Statistik_FPT!$C$7:$C$51=$A48)*(Statistik_FPT!$D$7:$D$51=$A43)*((Statistik_FPT!O$7:O$51)))} -> 0 | L48: {=SUM((Statistik_FPT!$C$7:$C$51=$A48)*(Statistik_FPT!$D$7:$D$51=$A43)*((Statistik_FPT!P$7:P$51)))} -> 0 | ... AH48: {=SUM((Statistik_FPT!$C$7:$C$51=$A48)*(Statistik_FPT!$D$7:$D$51=$A43)*((Statistik_FPT!AL$7:AL$51)))} -> 0
A50: 2 | D50: GESAMT | E50: Kinder (bis 10 Jahre) | J50: Teenies (11-14 Jahre) | O50: Jugendliche (15 - 18 Jahre) | T50: Junge Erwachsene (19 - 24 Jahre) | Y50: > 25 Jahren | AD50: Senior*innen (65+)
E51: männlich | F51: weiblich | G51: divers | H51: k.A. | I51: Gesamt | J51: männlich | K51: weiblich | L51: divers | M51: k.A. | N51: Gesamt | O51: männlich | P51: weiblich | Q51: divers | R51: k.A. | S51: Gesamt | T51: männlich | U51: weiblich | V51: divers | W51: k.A. | X51: Gesamt | Y51: männlich | Z51: weiblich | AA51: divers | AB51: k.A. | AC51: Gesamt | AD51: männlich | AE51: weiblich | AF51: divers | AG51: k.A. | AH51: Gesamt
A52: INDOOR | D52: {=SUM((Statistik_OKJA!$C$7:$C$51=$A52)*(Statistik_OKJA!$D$7:$D$51=$A50)*((Statistik_OKJA!AQ$7:AQ$51)))} -> 0 | E52: {=SUM((Statistik_OKJA!$C$7:$C$51=$A52)*(Statistik_OKJA!$D$7:$D$51=$A50)*((Statistik_OKJA!I$7:I$51)))} -> 0 | F52: {=SUM((Statistik_OKJA!$C$7:$C$51=$A52)*(Statistik_OKJA!$D$7:$D$51=$A50)*((Statistik_OKJA!J$7:J$51)))} -> 0 | G52: {=SUM((Statistik_OKJA!$C$7:$C$51=$A52)*(Statistik_OKJA!$D$7:$D$51=$A50)*((Statistik_OKJA!K$7:K$51)))} -> 0 | H52: {=SUM((Statistik_OKJA!$C$7:$C$51=$A52)*(Statistik_OKJA!$D$7:$D$51=$A50)*((Statistik_OKJA!L$7:L$51)))} -> 0 | I52: {=SUM((Statistik_OKJA!$C$7:$C$51=$A52)*(Statistik_OKJA!$D$7:$D$51=$A50)*((Statistik_OKJA!M$7:M$51)))} -> 0 | J52: {=SUM((Statistik_OKJA!$C$7:$C$51=$A52)*(Statistik_OKJA!$D$7:$D$51=$A50)*((Statistik_OKJA!N$7:N$51)))} -> 0 | K52: {=SUM((Statistik_OKJA!$C$7:$C$51=$A52)*(Statistik_OKJA!$D$7:$D$51=$A50)*((Statistik_OKJA!O$7:O$51)))} -> 0 | L52: {=SUM((Statistik_OKJA!$C$7:$C$51=$A52)*(Statistik_OKJA!$D$7:$D$51=$A50)*((Statistik_OKJA!P$7:P$51)))} -> 0 | ... AH52: {=SUM((Statistik_OKJA!$C$7:$C$51=$A52)*(Statistik_OKJA!$D$7:$D$51=$A50)*((Statistik_OKJA!AL$7:AL$51)))} -> 0
A53: OUTDOOR FLEX | D53: {=SUM((Statistik_OKJA!$C$7:$C$51=$A53)*(Statistik_OKJA!$D$7:$D$51=$A50)*((Statistik_OKJA!AQ$7:AQ$51)))} -> 0 | E53: {=SUM((Statistik_OKJA!$C$7:$C$51=$A53)*(Statistik_OKJA!$D$7:$D$51=$A50)*((Statistik_OKJA!I$7:I$51)))} -> 0 | F53: {=SUM((Statistik_OKJA!$C$7:$C$51=$A53)*(Statistik_OKJA!$D$7:$D$51=$A50)*((Statistik_OKJA!J$7:J$51)))} -> 0 | G53: {=SUM((Statistik_OKJA!$C$7:$C$51=$A53)*(Statistik_OKJA!$D$7:$D$51=$A50)*((Statistik_OKJA!K$7:K$51)))} -> 0 | H53: {=SUM((Statistik_OKJA!$C$7:$C$51=$A53)*(Statistik_OKJA!$D$7:$D$51=$A50)*((Statistik_OKJA!L$7:L$51)))} -> 0 | I53: {=SUM((Statistik_OKJA!$C$7:$C$51=$A53)*(Statistik_OKJA!$D$7:$D$51=$A50)*((Statistik_OKJA!M$7:M$51)))} -> 0 | J53: {=SUM((Statistik_OKJA!$C$7:$C$51=$A53)*(Statistik_OKJA!$D$7:$D$51=$A50)*((Statistik_OKJA!N$7:N$51)))} -> 0 | K53: {=SUM((Statistik_OKJA!$C$7:$C$51=$A53)*(Statistik_OKJA!$D$7:$D$51=$A50)*((Statistik_OKJA!O$7:O$51)))} -> 0 | L53: {=SUM((Statistik_OKJA!$C$7:$C$51=$A53)*(Statistik_OKJA!$D$7:$D$51=$A50)*((Statistik_OKJA!P$7:P$51)))} -> 0 | ... AH53: {=SUM((Statistik_OKJA!$C$7:$C$51=$A53)*(Statistik_OKJA!$D$7:$D$51=$A50)*((Statistik_OKJA!AL$7:AL$51)))} -> 0
A54: OUTDOOR FIX | D54: {=SUM((Statistik_OKJA!$C$7:$C$51=$A54)*(Statistik_OKJA!$D$7:$D$51=$A50)*((Statistik_OKJA!AQ$7:AQ$51)))} -> 0 | E54: {=SUM((Statistik_OKJA!$C$7:$C$51=$A54)*(Statistik_OKJA!$D$7:$D$51=$A50)*((Statistik_OKJA!I$7:I$51)))} -> 0 | F54: {=SUM((Statistik_OKJA!$C$7:$C$51=$A54)*(Statistik_OKJA!$D$7:$D$51=$A50)*((Statistik_OKJA!J$7:J$51)))} -> 0 | G54: {=SUM((Statistik_OKJA!$C$7:$C$51=$A54)*(Statistik_OKJA!$D$7:$D$51=$A50)*((Statistik_OKJA!K$7:K$51)))} -> 0 | H54: {=SUM((Statistik_OKJA!$C$7:$C$51=$A54)*(Statistik_OKJA!$D$7:$D$51=$A50)*((Statistik_OKJA!L$7:L$51)))} -> 0 | I54: {=SUM((Statistik_OKJA!$C$7:$C$51=$A54)*(Statistik_OKJA!$D$7:$D$51=$A50)*((Statistik_OKJA!M$7:M$51)))} -> 0 | J54: {=SUM((Statistik_OKJA!$C$7:$C$51=$A54)*(Statistik_OKJA!$D$7:$D$51=$A50)*((Statistik_OKJA!N$7:N$51)))} -> 0 | K54: {=SUM((Statistik_OKJA!$C$7:$C$51=$A54)*(Statistik_OKJA!$D$7:$D$51=$A50)*((Statistik_OKJA!O$7:O$51)))} -> 0 | L54: {=SUM((Statistik_OKJA!$C$7:$C$51=$A54)*(Statistik_OKJA!$D$7:$D$51=$A50)*((Statistik_OKJA!P$7:P$51)))} -> 0 | ... AH54: {=SUM((Statistik_OKJA!$C$7:$C$51=$A54)*(Statistik_OKJA!$D$7:$D$51=$A50)*((Statistik_OKJA!AL$7:AL$51)))} -> 0
A55: FPT | D55: {=SUM((Statistik_FPT!$C$7:$C$51=$A55)*(Statistik_FPT!$D$7:$D$51=$A50)*((Statistik_FPT!AQ$7:AQ$51)))} -> 0 | E55: {=SUM((Statistik_FPT!$C$7:$C$51=$A55)*(Statistik_FPT!$D$7:$D$51=$A50)*((Statistik_FPT!I$7:I$51)))} -> 0 | F55: {=SUM((Statistik_FPT!$C$7:$C$51=$A55)*(Statistik_FPT!$D$7:$D$51=$A50)*((Statistik_FPT!J$7:J$51)))} -> 0 | G55: {=SUM((Statistik_FPT!$C$7:$C$51=$A55)*(Statistik_FPT!$D$7:$D$51=$A50)*((Statistik_FPT!K$7:K$51)))} -> 0 | H55: {=SUM((Statistik_FPT!$C$7:$C$51=$A55)*(Statistik_FPT!$D$7:$D$51=$A50)*((Statistik_FPT!L$7:L$51)))} -> 0 | I55: {=SUM((Statistik_FPT!$C$7:$C$51=$A55)*(Statistik_FPT!$D$7:$D$51=$A50)*((Statistik_FPT!M$7:M$51)))} -> 0 | J55: {=SUM((Statistik_FPT!$C$7:$C$51=$A55)*(Statistik_FPT!$D$7:$D$51=$A50)*((Statistik_FPT!N$7:N$51)))} -> 0 | K55: {=SUM((Statistik_FPT!$C$7:$C$51=$A55)*(Statistik_FPT!$D$7:$D$51=$A50)*((Statistik_FPT!O$7:O$51)))} -> 0 | L55: {=SUM((Statistik_FPT!$C$7:$C$51=$A55)*(Statistik_FPT!$D$7:$D$51=$A50)*((Statistik_FPT!P$7:P$51)))} -> 0 | ... AH55: {=SUM((Statistik_FPT!$C$7:$C$51=$A55)*(Statistik_FPT!$D$7:$D$51=$A50)*((Statistik_FPT!AL$7:AL$51)))} -> 0
A57: 3 | D57: GESAMT | E57: Kinder (bis 10 Jahre) | J57: Teenies (11-14 Jahre) | O57: Jugendliche (15 - 18 Jahre) | T57: Junge Erwachsene (19 - 24 Jahre) | Y57: > 25 Jahren | AD57: Senior*innen (65+)
E58: männlich | F58: weiblich | G58: divers | H58: k.A. | I58: Gesamt | J58: männlich | K58: weiblich | L58: divers | M58: k.A. | N58: Gesamt | O58: männlich | P58: weiblich | Q58: divers | R58: k.A. | S58: Gesamt | T58: männlich | U58: weiblich | V58: divers | W58: k.A. | X58: Gesamt | Y58: männlich | Z58: weiblich | AA58: divers | AB58: k.A. | AC58: Gesamt | AD58: männlich | AE58: weiblich | AF58: divers | AG58: k.A. | AH58: Gesamt
A59: INDOOR | D59: {=SUM((Statistik_OKJA!$C$7:$C$51=$A59)*(Statistik_OKJA!$D$7:$D$51=$A57)*((Statistik_OKJA!AQ$7:AQ$51)))} -> 0 | E59: {=SUM((Statistik_OKJA!$C$7:$C$51=$A59)*(Statistik_OKJA!$D$7:$D$51=$A57)*((Statistik_OKJA!I$7:I$51)))} -> 0 | F59: {=SUM((Statistik_OKJA!$C$7:$C$51=$A59)*(Statistik_OKJA!$D$7:$D$51=$A57)*((Statistik_OKJA!J$7:J$51)))} -> 0 | G59: {=SUM((Statistik_OKJA!$C$7:$C$51=$A59)*(Statistik_OKJA!$D$7:$D$51=$A57)*((Statistik_OKJA!K$7:K$51)))} -> 0 | H59: {=SUM((Statistik_OKJA!$C$7:$C$51=$A59)*(Statistik_OKJA!$D$7:$D$51=$A57)*((Statistik_OKJA!L$7:L$51)))} -> 0 | I59: {=SUM((Statistik_OKJA!$C$7:$C$51=$A59)*(Statistik_OKJA!$D$7:$D$51=$A57)*((Statistik_OKJA!M$7:M$51)))} -> 0 | J59: {=SUM((Statistik_OKJA!$C$7:$C$51=$A59)*(Statistik_OKJA!$D$7:$D$51=$A57)*((Statistik_OKJA!N$7:N$51)))} -> 0 | K59: {=SUM((Statistik_OKJA!$C$7:$C$51=$A59)*(Statistik_OKJA!$D$7:$D$51=$A57)*((Statistik_OKJA!O$7:O$51)))} -> 0 | L59: {=SUM((Statistik_OKJA!$C$7:$C$51=$A59)*(Statistik_OKJA!$D$7:$D$51=$A57)*((Statistik_OKJA!P$7:P$51)))} -> 0 | ... AH59: {=SUM((Statistik_OKJA!$C$7:$C$51=$A59)*(Statistik_OKJA!$D$7:$D$51=$A57)*((Statistik_OKJA!AL$7:AL$51)))} -> 0
A60: OUTDOOR FLEX | D60: {=SUM((Statistik_OKJA!$C$7:$C$51=$A60)*(Statistik_OKJA!$D$7:$D$51=$A57)*((Statistik_OKJA!AQ$7:AQ$51)))} -> 0 | E60: {=SUM((Statistik_OKJA!$C$7:$C$51=$A60)*(Statistik_OKJA!$D$7:$D$51=$A57)*((Statistik_OKJA!I$7:I$51)))} -> 0 | F60: {=SUM((Statistik_OKJA!$C$7:$C$51=$A60)*(Statistik_OKJA!$D$7:$D$51=$A57)*((Statistik_OKJA!J$7:J$51)))} -> 0 | G60: {=SUM((Statistik_OKJA!$C$7:$C$51=$A60)*(Statistik_OKJA!$D$7:$D$51=$A57)*((Statistik_OKJA!K$7:K$51)))} -> 0 | H60: {=SUM((Statistik_OKJA!$C$7:$C$51=$A60)*(Statistik_OKJA!$D$7:$D$51=$A57)*((Statistik_OKJA!L$7:L$51)))} -> 0 | I60: {=SUM((Statistik_OKJA!$C$7:$C$51=$A60)*(Statistik_OKJA!$D$7:$D$51=$A57)*((Statistik_OKJA!M$7:M$51)))} -> 0 | J60: {=SUM((Statistik_OKJA!$C$7:$C$51=$A60)*(Statistik_OKJA!$D$7:$D$51=$A57)*((Statistik_OKJA!N$7:N$51)))} -> 0 | K60: {=SUM((Statistik_OKJA!$C$7:$C$51=$A60)*(Statistik_OKJA!$D$7:$D$51=$A57)*((Statistik_OKJA!O$7:O$51)))} -> 0 | L60: {=SUM((Statistik_OKJA!$C$7:$C$51=$A60)*(Statistik_OKJA!$D$7:$D$51=$A57)*((Statistik_OKJA!P$7:P$51)))} -> 0 | ... AH60: {=SUM((Statistik_OKJA!$C$7:$C$51=$A60)*(Statistik_OKJA!$D$7:$D$51=$A57)*((Statistik_OKJA!AL$7:AL$51)))} -> 0
A61: OUTDOOR FIX | D61: {=SUM((Statistik_OKJA!$C$7:$C$51=$A61)*(Statistik_OKJA!$D$7:$D$51=$A57)*((Statistik_OKJA!AQ$7:AQ$51)))} -> 0 | E61: {=SUM((Statistik_OKJA!$C$7:$C$51=$A61)*(Statistik_OKJA!$D$7:$D$51=$A57)*((Statistik_OKJA!I$7:I$51)))} -> 0 | F61: {=SUM((Statistik_OKJA!$C$7:$C$51=$A61)*(Statistik_OKJA!$D$7:$D$51=$A57)*((Statistik_OKJA!J$7:J$51)))} -> 0 | G61: {=SUM((Statistik_OKJA!$C$7:$C$51=$A61)*(Statistik_OKJA!$D$7:$D$51=$A57)*((Statistik_OKJA!K$7:K$51)))} -> 0 | H61: {=SUM((Statistik_OKJA!$C$7:$C$51=$A61)*(Statistik_OKJA!$D$7:$D$51=$A57)*((Statistik_OKJA!L$7:L$51)))} -> 0 | I61: {=SUM((Statistik_OKJA!$C$7:$C$51=$A61)*(Statistik_OKJA!$D$7:$D$51=$A57)*((Statistik_OKJA!M$7:M$51)))} -> 0 | J61: {=SUM((Statistik_OKJA!$C$7:$C$51=$A61)*(Statistik_OKJA!$D$7:$D$51=$A57)*((Statistik_OKJA!N$7:N$51)))} -> 0 | K61: {=SUM((Statistik_OKJA!$C$7:$C$51=$A61)*(Statistik_OKJA!$D$7:$D$51=$A57)*((Statistik_OKJA!O$7:O$51)))} -> 0 | L61: {=SUM((Statistik_OKJA!$C$7:$C$51=$A61)*(Statistik_OKJA!$D$7:$D$51=$A57)*((Statistik_OKJA!P$7:P$51)))} -> 0 | ... AH61: {=SUM((Statistik_OKJA!$C$7:$C$51=$A61)*(Statistik_OKJA!$D$7:$D$51=$A57)*((Statistik_OKJA!AL$7:AL$51)))} -> 0
A62: FPT | D62: {=SUM((Statistik_FPT!$C$7:$C$51=$A62)*(Statistik_FPT!$D$7:$D$51=$A57)*((Statistik_FPT!AQ$7:AQ$51)))} -> 0 | E62: {=SUM((Statistik_FPT!$C$7:$C$51=$A62)*(Statistik_FPT!$D$7:$D$51=$A57)*((Statistik_FPT!I$7:I$51)))} -> 0 | F62: {=SUM((Statistik_FPT!$C$7:$C$51=$A62)*(Statistik_FPT!$D$7:$D$51=$A57)*((Statistik_FPT!J$7:J$51)))} -> 0 | G62: {=SUM((Statistik_FPT!$C$7:$C$51=$A62)*(Statistik_FPT!$D$7:$D$51=$A57)*((Statistik_FPT!K$7:K$51)))} -> 0 | H62: {=SUM((Statistik_FPT!$C$7:$C$51=$A62)*(Statistik_FPT!$D$7:$D$51=$A57)*((Statistik_FPT!L$7:L$51)))} -> 0 | I62: {=SUM((Statistik_FPT!$C$7:$C$51=$A62)*(Statistik_FPT!$D$7:$D$51=$A57)*((Statistik_FPT!M$7:M$51)))} -> 0 | J62: {=SUM((Statistik_FPT!$C$7:$C$51=$A62)*(Statistik_FPT!$D$7:$D$51=$A57)*((Statistik_FPT!N$7:N$51)))} -> 0 | K62: {=SUM((Statistik_FPT!$C$7:$C$51=$A62)*(Statistik_FPT!$D$7:$D$51=$A57)*((Statistik_FPT!O$7:O$51)))} -> 0 | L62: {=SUM((Statistik_FPT!$C$7:$C$51=$A62)*(Statistik_FPT!$D$7:$D$51=$A57)*((Statistik_FPT!P$7:P$51)))} -> 0 | ... AH62: {=SUM((Statistik_FPT!$C$7:$C$51=$A62)*(Statistik_FPT!$D$7:$D$51=$A57)*((Statistik_FPT!AL$7:AL$51)))} -> 0
A64: 4 | D64: GESAMT | E64: Kinder (bis 10 Jahre) | J64: Teenies (11-14 Jahre) | O64: Jugendliche (15 - 18 Jahre) | T64: Junge Erwachsene (19 - 24 Jahre) | Y64: > 25 Jahren | AD64: Senior*innen (65+)
E65: männlich | F65: weiblich | G65: divers | H65: k.A. | I65: Gesamt | J65: männlich | K65: weiblich | L65: divers | M65: k.A. | N65: Gesamt | O65: männlich | P65: weiblich | Q65: divers | R65: k.A. | S65: Gesamt | T65: männlich | U65: weiblich | V65: divers | W65: k.A. | X65: Gesamt | Y65: männlich | Z65: weiblich | AA65: divers | AB65: k.A. | AC65: Gesamt | AD65: männlich | AE65: weiblich | AF65: divers | AG65: k.A. | AH65: Gesamt
A66: INDOOR | D66: {=SUM((Statistik_OKJA!$C$7:$C$51=$A66)*(Statistik_OKJA!$D$7:$D$51=$A64)*((Statistik_OKJA!AQ$7:AQ$51)))} -> 0 | E66: {=SUM((Statistik_OKJA!$C$7:$C$51=$A66)*(Statistik_OKJA!$D$7:$D$51=$A64)*((Statistik_OKJA!I$7:I$51)))} -> 0 | F66: {=SUM((Statistik_OKJA!$C$7:$C$51=$A66)*(Statistik_OKJA!$D$7:$D$51=$A64)*((Statistik_OKJA!J$7:J$51)))} -> 0 | G66: {=SUM((Statistik_OKJA!$C$7:$C$51=$A66)*(Statistik_OKJA!$D$7:$D$51=$A64)*((Statistik_OKJA!K$7:K$51)))} -> 0 | H66: {=SUM((Statistik_OKJA!$C$7:$C$51=$A66)*(Statistik_OKJA!$D$7:$D$51=$A64)*((Statistik_OKJA!L$7:L$51)))} -> 0 | I66: {=SUM((Statistik_OKJA!$C$7:$C$51=$A66)*(Statistik_OKJA!$D$7:$D$51=$A64)*((Statistik_OKJA!M$7:M$51)))} -> 0 | J66: {=SUM((Statistik_OKJA!$C$7:$C$51=$A66)*(Statistik_OKJA!$D$7:$D$51=$A64)*((Statistik_OKJA!N$7:N$51)))} -> 0 | K66: {=SUM((Statistik_OKJA!$C$7:$C$51=$A66)*(Statistik_OKJA!$D$7:$D$51=$A64)*((Statistik_OKJA!O$7:O$51)))} -> 0 | L66: {=SUM((Statistik_OKJA!$C$7:$C$51=$A66)*(Statistik_OKJA!$D$7:$D$51=$A64)*((Statistik_OKJA!P$7:P$51)))} -> 0 | ... AH66: {=SUM((Statistik_OKJA!$C$7:$C$51=$A66)*(Statistik_OKJA!$D$7:$D$51=$A64)*((Statistik_OKJA!AL$7:AL$51)))} -> 0
A67: OUTDOOR FLEX | D67: {=SUM((Statistik_OKJA!$C$7:$C$51=$A67)*(Statistik_OKJA!$D$7:$D$51=$A64)*((Statistik_OKJA!AQ$7:AQ$51)))} -> 0 | E67: {=SUM((Statistik_OKJA!$C$7:$C$51=$A67)*(Statistik_OKJA!$D$7:$D$51=$A64)*((Statistik_OKJA!I$7:I$51)))} -> 0 | F67: {=SUM((Statistik_OKJA!$C$7:$C$51=$A67)*(Statistik_OKJA!$D$7:$D$51=$A64)*((Statistik_OKJA!J$7:J$51)))} -> 0 | G67: {=SUM((Statistik_OKJA!$C$7:$C$51=$A67)*(Statistik_OKJA!$D$7:$D$51=$A64)*((Statistik_OKJA!K$7:K$51)))} -> 0 | H67: {=SUM((Statistik_OKJA!$C$7:$C$51=$A67)*(Statistik_OKJA!$D$7:$D$51=$A64)*((Statistik_OKJA!L$7:L$51)))} -> 0 | I67: {=SUM((Statistik_OKJA!$C$7:$C$51=$A67)*(Statistik_OKJA!$D$7:$D$51=$A64)*((Statistik_OKJA!M$7:M$51)))} -> 0 | J67: {=SUM((Statistik_OKJA!$C$7:$C$51=$A67)*(Statistik_OKJA!$D$7:$D$51=$A64)*((Statistik_OKJA!N$7:N$51)))} -> 0 | K67: {=SUM((Statistik_OKJA!$C$7:$C$51=$A67)*(Statistik_OKJA!$D$7:$D$51=$A64)*((Statistik_OKJA!O$7:O$51)))} -> 0 | L67: {=SUM((Statistik_OKJA!$C$7:$C$51=$A67)*(Statistik_OKJA!$D$7:$D$51=$A64)*((Statistik_OKJA!P$7:P$51)))} -> 0 | ... AH67: {=SUM((Statistik_OKJA!$C$7:$C$51=$A67)*(Statistik_OKJA!$D$7:$D$51=$A64)*((Statistik_OKJA!AL$7:AL$51)))} -> 0
A68: OUTDOOR FIX | D68: {=SUM((Statistik_OKJA!$C$7:$C$51=$A68)*(Statistik_OKJA!$D$7:$D$51=$A64)*((Statistik_OKJA!AQ$7:AQ$51)))} -> 0 | E68: {=SUM((Statistik_OKJA!$C$7:$C$51=$A68)*(Statistik_OKJA!$D$7:$D$51=$A64)*((Statistik_OKJA!I$7:I$51)))} -> 0 | F68: {=SUM((Statistik_OKJA!$C$7:$C$51=$A68)*(Statistik_OKJA!$D$7:$D$51=$A64)*((Statistik_OKJA!J$7:J$51)))} -> 0 | G68: {=SUM((Statistik_OKJA!$C$7:$C$51=$A68)*(Statistik_OKJA!$D$7:$D$51=$A64)*((Statistik_OKJA!K$7:K$51)))} -> 0 | H68: {=SUM((Statistik_OKJA!$C$7:$C$51=$A68)*(Statistik_OKJA!$D$7:$D$51=$A64)*((Statistik_OKJA!L$7:L$51)))} -> 0 | I68: {=SUM((Statistik_OKJA!$C$7:$C$51=$A68)*(Statistik_OKJA!$D$7:$D$51=$A64)*((Statistik_OKJA!M$7:M$51)))} -> 0 | J68: {=SUM((Statistik_OKJA!$C$7:$C$51=$A68)*(Statistik_OKJA!$D$7:$D$51=$A64)*((Statistik_OKJA!N$7:N$51)))} -> 0 | K68: {=SUM((Statistik_OKJA!$C$7:$C$51=$A68)*(Statistik_OKJA!$D$7:$D$51=$A64)*((Statistik_OKJA!O$7:O$51)))} -> 0 | L68: {=SUM((Statistik_OKJA!$C$7:$C$51=$A68)*(Statistik_OKJA!$D$7:$D$51=$A64)*((Statistik_OKJA!P$7:P$51)))} -> 0 | ... AH68: {=SUM((Statistik_OKJA!$C$7:$C$51=$A68)*(Statistik_OKJA!$D$7:$D$51=$A64)*((Statistik_OKJA!AL$7:AL$51)))} -> 0
A69: FPT | D69: {=SUM((Statistik_FPT!$C$7:$C$51=$A69)*(Statistik_FPT!$D$7:$D$51=$A64)*((Statistik_FPT!AQ$7:AQ$51)))} -> 0 | E69: {=SUM((Statistik_FPT!$C$7:$C$51=$A69)*(Statistik_FPT!$D$7:$D$51=$A64)*((Statistik_FPT!I$7:I$51)))} -> 0 | F69: {=SUM((Statistik_FPT!$C$7:$C$51=$A69)*(Statistik_FPT!$D$7:$D$51=$A64)*((Statistik_FPT!J$7:J$51)))} -> 0 | G69: {=SUM((Statistik_FPT!$C$7:$C$51=$A69)*(Statistik_FPT!$D$7:$D$51=$A64)*((Statistik_FPT!K$7:K$51)))} -> 0 | H69: {=SUM((Statistik_FPT!$C$7:$C$51=$A69)*(Statistik_FPT!$D$7:$D$51=$A64)*((Statistik_FPT!L$7:L$51)))} -> 0 | I69: {=SUM((Statistik_FPT!$C$7:$C$51=$A69)*(Statistik_FPT!$D$7:$D$51=$A64)*((Statistik_FPT!M$7:M$51)))} -> 0 | J69: {=SUM((Statistik_FPT!$C$7:$C$51=$A69)*(Statistik_FPT!$D$7:$D$51=$A64)*((Statistik_FPT!N$7:N$51)))} -> 0 | K69: {=SUM((Statistik_FPT!$C$7:$C$51=$A69)*(Statistik_FPT!$D$7:$D$51=$A64)*((Statistik_FPT!O$7:O$51)))} -> 0 | L69: {=SUM((Statistik_FPT!$C$7:$C$51=$A69)*(Statistik_FPT!$D$7:$D$51=$A64)*((Statistik_FPT!P$7:P$51)))} -> 0 | ... AH69: {=SUM((Statistik_FPT!$C$7:$C$51=$A69)*(Statistik_FPT!$D$7:$D$51=$A64)*((Statistik_FPT!AL$7:AL$51)))} -> 0
A71: 5 | D71: GESAMT | E71: Kinder (bis 10 Jahre) | J71: Teenies (11-14 Jahre) | O71: Jugendliche (15 - 18 Jahre) | T71: Junge Erwachsene (19 - 24 Jahre) | Y71: > 25 Jahren | AD71: Senior*innen (65+)
E72: männlich | F72: weiblich | G72: divers | H72: k.A. | I72: Gesamt | J72: männlich | K72: weiblich | L72: divers | M72: k.A. | N72: Gesamt | O72: männlich | P72: weiblich | Q72: divers | R72: k.A. | S72: Gesamt | T72: männlich | U72: weiblich | V72: divers | W72: k.A. | X72: Gesamt | Y72: männlich | Z72: weiblich | AA72: divers | AB72: k.A. | AC72: Gesamt | AD72: männlich | AE72: weiblich | AF72: divers | AG72: k.A. | AH72: Gesamt
A73: INDOOR | D73: {=SUM((Statistik_OKJA!$C$7:$C$51=$A73)*(Statistik_OKJA!$D$7:$D$51=$A71)*((Statistik_OKJA!AQ$7:AQ$51)))} -> 0 | E73: {=SUM((Statistik_OKJA!$C$7:$C$51=$A73)*(Statistik_OKJA!$D$7:$D$51=$A71)*((Statistik_OKJA!I$7:I$51)))} -> 0 | F73: {=SUM((Statistik_OKJA!$C$7:$C$51=$A73)*(Statistik_OKJA!$D$7:$D$51=$A71)*((Statistik_OKJA!J$7:J$51)))} -> 0 | G73: {=SUM((Statistik_OKJA!$C$7:$C$51=$A73)*(Statistik_OKJA!$D$7:$D$51=$A71)*((Statistik_OKJA!K$7:K$51)))} -> 0 | H73: {=SUM((Statistik_OKJA!$C$7:$C$51=$A73)*(Statistik_OKJA!$D$7:$D$51=$A71)*((Statistik_OKJA!L$7:L$51)))} -> 0 | I73: {=SUM((Statistik_OKJA!$C$7:$C$51=$A73)*(Statistik_OKJA!$D$7:$D$51=$A71)*((Statistik_OKJA!M$7:M$51)))} -> 0 | J73: {=SUM((Statistik_OKJA!$C$7:$C$51=$A73)*(Statistik_OKJA!$D$7:$D$51=$A71)*((Statistik_OKJA!N$7:N$51)))} -> 0 | K73: {=SUM((Statistik_OKJA!$C$7:$C$51=$A73)*(Statistik_OKJA!$D$7:$D$51=$A71)*((Statistik_OKJA!O$7:O$51)))} -> 0 | L73: {=SUM((Statistik_OKJA!$C$7:$C$51=$A73)*(Statistik_OKJA!$D$7:$D$51=$A71)*((Statistik_OKJA!P$7:P$51)))} -> 0 | ... AH73: {=SUM((Statistik_OKJA!$C$7:$C$51=$A73)*(Statistik_OKJA!$D$7:$D$51=$A71)*((Statistik_OKJA!AL$7:AL$51)))} -> 0
A74: OUTDOOR FLEX | D74: {=SUM((Statistik_OKJA!$C$7:$C$51=$A74)*(Statistik_OKJA!$D$7:$D$51=$A71)*((Statistik_OKJA!AQ$7:AQ$51)))} -> 0 | E74: {=SUM((Statistik_OKJA!$C$7:$C$51=$A74)*(Statistik_OKJA!$D$7:$D$51=$A71)*((Statistik_OKJA!I$7:I$51)))} -> 0 | F74: {=SUM((Statistik_OKJA!$C$7:$C$51=$A74)*(Statistik_OKJA!$D$7:$D$51=$A71)*((Statistik_OKJA!J$7:J$51)))} -> 0 | G74: {=SUM((Statistik_OKJA!$C$7:$C$51=$A74)*(Statistik_OKJA!$D$7:$D$51=$A71)*((Statistik_OKJA!K$7:K$51)))} -> 0 | H74: {=SUM((Statistik_OKJA!$C$7:$C$51=$A74)*(Statistik_OKJA!$D$7:$D$51=$A71)*((Statistik_OKJA!L$7:L$51)))} -> 0 | I74: {=SUM((Statistik_OKJA!$C$7:$C$51=$A74)*(Statistik_OKJA!$D$7:$D$51=$A71)*((Statistik_OKJA!M$7:M$51)))} -> 0 | J74: {=SUM((Statistik_OKJA!$C$7:$C$51=$A74)*(Statistik_OKJA!$D$7:$D$51=$A71)*((Statistik_OKJA!N$7:N$51)))} -> 0 | K74: {=SUM((Statistik_OKJA!$C$7:$C$51=$A74)*(Statistik_OKJA!$D$7:$D$51=$A71)*((Statistik_OKJA!O$7:O$51)))} -> 0 | L74: {=SUM((Statistik_OKJA!$C$7:$C$51=$A74)*(Statistik_OKJA!$D$7:$D$51=$A71)*((Statistik_OKJA!P$7:P$51)))} -> 0 | ... AH74: {=SUM((Statistik_OKJA!$C$7:$C$51=$A74)*(Statistik_OKJA!$D$7:$D$51=$A71)*((Statistik_OKJA!AL$7:AL$51)))} -> 0
A75: OUTDOOR FIX | D75: {=SUM((Statistik_OKJA!$C$7:$C$51=$A75)*(Statistik_OKJA!$D$7:$D$51=$A71)*((Statistik_OKJA!AQ$7:AQ$51)))} -> 0 | E75: {=SUM((Statistik_OKJA!$C$7:$C$51=$A75)*(Statistik_OKJA!$D$7:$D$51=$A71)*((Statistik_OKJA!I$7:I$51)))} -> 0 | F75: {=SUM((Statistik_OKJA!$C$7:$C$51=$A75)*(Statistik_OKJA!$D$7:$D$51=$A71)*((Statistik_OKJA!J$7:J$51)))} -> 0 | G75: {=SUM((Statistik_OKJA!$C$7:$C$51=$A75)*(Statistik_OKJA!$D$7:$D$51=$A71)*((Statistik_OKJA!K$7:K$51)))} -> 0 | H75: {=SUM((Statistik_OKJA!$C$7:$C$51=$A75)*(Statistik_OKJA!$D$7:$D$51=$A71)*((Statistik_OKJA!L$7:L$51)))} -> 0 | I75: {=SUM((Statistik_OKJA!$C$7:$C$51=$A75)*(Statistik_OKJA!$D$7:$D$51=$A71)*((Statistik_OKJA!M$7:M$51)))} -> 0 | J75: {=SUM((Statistik_OKJA!$C$7:$C$51=$A75)*(Statistik_OKJA!$D$7:$D$51=$A71)*((Statistik_OKJA!N$7:N$51)))} -> 0 | K75: {=SUM((Statistik_OKJA!$C$7:$C$51=$A75)*(Statistik_OKJA!$D$7:$D$51=$A71)*((Statistik_OKJA!O$7:O$51)))} -> 0 | L75: {=SUM((Statistik_OKJA!$C$7:$C$51=$A75)*(Statistik_OKJA!$D$7:$D$51=$A71)*((Statistik_OKJA!P$7:P$51)))} -> 0 | ... AH75: {=SUM((Statistik_OKJA!$C$7:$C$51=$A75)*(Statistik_OKJA!$D$7:$D$51=$A71)*((Statistik_OKJA!AL$7:AL$51)))} -> 0
A76: FPT | D76: {=SUM((Statistik_FPT!$C$7:$C$51=$A76)*(Statistik_FPT!$D$7:$D$51=$A71)*((Statistik_FPT!AQ$7:AQ$51)))} -> 0 | E76: {=SUM((Statistik_FPT!$C$7:$C$51=$A76)*(Statistik_FPT!$D$7:$D$51=$A71)*((Statistik_FPT!I$7:I$51)))} -> 0 | F76: {=SUM((Statistik_FPT!$C$7:$C$51=$A76)*(Statistik_FPT!$D$7:$D$51=$A71)*((Statistik_FPT!J$7:J$51)))} -> 0 | G76: {=SUM((Statistik_FPT!$C$7:$C$51=$A76)*(Statistik_FPT!$D$7:$D$51=$A71)*((Statistik_FPT!K$7:K$51)))} -> 0 | H76: {=SUM((Statistik_FPT!$C$7:$C$51=$A76)*(Statistik_FPT!$D$7:$D$51=$A71)*((Statistik_FPT!L$7:L$51)))} -> 0 | I76: {=SUM((Statistik_FPT!$C$7:$C$51=$A76)*(Statistik_FPT!$D$7:$D$51=$A71)*((Statistik_FPT!M$7:M$51)))} -> 0 | J76: {=SUM((Statistik_FPT!$C$7:$C$51=$A76)*(Statistik_FPT!$D$7:$D$51=$A71)*((Statistik_FPT!N$7:N$51)))} -> 0 | K76: {=SUM((Statistik_FPT!$C$7:$C$51=$A76)*(Statistik_FPT!$D$7:$D$51=$A71)*((Statistik_FPT!O$7:O$51)))} -> 0 | L76: {=SUM((Statistik_FPT!$C$7:$C$51=$A76)*(Statistik_FPT!$D$7:$D$51=$A71)*((Statistik_FPT!P$7:P$51)))} -> 0 | ... AH76: {=SUM((Statistik_FPT!$C$7:$C$51=$A76)*(Statistik_FPT!$D$7:$D$51=$A71)*((Statistik_FPT!AL$7:AL$51)))} -> 0
A78: 6 | D78: GESAMT | E78: Kinder (bis 10 Jahre) | J78: Teenies (11-14 Jahre) | O78: Jugendliche (15 - 18 Jahre) | T78: Junge Erwachsene (19 - 24 Jahre) | Y78: > 25 Jahren | AD78: Senior*innen (65+)
E79: männlich | F79: weiblich | G79: divers | H79: k.A. | I79: Gesamt | J79: männlich | K79: weiblich | L79: divers | M79: k.A. | N79: Gesamt | O79: männlich | P79: weiblich | Q79: divers | R79: k.A. | S79: Gesamt | T79: männlich | U79: weiblich | V79: divers | W79: k.A. | X79: Gesamt | Y79: männlich | Z79: weiblich | AA79: divers | AB79: k.A. | AC79: Gesamt | AD79: männlich | AE79: weiblich | AF79: divers | AG79: k.A. | AH79: Gesamt
A80: INDOOR | D80: {=SUM((Statistik_OKJA!$C$7:$C$51=$A80)*(Statistik_OKJA!$D$7:$D$51=$A78)*((Statistik_OKJA!AQ$7:AQ$51)))} -> 0 | E80: {=SUM((Statistik_OKJA!$C$7:$C$51=$A80)*(Statistik_OKJA!$D$7:$D$51=$A78)*((Statistik_OKJA!I$7:I$51)))} -> 0 | F80: {=SUM((Statistik_OKJA!$C$7:$C$51=$A80)*(Statistik_OKJA!$D$7:$D$51=$A78)*((Statistik_OKJA!J$7:J$51)))} -> 0 | G80: {=SUM((Statistik_OKJA!$C$7:$C$51=$A80)*(Statistik_OKJA!$D$7:$D$51=$A78)*((Statistik_OKJA!K$7:K$51)))} -> 0 | H80: {=SUM((Statistik_OKJA!$C$7:$C$51=$A80)*(Statistik_OKJA!$D$7:$D$51=$A78)*((Statistik_OKJA!L$7:L$51)))} -> 0 | I80: {=SUM((Statistik_OKJA!$C$7:$C$51=$A80)*(Statistik_OKJA!$D$7:$D$51=$A78)*((Statistik_OKJA!M$7:M$51)))} -> 0 | J80: {=SUM((Statistik_OKJA!$C$7:$C$51=$A80)*(Statistik_OKJA!$D$7:$D$51=$A78)*((Statistik_OKJA!N$7:N$51)))} -> 0 | K80: {=SUM((Statistik_OKJA!$C$7:$C$51=$A80)*(Statistik_OKJA!$D$7:$D$51=$A78)*((Statistik_OKJA!O$7:O$51)))} -> 0 | L80: {=SUM((Statistik_OKJA!$C$7:$C$51=$A80)*(Statistik_OKJA!$D$7:$D$51=$A78)*((Statistik_OKJA!P$7:P$51)))} -> 0 | ... AH80: {=SUM((Statistik_OKJA!$C$7:$C$51=$A80)*(Statistik_OKJA!$D$7:$D$51=$A78)*((Statistik_OKJA!AL$7:AL$51)))} -> 0
A81: OUTDOOR FLEX | D81: {=SUM((Statistik_OKJA!$C$7:$C$51=$A81)*(Statistik_OKJA!$D$7:$D$51=$A78)*((Statistik_OKJA!AQ$7:AQ$51)))} -> 0 | E81: {=SUM((Statistik_OKJA!$C$7:$C$51=$A81)*(Statistik_OKJA!$D$7:$D$51=$A78)*((Statistik_OKJA!I$7:I$51)))} -> 0 | F81: {=SUM((Statistik_OKJA!$C$7:$C$51=$A81)*(Statistik_OKJA!$D$7:$D$51=$A78)*((Statistik_OKJA!J$7:J$51)))} -> 0 | G81: {=SUM((Statistik_OKJA!$C$7:$C$51=$A81)*(Statistik_OKJA!$D$7:$D$51=$A78)*((Statistik_OKJA!K$7:K$51)))} -> 0 | H81: {=SUM((Statistik_OKJA!$C$7:$C$51=$A81)*(Statistik_OKJA!$D$7:$D$51=$A78)*((Statistik_OKJA!L$7:L$51)))} -> 0 | I81: {=SUM((Statistik_OKJA!$C$7:$C$51=$A81)*(Statistik_OKJA!$D$7:$D$51=$A78)*((Statistik_OKJA!M$7:M$51)))} -> 0 | J81: {=SUM((Statistik_OKJA!$C$7:$C$51=$A81)*(Statistik_OKJA!$D$7:$D$51=$A78)*((Statistik_OKJA!N$7:N$51)))} -> 0 | K81: {=SUM((Statistik_OKJA!$C$7:$C$51=$A81)*(Statistik_OKJA!$D$7:$D$51=$A78)*((Statistik_OKJA!O$7:O$51)))} -> 0 | L81: {=SUM((Statistik_OKJA!$C$7:$C$51=$A81)*(Statistik_OKJA!$D$7:$D$51=$A78)*((Statistik_OKJA!P$7:P$51)))} -> 0 | ... AH81: {=SUM((Statistik_OKJA!$C$7:$C$51=$A81)*(Statistik_OKJA!$D$7:$D$51=$A78)*((Statistik_OKJA!AL$7:AL$51)))} -> 0
A82: OUTDOOR FIX | D82: {=SUM((Statistik_OKJA!$C$7:$C$51=$A82)*(Statistik_OKJA!$D$7:$D$51=$A78)*((Statistik_OKJA!AQ$7:AQ$51)))} -> 0 | E82: {=SUM((Statistik_OKJA!$C$7:$C$51=$A82)*(Statistik_OKJA!$D$7:$D$51=$A78)*((Statistik_OKJA!I$7:I$51)))} -> 0 | F82: {=SUM((Statistik_OKJA!$C$7:$C$51=$A82)*(Statistik_OKJA!$D$7:$D$51=$A78)*((Statistik_OKJA!J$7:J$51)))} -> 0 | G82: {=SUM((Statistik_OKJA!$C$7:$C$51=$A82)*(Statistik_OKJA!$D$7:$D$51=$A78)*((Statistik_OKJA!K$7:K$51)))} -> 0 | H82: {=SUM((Statistik_OKJA!$C$7:$C$51=$A82)*(Statistik_OKJA!$D$7:$D$51=$A78)*((Statistik_OKJA!L$7:L$51)))} -> 0 | I82: {=SUM((Statistik_OKJA!$C$7:$C$51=$A82)*(Statistik_OKJA!$D$7:$D$51=$A78)*((Statistik_OKJA!M$7:M$51)))} -> 0 | J82: {=SUM((Statistik_OKJA!$C$7:$C$51=$A82)*(Statistik_OKJA!$D$7:$D$51=$A78)*((Statistik_OKJA!N$7:N$51)))} -> 0 | K82: {=SUM((Statistik_OKJA!$C$7:$C$51=$A82)*(Statistik_OKJA!$D$7:$D$51=$A78)*((Statistik_OKJA!O$7:O$51)))} -> 0 | L82: {=SUM((Statistik_OKJA!$C$7:$C$51=$A82)*(Statistik_OKJA!$D$7:$D$51=$A78)*((Statistik_OKJA!P$7:P$51)))} -> 0 | ... AH82: {=SUM((Statistik_OKJA!$C$7:$C$51=$A82)*(Statistik_OKJA!$D$7:$D$51=$A78)*((Statistik_OKJA!AL$7:AL$51)))} -> 0
A83: FPT | D83: {=SUM((Statistik_FPT!$C$7:$C$51=$A83)*(Statistik_FPT!$D$7:$D$51=$A78)*((Statistik_FPT!AQ$7:AQ$51)))} -> 0 | E83: {=SUM((Statistik_FPT!$C$7:$C$51=$A83)*(Statistik_FPT!$D$7:$D$51=$A78)*((Statistik_FPT!I$7:I$51)))} -> 0 | F83: {=SUM((Statistik_FPT!$C$7:$C$51=$A83)*(Statistik_FPT!$D$7:$D$51=$A78)*((Statistik_FPT!J$7:J$51)))} -> 0 | G83: {=SUM((Statistik_FPT!$C$7:$C$51=$A83)*(Statistik_FPT!$D$7:$D$51=$A78)*((Statistik_FPT!K$7:K$51)))} -> 0 | H83: {=SUM((Statistik_FPT!$C$7:$C$51=$A83)*(Statistik_FPT!$D$7:$D$51=$A78)*((Statistik_FPT!L$7:L$51)))} -> 0 | I83: {=SUM((Statistik_FPT!$C$7:$C$51=$A83)*(Statistik_FPT!$D$7:$D$51=$A78)*((Statistik_FPT!M$7:M$51)))} -> 0 | J83: {=SUM((Statistik_FPT!$C$7:$C$51=$A83)*(Statistik_FPT!$D$7:$D$51=$A78)*((Statistik_FPT!N$7:N$51)))} -> 0 | K83: {=SUM((Statistik_FPT!$C$7:$C$51=$A83)*(Statistik_FPT!$D$7:$D$51=$A78)*((Statistik_FPT!O$7:O$51)))} -> 0 | L83: {=SUM((Statistik_FPT!$C$7:$C$51=$A83)*(Statistik_FPT!$D$7:$D$51=$A78)*((Statistik_FPT!P$7:P$51)))} -> 0 | ... AH83: {=SUM((Statistik_FPT!$C$7:$C$51=$A83)*(Statistik_FPT!$D$7:$D$51=$A78)*((Statistik_FPT!AL$7:AL$51)))} -> 0
A85: 7 | D85: GESAMT | E85: Kinder (bis 10 Jahre) | J85: Teenies (11-14 Jahre) | O85: Jugendliche (15 - 18 Jahre) | T85: Junge Erwachsene (19 - 24 Jahre) | Y85: > 25 Jahren | AD85: Senior*innen (65+)
E86: männlich | F86: weiblich | G86: divers | H86: k.A. | I86: Gesamt | J86: männlich | K86: weiblich | L86: divers | M86: k.A. | N86: Gesamt | O86: männlich | P86: weiblich | Q86: divers | R86: k.A. | S86: Gesamt | T86: männlich | U86: weiblich | V86: divers | W86: k.A. | X86: Gesamt | Y86: männlich | Z86: weiblich | AA86: divers | AB86: k.A. | AC86: Gesamt | AD86: männlich | AE86: weiblich | AF86: divers | AG86: k.A. | AH86: Gesamt
A87: INDOOR | D87: {=SUM((Statistik_OKJA!$C$7:$C$51=$A87)*(Statistik_OKJA!$D$7:$D$51=$A85)*((Statistik_OKJA!AQ$7:AQ$51)))} -> 0 | E87: {=SUM((Statistik_OKJA!$C$7:$C$51=$A87)*(Statistik_OKJA!$D$7:$D$51=$A85)*((Statistik_OKJA!I$7:I$51)))} -> 0 | F87: {=SUM((Statistik_OKJA!$C$7:$C$51=$A87)*(Statistik_OKJA!$D$7:$D$51=$A85)*((Statistik_OKJA!J$7:J$51)))} -> 0 | G87: {=SUM((Statistik_OKJA!$C$7:$C$51=$A87)*(Statistik_OKJA!$D$7:$D$51=$A85)*((Statistik_OKJA!K$7:K$51)))} -> 0 | H87: {=SUM((Statistik_OKJA!$C$7:$C$51=$A87)*(Statistik_OKJA!$D$7:$D$51=$A85)*((Statistik_OKJA!L$7:L$51)))} -> 0 | I87: {=SUM((Statistik_OKJA!$C$7:$C$51=$A87)*(Statistik_OKJA!$D$7:$D$51=$A85)*((Statistik_OKJA!M$7:M$51)))} -> 0 | J87: {=SUM((Statistik_OKJA!$C$7:$C$51=$A87)*(Statistik_OKJA!$D$7:$D$51=$A85)*((Statistik_OKJA!N$7:N$51)))} -> 0 | K87: {=SUM((Statistik_OKJA!$C$7:$C$51=$A87)*(Statistik_OKJA!$D$7:$D$51=$A85)*((Statistik_OKJA!O$7:O$51)))} -> 0 | L87: {=SUM((Statistik_OKJA!$C$7:$C$51=$A87)*(Statistik_OKJA!$D$7:$D$51=$A85)*((Statistik_OKJA!P$7:P$51)))} -> 0 | ... AH87: {=SUM((Statistik_OKJA!$C$7:$C$51=$A87)*(Statistik_OKJA!$D$7:$D$51=$A85)*((Statistik_OKJA!AL$7:AL$51)))} -> 0
A88: OUTDOOR FLEX | D88: {=SUM((Statistik_OKJA!$C$7:$C$51=$A88)*(Statistik_OKJA!$D$7:$D$51=$A85)*((Statistik_OKJA!AQ$7:AQ$51)))} -> 0 | E88: {=SUM((Statistik_OKJA!$C$7:$C$51=$A88)*(Statistik_OKJA!$D$7:$D$51=$A85)*((Statistik_OKJA!I$7:I$51)))} -> 0 | F88: {=SUM((Statistik_OKJA!$C$7:$C$51=$A88)*(Statistik_OKJA!$D$7:$D$51=$A85)*((Statistik_OKJA!J$7:J$51)))} -> 0 | G88: {=SUM((Statistik_OKJA!$C$7:$C$51=$A88)*(Statistik_OKJA!$D$7:$D$51=$A85)*((Statistik_OKJA!K$7:K$51)))} -> 0 | H88: {=SUM((Statistik_OKJA!$C$7:$C$51=$A88)*(Statistik_OKJA!$D$7:$D$51=$A85)*((Statistik_OKJA!L$7:L$51)))} -> 0 | I88: {=SUM((Statistik_OKJA!$C$7:$C$51=$A88)*(Statistik_OKJA!$D$7:$D$51=$A85)*((Statistik_OKJA!M$7:M$51)))} -> 0 | J88: {=SUM((Statistik_OKJA!$C$7:$C$51=$A88)*(Statistik_OKJA!$D$7:$D$51=$A85)*((Statistik_OKJA!N$7:N$51)))} -> 0 | K88: {=SUM((Statistik_OKJA!$C$7:$C$51=$A88)*(Statistik_OKJA!$D$7:$D$51=$A85)*((Statistik_OKJA!O$7:O$51)))} -> 0 | L88: {=SUM((Statistik_OKJA!$C$7:$C$51=$A88)*(Statistik_OKJA!$D$7:$D$51=$A85)*((Statistik_OKJA!P$7:P$51)))} -> 0 | ... AH88: {=SUM((Statistik_OKJA!$C$7:$C$51=$A88)*(Statistik_OKJA!$D$7:$D$51=$A85)*((Statistik_OKJA!AL$7:AL$51)))} -> 0
A89: OUTDOOR FIX | D89: {=SUM((Statistik_OKJA!$C$7:$C$51=$A89)*(Statistik_OKJA!$D$7:$D$51=$A85)*((Statistik_OKJA!AQ$7:AQ$51)))} -> 0 | E89: {=SUM((Statistik_OKJA!$C$7:$C$51=$A89)*(Statistik_OKJA!$D$7:$D$51=$A85)*((Statistik_OKJA!I$7:I$51)))} -> 0 | F89: {=SUM((Statistik_OKJA!$C$7:$C$51=$A89)*(Statistik_OKJA!$D$7:$D$51=$A85)*((Statistik_OKJA!J$7:J$51)))} -> 0 | G89: {=SUM((Statistik_OKJA!$C$7:$C$51=$A89)*(Statistik_OKJA!$D$7:$D$51=$A85)*((Statistik_OKJA!K$7:K$51)))} -> 0 | H89: {=SUM((Statistik_OKJA!$C$7:$C$51=$A89)*(Statistik_OKJA!$D$7:$D$51=$A85)*((Statistik_OKJA!L$7:L$51)))} -> 0 | I89: {=SUM((Statistik_OKJA!$C$7:$C$51=$A89)*(Statistik_OKJA!$D$7:$D$51=$A85)*((Statistik_OKJA!M$7:M$51)))} -> 0 | J89: {=SUM((Statistik_OKJA!$C$7:$C$51=$A89)*(Statistik_OKJA!$D$7:$D$51=$A85)*((Statistik_OKJA!N$7:N$51)))} -> 0 | K89: {=SUM((Statistik_OKJA!$C$7:$C$51=$A89)*(Statistik_OKJA!$D$7:$D$51=$A85)*((Statistik_OKJA!O$7:O$51)))} -> 0 | L89: {=SUM((Statistik_OKJA!$C$7:$C$51=$A89)*(Statistik_OKJA!$D$7:$D$51=$A85)*((Statistik_OKJA!P$7:P$51)))} -> 0 | ... AH89: {=SUM((Statistik_OKJA!$C$7:$C$51=$A89)*(Statistik_OKJA!$D$7:$D$51=$A85)*((Statistik_OKJA!AL$7:AL$51)))} -> 0
A90: FPT | D90: {=SUM((Statistik_FPT!$C$7:$C$51=$A90)*(Statistik_FPT!$D$7:$D$51=$A85)*((Statistik_FPT!AQ$7:AQ$51)))} -> 0 | E90: {=SUM((Statistik_FPT!$C$7:$C$51=$A90)*(Statistik_FPT!$D$7:$D$51=$A85)*((Statistik_FPT!I$7:I$51)))} -> 0 | F90: {=SUM((Statistik_FPT!$C$7:$C$51=$A90)*(Statistik_FPT!$D$7:$D$51=$A85)*((Statistik_FPT!J$7:J$51)))} -> 0 | G90: {=SUM((Statistik_FPT!$C$7:$C$51=$A90)*(Statistik_FPT!$D$7:$D$51=$A85)*((Statistik_FPT!K$7:K$51)))} -> 0 | H90: {=SUM((Statistik_FPT!$C$7:$C$51=$A90)*(Statistik_FPT!$D$7:$D$51=$A85)*((Statistik_FPT!L$7:L$51)))} -> 0 | I90: {=SUM((Statistik_FPT!$C$7:$C$51=$A90)*(Statistik_FPT!$D$7:$D$51=$A85)*((Statistik_FPT!M$7:M$51)))} -> 0 | J90: {=SUM((Statistik_FPT!$C$7:$C$51=$A90)*(Statistik_FPT!$D$7:$D$51=$A85)*((Statistik_FPT!N$7:N$51)))} -> 0 | K90: {=SUM((Statistik_FPT!$C$7:$C$51=$A90)*(Statistik_FPT!$D$7:$D$51=$A85)*((Statistik_FPT!O$7:O$51)))} -> 0 | L90: {=SUM((Statistik_FPT!$C$7:$C$51=$A90)*(Statistik_FPT!$D$7:$D$51=$A85)*((Statistik_FPT!P$7:P$51)))} -> 0 | ... AH90: {=SUM((Statistik_FPT!$C$7:$C$51=$A90)*(Statistik_FPT!$D$7:$D$51=$A85)*((Statistik_FPT!AL$7:AL$51)))} -> 0
A92: 8 | D92: GESAMT | E92: Kinder (bis 10 Jahre) | J92: Teenies (11-14 Jahre) | O92: Jugendliche (15 - 18 Jahre) | T92: Junge Erwachsene (19 - 24 Jahre) | Y92: > 25 Jahren | AD92: Senior*innen (65+)
E93: männlich | F93: weiblich | G93: divers | H93: k.A. | I93: Gesamt | J93: männlich | K93: weiblich | L93: divers | M93: k.A. | N93: Gesamt | O93: männlich | P93: weiblich | Q93: divers | R93: k.A. | S93: Gesamt | T93: männlich | U93: weiblich | V93: divers | W93: k.A. | X93: Gesamt | Y93: männlich | Z93: weiblich | AA93: divers | AB93: k.A. | AC93: Gesamt | AD93: männlich | AE93: weiblich | AF93: divers | AG93: k.A. | AH93: Gesamt
A94: INDOOR | D94: {=SUM((Statistik_OKJA!$C$7:$C$51=$A94)*(Statistik_OKJA!$D$7:$D$51=$A92)*((Statistik_OKJA!AQ$7:AQ$51)))} -> 0 | E94: {=SUM((Statistik_OKJA!$C$7:$C$51=$A94)*(Statistik_OKJA!$D$7:$D$51=$A92)*((Statistik_OKJA!I$7:I$51)))} -> 0 | F94: {=SUM((Statistik_OKJA!$C$7:$C$51=$A94)*(Statistik_OKJA!$D$7:$D$51=$A92)*((Statistik_OKJA!J$7:J$51)))} -> 0 | G94: {=SUM((Statistik_OKJA!$C$7:$C$51=$A94)*(Statistik_OKJA!$D$7:$D$51=$A92)*((Statistik_OKJA!K$7:K$51)))} -> 0 | H94: {=SUM((Statistik_OKJA!$C$7:$C$51=$A94)*(Statistik_OKJA!$D$7:$D$51=$A92)*((Statistik_OKJA!L$7:L$51)))} -> 0 | I94: {=SUM((Statistik_OKJA!$C$7:$C$51=$A94)*(Statistik_OKJA!$D$7:$D$51=$A92)*((Statistik_OKJA!M$7:M$51)))} -> 0 | J94: {=SUM((Statistik_OKJA!$C$7:$C$51=$A94)*(Statistik_OKJA!$D$7:$D$51=$A92)*((Statistik_OKJA!N$7:N$51)))} -> 0 | K94: {=SUM((Statistik_OKJA!$C$7:$C$51=$A94)*(Statistik_OKJA!$D$7:$D$51=$A92)*((Statistik_OKJA!O$7:O$51)))} -> 0 | L94: {=SUM((Statistik_OKJA!$C$7:$C$51=$A94)*(Statistik_OKJA!$D$7:$D$51=$A92)*((Statistik_OKJA!P$7:P$51)))} -> 0 | ... AH94: {=SUM((Statistik_OKJA!$C$7:$C$51=$A94)*(Statistik_OKJA!$D$7:$D$51=$A92)*((Statistik_OKJA!AL$7:AL$51)))} -> 0
A95: OUTDOOR FLEX | D95: {=SUM((Statistik_OKJA!$C$7:$C$51=$A95)*(Statistik_OKJA!$D$7:$D$51=$A92)*((Statistik_OKJA!AQ$7:AQ$51)))} -> 0 | E95: {=SUM((Statistik_OKJA!$C$7:$C$51=$A95)*(Statistik_OKJA!$D$7:$D$51=$A92)*((Statistik_OKJA!I$7:I$51)))} -> 0 | F95: {=SUM((Statistik_OKJA!$C$7:$C$51=$A95)*(Statistik_OKJA!$D$7:$D$51=$A92)*((Statistik_OKJA!J$7:J$51)))} -> 0 | G95: {=SUM((Statistik_OKJA!$C$7:$C$51=$A95)*(Statistik_OKJA!$D$7:$D$51=$A92)*((Statistik_OKJA!K$7:K$51)))} -> 0 | H95: {=SUM((Statistik_OKJA!$C$7:$C$51=$A95)*(Statistik_OKJA!$D$7:$D$51=$A92)*((Statistik_OKJA!L$7:L$51)))} -> 0 | I95: {=SUM((Statistik_OKJA!$C$7:$C$51=$A95)*(Statistik_OKJA!$D$7:$D$51=$A92)*((Statistik_OKJA!M$7:M$51)))} -> 0 | J95: {=SUM((Statistik_OKJA!$C$7:$C$51=$A95)*(Statistik_OKJA!$D$7:$D$51=$A92)*((Statistik_OKJA!N$7:N$51)))} -> 0 | K95: {=SUM((Statistik_OKJA!$C$7:$C$51=$A95)*(Statistik_OKJA!$D$7:$D$51=$A92)*((Statistik_OKJA!O$7:O$51)))} -> 0 | L95: {=SUM((Statistik_OKJA!$C$7:$C$51=$A95)*(Statistik_OKJA!$D$7:$D$51=$A92)*((Statistik_OKJA!P$7:P$51)))} -> 0 | ... AH95: {=SUM((Statistik_OKJA!$C$7:$C$51=$A95)*(Statistik_OKJA!$D$7:$D$51=$A92)*((Statistik_OKJA!AL$7:AL$51)))} -> 0
A96: OUTDOOR FIX | D96: {=SUM((Statistik_OKJA!$C$7:$C$51=$A96)*(Statistik_OKJA!$D$7:$D$51=$A92)*((Statistik_OKJA!AQ$7:AQ$51)))} -> 0 | E96: {=SUM((Statistik_OKJA!$C$7:$C$51=$A96)*(Statistik_OKJA!$D$7:$D$51=$A92)*((Statistik_OKJA!I$7:I$51)))} -> 0 | F96: {=SUM((Statistik_OKJA!$C$7:$C$51=$A96)*(Statistik_OKJA!$D$7:$D$51=$A92)*((Statistik_OKJA!J$7:J$51)))} -> 0 | G96: {=SUM((Statistik_OKJA!$C$7:$C$51=$A96)*(Statistik_OKJA!$D$7:$D$51=$A92)*((Statistik_OKJA!K$7:K$51)))} -> 0 | H96: {=SUM((Statistik_OKJA!$C$7:$C$51=$A96)*(Statistik_OKJA!$D$7:$D$51=$A92)*((Statistik_OKJA!L$7:L$51)))} -> 0 | I96: {=SUM((Statistik_OKJA!$C$7:$C$51=$A96)*(Statistik_OKJA!$D$7:$D$51=$A92)*((Statistik_OKJA!M$7:M$51)))} -> 0 | J96: {=SUM((Statistik_OKJA!$C$7:$C$51=$A96)*(Statistik_OKJA!$D$7:$D$51=$A92)*((Statistik_OKJA!N$7:N$51)))} -> 0 | K96: {=SUM((Statistik_OKJA!$C$7:$C$51=$A96)*(Statistik_OKJA!$D$7:$D$51=$A92)*((Statistik_OKJA!O$7:O$51)))} -> 0 | L96: {=SUM((Statistik_OKJA!$C$7:$C$51=$A96)*(Statistik_OKJA!$D$7:$D$51=$A92)*((Statistik_OKJA!P$7:P$51)))} -> 0 | ... AH96: {=SUM((Statistik_OKJA!$C$7:$C$51=$A96)*(Statistik_OKJA!$D$7:$D$51=$A92)*((Statistik_OKJA!AL$7:AL$51)))} -> 0
A97: FPT | D97: {=SUM((Statistik_FPT!$C$7:$C$51=$A97)*(Statistik_FPT!$D$7:$D$51=$A92)*((Statistik_FPT!AQ$7:AQ$51)))} -> 0 | E97: {=SUM((Statistik_FPT!$C$7:$C$51=$A97)*(Statistik_FPT!$D$7:$D$51=$A92)*((Statistik_FPT!I$7:I$51)))} -> 0 | F97: {=SUM((Statistik_FPT!$C$7:$C$51=$A97)*(Statistik_FPT!$D$7:$D$51=$A92)*((Statistik_FPT!J$7:J$51)))} -> 0 | G97: {=SUM((Statistik_FPT!$C$7:$C$51=$A97)*(Statistik_FPT!$D$7:$D$51=$A92)*((Statistik_FPT!K$7:K$51)))} -> 0 | H97: {=SUM((Statistik_FPT!$C$7:$C$51=$A97)*(Statistik_FPT!$D$7:$D$51=$A92)*((Statistik_FPT!L$7:L$51)))} -> 0 | I97: {=SUM((Statistik_FPT!$C$7:$C$51=$A97)*(Statistik_FPT!$D$7:$D$51=$A92)*((Statistik_FPT!M$7:M$51)))} -> 0 | J97: {=SUM((Statistik_FPT!$C$7:$C$51=$A97)*(Statistik_FPT!$D$7:$D$51=$A92)*((Statistik_FPT!N$7:N$51)))} -> 0 | K97: {=SUM((Statistik_FPT!$C$7:$C$51=$A97)*(Statistik_FPT!$D$7:$D$51=$A92)*((Statistik_FPT!O$7:O$51)))} -> 0 | L97: {=SUM((Statistik_FPT!$C$7:$C$51=$A97)*(Statistik_FPT!$D$7:$D$51=$A92)*((Statistik_FPT!P$7:P$51)))} -> 0 | ... AH97: {=SUM((Statistik_FPT!$C$7:$C$51=$A97)*(Statistik_FPT!$D$7:$D$51=$A92)*((Statistik_FPT!AL$7:AL$51)))} -> 0
A99: 9 | D99: GESAMT | E99: Kinder (bis 10 Jahre) | J99: Teenies (11-14 Jahre) | O99: Jugendliche (15 - 18 Jahre) | T99: Junge Erwachsene (19 - 24 Jahre) | Y99: > 25 Jahren | AD99: Senior*innen (65+)
E100: männlich | F100: weiblich | G100: divers | H100: k.A. | I100: Gesamt | J100: männlich | K100: weiblich | L100: divers | M100: k.A. | N100: Gesamt | O100: männlich | P100: weiblich | Q100: divers | R100: k.A. | S100: Gesamt | T100: männlich | U100: weiblich | V100: divers | W100: k.A. | X100: Gesamt | Y100: männlich | Z100: weiblich | AA100: divers | AB100: k.A. | AC100: Gesamt | AD100: männlich | AE100: weiblich | AF100: divers | AG100: k.A. | AH100: Gesamt
A101: INDOOR | D101: {=SUM((Statistik_OKJA!$C$7:$C$51=$A101)*(Statistik_OKJA!$D$7:$D$51=$A99)*((Statistik_OKJA!AQ$7:AQ$51)))} -> 0 | E101: {=SUM((Statistik_OKJA!$C$7:$C$51=$A101)*(Statistik_OKJA!$D$7:$D$51=$A99)*((Statistik_OKJA!I$7:I$51)))} -> 0 | F101: {=SUM((Statistik_OKJA!$C$7:$C$51=$A101)*(Statistik_OKJA!$D$7:$D$51=$A99)*((Statistik_OKJA!J$7:J$51)))} -> 0 | G101: {=SUM((Statistik_OKJA!$C$7:$C$51=$A101)*(Statistik_OKJA!$D$7:$D$51=$A99)*((Statistik_OKJA!K$7:K$51)))} -> 0 | H101: {=SUM((Statistik_OKJA!$C$7:$C$51=$A101)*(Statistik_OKJA!$D$7:$D$51=$A99)*((Statistik_OKJA!L$7:L$51)))} -> 0 | I101: {=SUM((Statistik_OKJA!$C$7:$C$51=$A101)*(Statistik_OKJA!$D$7:$D$51=$A99)*((Statistik_OKJA!M$7:M$51)))} -> 0 | J101: {=SUM((Statistik_OKJA!$C$7:$C$51=$A101)*(Statistik_OKJA!$D$7:$D$51=$A99)*((Statistik_OKJA!N$7:N$51)))} -> 0 | K101: {=SUM((Statistik_OKJA!$C$7:$C$51=$A101)*(Statistik_OKJA!$D$7:$D$51=$A99)*((Statistik_OKJA!O$7:O$51)))} -> 0 | L101: {=SUM((Statistik_OKJA!$C$7:$C$51=$A101)*(Statistik_OKJA!$D$7:$D$51=$A99)*((Statistik_OKJA!P$7:P$51)))} -> 0 | ... AH101: {=SUM((Statistik_OKJA!$C$7:$C$51=$A101)*(Statistik_OKJA!$D$7:$D$51=$A99)*((Statistik_OKJA!AL$7:AL$51)))} -> 0
A102: OUTDOOR FLEX | D102: {=SUM((Statistik_OKJA!$C$7:$C$51=$A102)*(Statistik_OKJA!$D$7:$D$51=$A99)*((Statistik_OKJA!AQ$7:AQ$51)))} -> 0 | E102: {=SUM((Statistik_OKJA!$C$7:$C$51=$A102)*(Statistik_OKJA!$D$7:$D$51=$A99)*((Statistik_OKJA!I$7:I$51)))} -> 0 | F102: {=SUM((Statistik_OKJA!$C$7:$C$51=$A102)*(Statistik_OKJA!$D$7:$D$51=$A99)*((Statistik_OKJA!J$7:J$51)))} -> 0 | G102: {=SUM((Statistik_OKJA!$C$7:$C$51=$A102)*(Statistik_OKJA!$D$7:$D$51=$A99)*((Statistik_OKJA!K$7:K$51)))} -> 0 | H102: {=SUM((Statistik_OKJA!$C$7:$C$51=$A102)*(Statistik_OKJA!$D$7:$D$51=$A99)*((Statistik_OKJA!L$7:L$51)))} -> 0 | I102: {=SUM((Statistik_OKJA!$C$7:$C$51=$A102)*(Statistik_OKJA!$D$7:$D$51=$A99)*((Statistik_OKJA!M$7:M$51)))} -> 0 | J102: {=SUM((Statistik_OKJA!$C$7:$C$51=$A102)*(Statistik_OKJA!$D$7:$D$51=$A99)*((Statistik_OKJA!N$7:N$51)))} -> 0 | K102: {=SUM((Statistik_OKJA!$C$7:$C$51=$A102)*(Statistik_OKJA!$D$7:$D$51=$A99)*((Statistik_OKJA!O$7:O$51)))} -> 0 | L102: {=SUM((Statistik_OKJA!$C$7:$C$51=$A102)*(Statistik_OKJA!$D$7:$D$51=$A99)*((Statistik_OKJA!P$7:P$51)))} -> 0 | ... AH102: {=SUM((Statistik_OKJA!$C$7:$C$51=$A102)*(Statistik_OKJA!$D$7:$D$51=$A99)*((Statistik_OKJA!AL$7:AL$51)))} -> 0
A103: OUTDOOR FIX | D103: {=SUM((Statistik_OKJA!$C$7:$C$51=$A103)*(Statistik_OKJA!$D$7:$D$51=$A99)*((Statistik_OKJA!AQ$7:AQ$51)))} -> 0 | E103: {=SUM((Statistik_OKJA!$C$7:$C$51=$A103)*(Statistik_OKJA!$D$7:$D$51=$A99)*((Statistik_OKJA!I$7:I$51)))} -> 0 | F103: {=SUM((Statistik_OKJA!$C$7:$C$51=$A103)*(Statistik_OKJA!$D$7:$D$51=$A99)*((Statistik_OKJA!J$7:J$51)))} -> 0 | G103: {=SUM((Statistik_OKJA!$C$7:$C$51=$A103)*(Statistik_OKJA!$D$7:$D$51=$A99)*((Statistik_OKJA!K$7:K$51)))} -> 0 | H103: {=SUM((Statistik_OKJA!$C$7:$C$51=$A103)*(Statistik_OKJA!$D$7:$D$51=$A99)*((Statistik_OKJA!L$7:L$51)))} -> 0 | I103: {=SUM((Statistik_OKJA!$C$7:$C$51=$A103)*(Statistik_OKJA!$D$7:$D$51=$A99)*((Statistik_OKJA!M$7:M$51)))} -> 0 | J103: {=SUM((Statistik_OKJA!$C$7:$C$51=$A103)*(Statistik_OKJA!$D$7:$D$51=$A99)*((Statistik_OKJA!N$7:N$51)))} -> 0 | K103: {=SUM((Statistik_OKJA!$C$7:$C$51=$A103)*(Statistik_OKJA!$D$7:$D$51=$A99)*((Statistik_OKJA!O$7:O$51)))} -> 0 | L103: {=SUM((Statistik_OKJA!$C$7:$C$51=$A103)*(Statistik_OKJA!$D$7:$D$51=$A99)*((Statistik_OKJA!P$7:P$51)))} -> 0 | ... AH103: {=SUM((Statistik_OKJA!$C$7:$C$51=$A103)*(Statistik_OKJA!$D$7:$D$51=$A99)*((Statistik_OKJA!AL$7:AL$51)))} -> 0
A104: FPT | D104: {=SUM((Statistik_FPT!$C$7:$C$51=$A104)*(Statistik_FPT!$D$7:$D$51=$A99)*((Statistik_FPT!AQ$7:AQ$51)))} -> 0 | E104: {=SUM((Statistik_FPT!$C$7:$C$51=$A104)*(Statistik_FPT!$D$7:$D$51=$A99)*((Statistik_FPT!I$7:I$51)))} -> 0 | F104: {=SUM((Statistik_FPT!$C$7:$C$51=$A104)*(Statistik_FPT!$D$7:$D$51=$A99)*((Statistik_FPT!J$7:J$51)))} -> 0 | G104: {=SUM((Statistik_FPT!$C$7:$C$51=$A104)*(Statistik_FPT!$D$7:$D$51=$A99)*((Statistik_FPT!K$7:K$51)))} -> 0 | H104: {=SUM((Statistik_FPT!$C$7:$C$51=$A104)*(Statistik_FPT!$D$7:$D$51=$A99)*((Statistik_FPT!L$7:L$51)))} -> 0 | I104: {=SUM((Statistik_FPT!$C$7:$C$51=$A104)*(Statistik_FPT!$D$7:$D$51=$A99)*((Statistik_FPT!M$7:M$51)))} -> 0 | J104: {=SUM((Statistik_FPT!$C$7:$C$51=$A104)*(Statistik_FPT!$D$7:$D$51=$A99)*((Statistik_FPT!N$7:N$51)))} -> 0 | K104: {=SUM((Statistik_FPT!$C$7:$C$51=$A104)*(Statistik_FPT!$D$7:$D$51=$A99)*((Statistik_FPT!O$7:O$51)))} -> 0 | L104: {=SUM((Statistik_FPT!$C$7:$C$51=$A104)*(Statistik_FPT!$D$7:$D$51=$A99)*((Statistik_FPT!P$7:P$51)))} -> 0 | ... AH104: {=SUM((Statistik_FPT!$C$7:$C$51=$A104)*(Statistik_FPT!$D$7:$D$51=$A99)*((Statistik_FPT!AL$7:AL$51)))} -> 0
A106: 10 | D106: GESAMT | E106: Kinder (bis 10 Jahre) | J106: Teenies (11-14 Jahre) | O106: Jugendliche (15 - 18 Jahre) | T106: Junge Erwachsene (19 - 24 Jahre) | Y106: > 25 Jahren | AD106: Senior*innen (65+)
E107: männlich | F107: weiblich | G107: divers | H107: k.A. | I107: Gesamt | J107: männlich | K107: weiblich | L107: divers | M107: k.A. | N107: Gesamt | O107: männlich | P107: weiblich | Q107: divers | R107: k.A. | S107: Gesamt | T107: männlich | U107: weiblich | V107: divers | W107: k.A. | X107: Gesamt | Y107: männlich | Z107: weiblich | AA107: divers | AB107: k.A. | AC107: Gesamt | AD107: männlich | AE107: weiblich | AF107: divers | AG107: k.A. | AH107: Gesamt
A108: INDOOR | D108: {=SUM((Statistik_OKJA!$C$7:$C$51=$A108)*(Statistik_OKJA!$D$7:$D$51=$A106)*((Statistik_OKJA!AQ$7:AQ$51)))} -> 0 | E108: {=SUM((Statistik_OKJA!$C$7:$C$51=$A108)*(Statistik_OKJA!$D$7:$D$51=$A106)*((Statistik_OKJA!I$7:I$51)))} -> 0 | F108: {=SUM((Statistik_OKJA!$C$7:$C$51=$A108)*(Statistik_OKJA!$D$7:$D$51=$A106)*((Statistik_OKJA!J$7:J$51)))} -> 0 | G108: {=SUM((Statistik_OKJA!$C$7:$C$51=$A108)*(Statistik_OKJA!$D$7:$D$51=$A106)*((Statistik_OKJA!K$7:K$51)))} -> 0 | H108: {=SUM((Statistik_OKJA!$C$7:$C$51=$A108)*(Statistik_OKJA!$D$7:$D$51=$A106)*((Statistik_OKJA!L$7:L$51)))} -> 0 | I108: {=SUM((Statistik_OKJA!$C$7:$C$51=$A108)*(Statistik_OKJA!$D$7:$D$51=$A106)*((Statistik_OKJA!M$7:M$51)))} -> 0 | J108: {=SUM((Statistik_OKJA!$C$7:$C$51=$A108)*(Statistik_OKJA!$D$7:$D$51=$A106)*((Statistik_OKJA!N$7:N$51)))} -> 0 | K108: {=SUM((Statistik_OKJA!$C$7:$C$51=$A108)*(Statistik_OKJA!$D$7:$D$51=$A106)*((Statistik_OKJA!O$7:O$51)))} -> 0 | L108: {=SUM((Statistik_OKJA!$C$7:$C$51=$A108)*(Statistik_OKJA!$D$7:$D$51=$A106)*((Statistik_OKJA!P$7:P$51)))} -> 0 | ... AH108: {=SUM((Statistik_OKJA!$C$7:$C$51=$A108)*(Statistik_OKJA!$D$7:$D$51=$A106)*((Statistik_OKJA!AL$7:AL$51)))} -> 0
A109: OUTDOOR FLEX | D109: {=SUM((Statistik_OKJA!$C$7:$C$51=$A109)*(Statistik_OKJA!$D$7:$D$51=$A106)*((Statistik_OKJA!AQ$7:AQ$51)))} -> 0 | E109: {=SUM((Statistik_OKJA!$C$7:$C$51=$A109)*(Statistik_OKJA!$D$7:$D$51=$A106)*((Statistik_OKJA!I$7:I$51)))} -> 0 | F109: {=SUM((Statistik_OKJA!$C$7:$C$51=$A109)*(Statistik_OKJA!$D$7:$D$51=$A106)*((Statistik_OKJA!J$7:J$51)))} -> 0 | G109: {=SUM((Statistik_OKJA!$C$7:$C$51=$A109)*(Statistik_OKJA!$D$7:$D$51=$A106)*((Statistik_OKJA!K$7:K$51)))} -> 0 | H109: {=SUM((Statistik_OKJA!$C$7:$C$51=$A109)*(Statistik_OKJA!$D$7:$D$51=$A106)*((Statistik_OKJA!L$7:L$51)))} -> 0 | I109: {=SUM((Statistik_OKJA!$C$7:$C$51=$A109)*(Statistik_OKJA!$D$7:$D$51=$A106)*((Statistik_OKJA!M$7:M$51)))} -> 0 | J109: {=SUM((Statistik_OKJA!$C$7:$C$51=$A109)*(Statistik_OKJA!$D$7:$D$51=$A106)*((Statistik_OKJA!N$7:N$51)))} -> 0 | K109: {=SUM((Statistik_OKJA!$C$7:$C$51=$A109)*(Statistik_OKJA!$D$7:$D$51=$A106)*((Statistik_OKJA!O$7:O$51)))} -> 0 | L109: {=SUM((Statistik_OKJA!$C$7:$C$51=$A109)*(Statistik_OKJA!$D$7:$D$51=$A106)*((Statistik_OKJA!P$7:P$51)))} -> 0 | ... AH109: {=SUM((Statistik_OKJA!$C$7:$C$51=$A109)*(Statistik_OKJA!$D$7:$D$51=$A106)*((Statistik_OKJA!AL$7:AL$51)))} -> 0
A110: OUTDOOR FIX | D110: {=SUM((Statistik_OKJA!$C$7:$C$51=$A110)*(Statistik_OKJA!$D$7:$D$51=$A106)*((Statistik_OKJA!AQ$7:AQ$51)))} -> 0 | E110: {=SUM((Statistik_OKJA!$C$7:$C$51=$A110)*(Statistik_OKJA!$D$7:$D$51=$A106)*((Statistik_OKJA!I$7:I$51)))} -> 0 | F110: {=SUM((Statistik_OKJA!$C$7:$C$51=$A110)*(Statistik_OKJA!$D$7:$D$51=$A106)*((Statistik_OKJA!J$7:J$51)))} -> 0 | G110: {=SUM((Statistik_OKJA!$C$7:$C$51=$A110)*(Statistik_OKJA!$D$7:$D$51=$A106)*((Statistik_OKJA!K$7:K$51)))} -> 0 | H110: {=SUM((Statistik_OKJA!$C$7:$C$51=$A110)*(Statistik_OKJA!$D$7:$D$51=$A106)*((Statistik_OKJA!L$7:L$51)))} -> 0 | I110: {=SUM((Statistik_OKJA!$C$7:$C$51=$A110)*(Statistik_OKJA!$D$7:$D$51=$A106)*((Statistik_OKJA!M$7:M$51)))} -> 0 | J110: {=SUM((Statistik_OKJA!$C$7:$C$51=$A110)*(Statistik_OKJA!$D$7:$D$51=$A106)*((Statistik_OKJA!N$7:N$51)))} -> 0 | K110: {=SUM((Statistik_OKJA!$C$7:$C$51=$A110)*(Statistik_OKJA!$D$7:$D$51=$A106)*((Statistik_OKJA!O$7:O$51)))} -> 0 | L110: {=SUM((Statistik_OKJA!$C$7:$C$51=$A110)*(Statistik_OKJA!$D$7:$D$51=$A106)*((Statistik_OKJA!P$7:P$51)))} -> 0 | ... AH110: {=SUM((Statistik_OKJA!$C$7:$C$51=$A110)*(Statistik_OKJA!$D$7:$D$51=$A106)*((Statistik_OKJA!AL$7:AL$51)))} -> 0
A111: FPT | D111: {=SUM((Statistik_FPT!$C$7:$C$51=$A111)*(Statistik_FPT!$D$7:$D$51=$A106)*((Statistik_FPT!AQ$7:AQ$51)))} -> 0 | E111: {=SUM((Statistik_FPT!$C$7:$C$51=$A111)*(Statistik_FPT!$D$7:$D$51=$A106)*((Statistik_FPT!I$7:I$51)))} -> 0 | F111: {=SUM((Statistik_FPT!$C$7:$C$51=$A111)*(Statistik_FPT!$D$7:$D$51=$A106)*((Statistik_FPT!J$7:J$51)))} -> 0 | G111: {=SUM((Statistik_FPT!$C$7:$C$51=$A111)*(Statistik_FPT!$D$7:$D$51=$A106)*((Statistik_FPT!K$7:K$51)))} -> 0 | H111: {=SUM((Statistik_FPT!$C$7:$C$51=$A111)*(Statistik_FPT!$D$7:$D$51=$A106)*((Statistik_FPT!L$7:L$51)))} -> 0 | I111: {=SUM((Statistik_FPT!$C$7:$C$51=$A111)*(Statistik_FPT!$D$7:$D$51=$A106)*((Statistik_FPT!M$7:M$51)))} -> 0 | J111: {=SUM((Statistik_FPT!$C$7:$C$51=$A111)*(Statistik_FPT!$D$7:$D$51=$A106)*((Statistik_FPT!N$7:N$51)))} -> 0 | K111: {=SUM((Statistik_FPT!$C$7:$C$51=$A111)*(Statistik_FPT!$D$7:$D$51=$A106)*((Statistik_FPT!O$7:O$51)))} -> 0 | L111: {=SUM((Statistik_FPT!$C$7:$C$51=$A111)*(Statistik_FPT!$D$7:$D$51=$A106)*((Statistik_FPT!P$7:P$51)))} -> 0 | ... AH111: {=SUM((Statistik_FPT!$C$7:$C$51=$A111)*(Statistik_FPT!$D$7:$D$51=$A106)*((Statistik_FPT!AL$7:AL$51)))} -> 0
A113: 11 | D113: GESAMT | E113: Kinder (bis 10 Jahre) | J113: Teenies (11-14 Jahre) | O113: Jugendliche (15 - 18 Jahre) | T113: Junge Erwachsene (19 - 24 Jahre) | Y113: > 25 Jahren | AD113: Senior*innen (65+)
E114: männlich | F114: weiblich | G114: divers | H114: k.A. | I114: Gesamt | J114: männlich | K114: weiblich | L114: divers | M114: k.A. | N114: Gesamt | O114: männlich | P114: weiblich | Q114: divers | R114: k.A. | S114: Gesamt | T114: männlich | U114: weiblich | V114: divers | W114: k.A. | X114: Gesamt | Y114: männlich | Z114: weiblich | AA114: divers | AB114: k.A. | AC114: Gesamt | AD114: männlich | AE114: weiblich | AF114: divers | AG114: k.A. | AH114: Gesamt
A115: INDOOR | D115: {=SUM((Statistik_OKJA!$C$7:$C$51=$A115)*(Statistik_OKJA!$D$7:$D$51=$A113)*((Statistik_OKJA!AQ$7:AQ$51)))} -> 0 | E115: {=SUM((Statistik_OKJA!$C$7:$C$51=$A115)*(Statistik_OKJA!$D$7:$D$51=$A113)*((Statistik_OKJA!I$7:I$51)))} -> 0 | F115: {=SUM((Statistik_OKJA!$C$7:$C$51=$A115)*(Statistik_OKJA!$D$7:$D$51=$A113)*((Statistik_OKJA!J$7:J$51)))} -> 0 | G115: {=SUM((Statistik_OKJA!$C$7:$C$51=$A115)*(Statistik_OKJA!$D$7:$D$51=$A113)*((Statistik_OKJA!K$7:K$51)))} -> 0 | H115: {=SUM((Statistik_OKJA!$C$7:$C$51=$A115)*(Statistik_OKJA!$D$7:$D$51=$A113)*((Statistik_OKJA!L$7:L$51)))} -> 0 | I115: {=SUM((Statistik_OKJA!$C$7:$C$51=$A115)*(Statistik_OKJA!$D$7:$D$51=$A113)*((Statistik_OKJA!M$7:M$51)))} -> 0 | J115: {=SUM((Statistik_OKJA!$C$7:$C$51=$A115)*(Statistik_OKJA!$D$7:$D$51=$A113)*((Statistik_OKJA!N$7:N$51)))} -> 0 | K115: {=SUM((Statistik_OKJA!$C$7:$C$51=$A115)*(Statistik_OKJA!$D$7:$D$51=$A113)*((Statistik_OKJA!O$7:O$51)))} -> 0 | L115: {=SUM((Statistik_OKJA!$C$7:$C$51=$A115)*(Statistik_OKJA!$D$7:$D$51=$A113)*((Statistik_OKJA!P$7:P$51)))} -> 0 | ... AH115: {=SUM((Statistik_OKJA!$C$7:$C$51=$A115)*(Statistik_OKJA!$D$7:$D$51=$A113)*((Statistik_OKJA!AL$7:AL$51)))} -> 0
A116: OUTDOOR FLEX | D116: {=SUM((Statistik_OKJA!$C$7:$C$51=$A116)*(Statistik_OKJA!$D$7:$D$51=$A113)*((Statistik_OKJA!AQ$7:AQ$51)))} -> 0 | E116: {=SUM((Statistik_OKJA!$C$7:$C$51=$A116)*(Statistik_OKJA!$D$7:$D$51=$A113)*((Statistik_OKJA!I$7:I$51)))} -> 0 | F116: {=SUM((Statistik_OKJA!$C$7:$C$51=$A116)*(Statistik_OKJA!$D$7:$D$51=$A113)*((Statistik_OKJA!J$7:J$51)))} -> 0 | G116: {=SUM((Statistik_OKJA!$C$7:$C$51=$A116)*(Statistik_OKJA!$D$7:$D$51=$A113)*((Statistik_OKJA!K$7:K$51)))} -> 0 | H116: {=SUM((Statistik_OKJA!$C$7:$C$51=$A116)*(Statistik_OKJA!$D$7:$D$51=$A113)*((Statistik_OKJA!L$7:L$51)))} -> 0 | I116: {=SUM((Statistik_OKJA!$C$7:$C$51=$A116)*(Statistik_OKJA!$D$7:$D$51=$A113)*((Statistik_OKJA!M$7:M$51)))} -> 0 | J116: {=SUM((Statistik_OKJA!$C$7:$C$51=$A116)*(Statistik_OKJA!$D$7:$D$51=$A113)*((Statistik_OKJA!N$7:N$51)))} -> 0 | K116: {=SUM((Statistik_OKJA!$C$7:$C$51=$A116)*(Statistik_OKJA!$D$7:$D$51=$A113)*((Statistik_OKJA!O$7:O$51)))} -> 0 | L116: {=SUM((Statistik_OKJA!$C$7:$C$51=$A116)*(Statistik_OKJA!$D$7:$D$51=$A113)*((Statistik_OKJA!P$7:P$51)))} -> 0 | ... AH116: {=SUM((Statistik_OKJA!$C$7:$C$51=$A116)*(Statistik_OKJA!$D$7:$D$51=$A113)*((Statistik_OKJA!AL$7:AL$51)))} -> 0
A117: OUTDOOR FIX | D117: {=SUM((Statistik_OKJA!$C$7:$C$51=$A117)*(Statistik_OKJA!$D$7:$D$51=$A113)*((Statistik_OKJA!AQ$7:AQ$51)))} -> 0 | E117: {=SUM((Statistik_OKJA!$C$7:$C$51=$A117)*(Statistik_OKJA!$D$7:$D$51=$A113)*((Statistik_OKJA!I$7:I$51)))} -> 0 | F117: {=SUM((Statistik_OKJA!$C$7:$C$51=$A117)*(Statistik_OKJA!$D$7:$D$51=$A113)*((Statistik_OKJA!J$7:J$51)))} -> 0 | G117: {=SUM((Statistik_OKJA!$C$7:$C$51=$A117)*(Statistik_OKJA!$D$7:$D$51=$A113)*((Statistik_OKJA!K$7:K$51)))} -> 0 | H117: {=SUM((Statistik_OKJA!$C$7:$C$51=$A117)*(Statistik_OKJA!$D$7:$D$51=$A113)*((Statistik_OKJA!L$7:L$51)))} -> 0 | I117: {=SUM((Statistik_OKJA!$C$7:$C$51=$A117)*(Statistik_OKJA!$D$7:$D$51=$A113)*((Statistik_OKJA!M$7:M$51)))} -> 0 | J117: {=SUM((Statistik_OKJA!$C$7:$C$51=$A117)*(Statistik_OKJA!$D$7:$D$51=$A113)*((Statistik_OKJA!N$7:N$51)))} -> 0 | K117: {=SUM((Statistik_OKJA!$C$7:$C$51=$A117)*(Statistik_OKJA!$D$7:$D$51=$A113)*((Statistik_OKJA!O$7:O$51)))} -> 0 | L117: {=SUM((Statistik_OKJA!$C$7:$C$51=$A117)*(Statistik_OKJA!$D$7:$D$51=$A113)*((Statistik_OKJA!P$7:P$51)))} -> 0 | ... AH117: {=SUM((Statistik_OKJA!$C$7:$C$51=$A117)*(Statistik_OKJA!$D$7:$D$51=$A113)*((Statistik_OKJA!AL$7:AL$51)))} -> 0
A118: FPT | D118: {=SUM((Statistik_FPT!$C$7:$C$51=$A118)*(Statistik_FPT!$D$7:$D$51=$A113)*((Statistik_FPT!AQ$7:AQ$51)))} -> 0 | E118: {=SUM((Statistik_FPT!$C$7:$C$51=$A118)*(Statistik_FPT!$D$7:$D$51=$A113)*((Statistik_FPT!I$7:I$51)))} -> 0 | F118: {=SUM((Statistik_FPT!$C$7:$C$51=$A118)*(Statistik_FPT!$D$7:$D$51=$A113)*((Statistik_FPT!J$7:J$51)))} -> 0 | G118: {=SUM((Statistik_FPT!$C$7:$C$51=$A118)*(Statistik_FPT!$D$7:$D$51=$A113)*((Statistik_FPT!K$7:K$51)))} -> 0 | H118: {=SUM((Statistik_FPT!$C$7:$C$51=$A118)*(Statistik_FPT!$D$7:$D$51=$A113)*((Statistik_FPT!L$7:L$51)))} -> 0 | I118: {=SUM((Statistik_FPT!$C$7:$C$51=$A118)*(Statistik_FPT!$D$7:$D$51=$A113)*((Statistik_FPT!M$7:M$51)))} -> 0 | J118: {=SUM((Statistik_FPT!$C$7:$C$51=$A118)*(Statistik_FPT!$D$7:$D$51=$A113)*((Statistik_FPT!N$7:N$51)))} -> 0 | K118: {=SUM((Statistik_FPT!$C$7:$C$51=$A118)*(Statistik_FPT!$D$7:$D$51=$A113)*((Statistik_FPT!O$7:O$51)))} -> 0 | L118: {=SUM((Statistik_FPT!$C$7:$C$51=$A118)*(Statistik_FPT!$D$7:$D$51=$A113)*((Statistik_FPT!P$7:P$51)))} -> 0 | ... AH118: {=SUM((Statistik_FPT!$C$7:$C$51=$A118)*(Statistik_FPT!$D$7:$D$51=$A113)*((Statistik_FPT!AL$7:AL$51)))} -> 0
A120: 12 | D120: GESAMT | E120: Kinder (bis 10 Jahre) | J120: Teenies (11-14 Jahre) | O120: Jugendliche (15 - 18 Jahre) | T120: Junge Erwachsene (19 - 24 Jahre) | Y120: > 25 Jahren | AD120: Senior*innen (65+)
E121: männlich | F121: weiblich | G121: divers | H121: k.A. | I121: Gesamt | J121: männlich | K121: weiblich | L121: divers | M121: k.A. | N121: Gesamt | O121: männlich | P121: weiblich | Q121: divers | R121: k.A. | S121: Gesamt | T121: männlich | U121: weiblich | V121: divers | W121: k.A. | X121: Gesamt | Y121: männlich | Z121: weiblich | AA121: divers | AB121: k.A. | AC121: Gesamt | AD121: männlich | AE121: weiblich | AF121: divers | AG121: k.A. | AH121: Gesamt
A122: INDOOR | D122: {=SUM((Statistik_OKJA!$C$7:$C$51=$A122)*(Statistik_OKJA!$D$7:$D$51=$A120)*((Statistik_OKJA!AQ$7:AQ$51)))} -> 0 | E122: {=SUM((Statistik_OKJA!$C$7:$C$51=$A122)*(Statistik_OKJA!$D$7:$D$51=$A120)*((Statistik_OKJA!I$7:I$51)))} -> 0 | F122: {=SUM((Statistik_OKJA!$C$7:$C$51=$A122)*(Statistik_OKJA!$D$7:$D$51=$A120)*((Statistik_OKJA!J$7:J$51)))} -> 0 | G122: {=SUM((Statistik_OKJA!$C$7:$C$51=$A122)*(Statistik_OKJA!$D$7:$D$51=$A120)*((Statistik_OKJA!K$7:K$51)))} -> 0 | H122: {=SUM((Statistik_OKJA!$C$7:$C$51=$A122)*(Statistik_OKJA!$D$7:$D$51=$A120)*((Statistik_OKJA!L$7:L$51)))} -> 0 | I122: {=SUM((Statistik_OKJA!$C$7:$C$51=$A122)*(Statistik_OKJA!$D$7:$D$51=$A120)*((Statistik_OKJA!M$7:M$51)))} -> 0 | J122: {=SUM((Statistik_OKJA!$C$7:$C$51=$A122)*(Statistik_OKJA!$D$7:$D$51=$A120)*((Statistik_OKJA!N$7:N$51)))} -> 0 | K122: {=SUM((Statistik_OKJA!$C$7:$C$51=$A122)*(Statistik_OKJA!$D$7:$D$51=$A120)*((Statistik_OKJA!O$7:O$51)))} -> 0 | L122: {=SUM((Statistik_OKJA!$C$7:$C$51=$A122)*(Statistik_OKJA!$D$7:$D$51=$A120)*((Statistik_OKJA!P$7:P$51)))} -> 0 | ... AH122: {=SUM((Statistik_OKJA!$C$7:$C$51=$A122)*(Statistik_OKJA!$D$7:$D$51=$A120)*((Statistik_OKJA!AL$7:AL$51)))} -> 0
A123: OUTDOOR FLEX | D123: {=SUM((Statistik_OKJA!$C$7:$C$51=$A123)*(Statistik_OKJA!$D$7:$D$51=$A120)*((Statistik_OKJA!AQ$7:AQ$51)))} -> 0 | E123: {=SUM((Statistik_OKJA!$C$7:$C$51=$A123)*(Statistik_OKJA!$D$7:$D$51=$A120)*((Statistik_OKJA!I$7:I$51)))} -> 0 | F123: {=SUM((Statistik_OKJA!$C$7:$C$51=$A123)*(Statistik_OKJA!$D$7:$D$51=$A120)*((Statistik_OKJA!J$7:J$51)))} -> 0 | G123: {=SUM((Statistik_OKJA!$C$7:$C$51=$A123)*(Statistik_OKJA!$D$7:$D$51=$A120)*((Statistik_OKJA!K$7:K$51)))} -> 0 | H123: {=SUM((Statistik_OKJA!$C$7:$C$51=$A123)*(Statistik_OKJA!$D$7:$D$51=$A120)*((Statistik_OKJA!L$7:L$51)))} -> 0 | I123: {=SUM((Statistik_OKJA!$C$7:$C$51=$A123)*(Statistik_OKJA!$D$7:$D$51=$A120)*((Statistik_OKJA!M$7:M$51)))} -> 0 | J123: {=SUM((Statistik_OKJA!$C$7:$C$51=$A123)*(Statistik_OKJA!$D$7:$D$51=$A120)*((Statistik_OKJA!N$7:N$51)))} -> 0 | K123: {=SUM((Statistik_OKJA!$C$7:$C$51=$A123)*(Statistik_OKJA!$D$7:$D$51=$A120)*((Statistik_OKJA!O$7:O$51)))} -> 0 | L123: {=SUM((Statistik_OKJA!$C$7:$C$51=$A123)*(Statistik_OKJA!$D$7:$D$51=$A120)*((Statistik_OKJA!P$7:P$51)))} -> 0 | ... AH123: {=SUM((Statistik_OKJA!$C$7:$C$51=$A123)*(Statistik_OKJA!$D$7:$D$51=$A120)*((Statistik_OKJA!AL$7:AL$51)))} -> 0
A124: OUTDOOR FIX | D124: {=SUM((Statistik_OKJA!$C$7:$C$51=$A124)*(Statistik_OKJA!$D$7:$D$51=$A120)*((Statistik_OKJA!AQ$7:AQ$51)))} -> 0 | E124: {=SUM((Statistik_OKJA!$C$7:$C$51=$A124)*(Statistik_OKJA!$D$7:$D$51=$A120)*((Statistik_OKJA!I$7:I$51)))} -> 0 | F124: {=SUM((Statistik_OKJA!$C$7:$C$51=$A124)*(Statistik_OKJA!$D$7:$D$51=$A120)*((Statistik_OKJA!J$7:J$51)))} -> 0 | G124: {=SUM((Statistik_OKJA!$C$7:$C$51=$A124)*(Statistik_OKJA!$D$7:$D$51=$A120)*((Statistik_OKJA!K$7:K$51)))} -> 0 | H124: {=SUM((Statistik_OKJA!$C$7:$C$51=$A124)*(Statistik_OKJA!$D$7:$D$51=$A120)*((Statistik_OKJA!L$7:L$51)))} -> 0 | I124: {=SUM((Statistik_OKJA!$C$7:$C$51=$A124)*(Statistik_OKJA!$D$7:$D$51=$A120)*((Statistik_OKJA!M$7:M$51)))} -> 0 | J124: {=SUM((Statistik_OKJA!$C$7:$C$51=$A124)*(Statistik_OKJA!$D$7:$D$51=$A120)*((Statistik_OKJA!N$7:N$51)))} -> 0 | K124: {=SUM((Statistik_OKJA!$C$7:$C$51=$A124)*(Statistik_OKJA!$D$7:$D$51=$A120)*((Statistik_OKJA!O$7:O$51)))} -> 0 | L124: {=SUM((Statistik_OKJA!$C$7:$C$51=$A124)*(Statistik_OKJA!$D$7:$D$51=$A120)*((Statistik_OKJA!P$7:P$51)))} -> 0 | ... AH124: {=SUM((Statistik_OKJA!$C$7:$C$51=$A124)*(Statistik_OKJA!$D$7:$D$51=$A120)*((Statistik_OKJA!AL$7:AL$51)))} -> 0
A125: FPT | D125: {=SUM((Statistik_FPT!$C$7:$C$51=$A125)*(Statistik_FPT!$D$7:$D$51=$A120)*((Statistik_FPT!AQ$7:AQ$51)))} -> 0 | E125: {=SUM((Statistik_FPT!$C$7:$C$51=$A125)*(Statistik_FPT!$D$7:$D$51=$A120)*((Statistik_FPT!I$7:I$51)))} -> 0 | F125: {=SUM((Statistik_FPT!$C$7:$C$51=$A125)*(Statistik_FPT!$D$7:$D$51=$A120)*((Statistik_FPT!J$7:J$51)))} -> 0 | G125: {=SUM((Statistik_FPT!$C$7:$C$51=$A125)*(Statistik_FPT!$D$7:$D$51=$A120)*((Statistik_FPT!K$7:K$51)))} -> 0 | H125: {=SUM((Statistik_FPT!$C$7:$C$51=$A125)*(Statistik_FPT!$D$7:$D$51=$A120)*((Statistik_FPT!L$7:L$51)))} -> 0 | I125: {=SUM((Statistik_FPT!$C$7:$C$51=$A125)*(Statistik_FPT!$D$7:$D$51=$A120)*((Statistik_FPT!M$7:M$51)))} -> 0 | J125: {=SUM((Statistik_FPT!$C$7:$C$51=$A125)*(Statistik_FPT!$D$7:$D$51=$A120)*((Statistik_FPT!N$7:N$51)))} -> 0 | K125: {=SUM((Statistik_FPT!$C$7:$C$51=$A125)*(Statistik_FPT!$D$7:$D$51=$A120)*((Statistik_FPT!O$7:O$51)))} -> 0 | L125: {=SUM((Statistik_FPT!$C$7:$C$51=$A125)*(Statistik_FPT!$D$7:$D$51=$A120)*((Statistik_FPT!P$7:P$51)))} -> 0 | ... AH125: {=SUM((Statistik_FPT!$C$7:$C$51=$A125)*(Statistik_FPT!$D$7:$D$51=$A120)*((Statistik_FPT!AL$7:AL$51)))} -> 0
A127: 13 | D127: GESAMT | E127: Kinder (bis 10 Jahre) | J127: Teenies (11-14 Jahre) | O127: Jugendliche (15 - 18 Jahre) | T127: Junge Erwachsene (19 - 24 Jahre) | Y127: > 25 Jahren | AD127: Senior*innen (65+)
E128: männlich | F128: weiblich | G128: divers | H128: k.A. | I128: Gesamt | J128: männlich | K128: weiblich | L128: divers | M128: k.A. | N128: Gesamt | O128: männlich | P128: weiblich | Q128: divers | R128: k.A. | S128: Gesamt | T128: männlich | U128: weiblich | V128: divers | W128: k.A. | X128: Gesamt | Y128: männlich | Z128: weiblich | AA128: divers | AB128: k.A. | AC128: Gesamt | AD128: männlich | AE128: weiblich | AF128: divers | AG128: k.A. | AH128: Gesamt
A129: INDOOR | D129: {=SUM((Statistik_OKJA!$C$7:$C$51=$A129)*(Statistik_OKJA!$D$7:$D$51=$A127)*((Statistik_OKJA!AQ$7:AQ$51)))} -> 0 | E129: {=SUM((Statistik_OKJA!$C$7:$C$51=$A129)*(Statistik_OKJA!$D$7:$D$51=$A127)*((Statistik_OKJA!I$7:I$51)))} -> 0 | F129: {=SUM((Statistik_OKJA!$C$7:$C$51=$A129)*(Statistik_OKJA!$D$7:$D$51=$A127)*((Statistik_OKJA!J$7:J$51)))} -> 0 | G129: {=SUM((Statistik_OKJA!$C$7:$C$51=$A129)*(Statistik_OKJA!$D$7:$D$51=$A127)*((Statistik_OKJA!K$7:K$51)))} -> 0 | H129: {=SUM((Statistik_OKJA!$C$7:$C$51=$A129)*(Statistik_OKJA!$D$7:$D$51=$A127)*((Statistik_OKJA!L$7:L$51)))} -> 0 | I129: {=SUM((Statistik_OKJA!$C$7:$C$51=$A129)*(Statistik_OKJA!$D$7:$D$51=$A127)*((Statistik_OKJA!M$7:M$51)))} -> 0 | J129: {=SUM((Statistik_OKJA!$C$7:$C$51=$A129)*(Statistik_OKJA!$D$7:$D$51=$A127)*((Statistik_OKJA!N$7:N$51)))} -> 0 | K129: {=SUM((Statistik_OKJA!$C$7:$C$51=$A129)*(Statistik_OKJA!$D$7:$D$51=$A127)*((Statistik_OKJA!O$7:O$51)))} -> 0 | L129: {=SUM((Statistik_OKJA!$C$7:$C$51=$A129)*(Statistik_OKJA!$D$7:$D$51=$A127)*((Statistik_OKJA!P$7:P$51)))} -> 0 | ... AH129: {=SUM((Statistik_OKJA!$C$7:$C$51=$A129)*(Statistik_OKJA!$D$7:$D$51=$A127)*((Statistik_OKJA!AL$7:AL$51)))} -> 0
A130: OUTDOOR FLEX | D130: {=SUM((Statistik_OKJA!$C$7:$C$51=$A130)*(Statistik_OKJA!$D$7:$D$51=$A127)*((Statistik_OKJA!AQ$7:AQ$51)))} -> 0 | E130: {=SUM((Statistik_OKJA!$C$7:$C$51=$A130)*(Statistik_OKJA!$D$7:$D$51=$A127)*((Statistik_OKJA!I$7:I$51)))} -> 0 | F130: {=SUM((Statistik_OKJA!$C$7:$C$51=$A130)*(Statistik_OKJA!$D$7:$D$51=$A127)*((Statistik_OKJA!J$7:J$51)))} -> 0 | G130: {=SUM((Statistik_OKJA!$C$7:$C$51=$A130)*(Statistik_OKJA!$D$7:$D$51=$A127)*((Statistik_OKJA!K$7:K$51)))} -> 0 | H130: {=SUM((Statistik_OKJA!$C$7:$C$51=$A130)*(Statistik_OKJA!$D$7:$D$51=$A127)*((Statistik_OKJA!L$7:L$51)))} -> 0 | I130: {=SUM((Statistik_OKJA!$C$7:$C$51=$A130)*(Statistik_OKJA!$D$7:$D$51=$A127)*((Statistik_OKJA!M$7:M$51)))} -> 0 | J130: {=SUM((Statistik_OKJA!$C$7:$C$51=$A130)*(Statistik_OKJA!$D$7:$D$51=$A127)*((Statistik_OKJA!N$7:N$51)))} -> 0 | K130: {=SUM((Statistik_OKJA!$C$7:$C$51=$A130)*(Statistik_OKJA!$D$7:$D$51=$A127)*((Statistik_OKJA!O$7:O$51)))} -> 0 | L130: {=SUM((Statistik_OKJA!$C$7:$C$51=$A130)*(Statistik_OKJA!$D$7:$D$51=$A127)*((Statistik_OKJA!P$7:P$51)))} -> 0 | ... AH130: {=SUM((Statistik_OKJA!$C$7:$C$51=$A130)*(Statistik_OKJA!$D$7:$D$51=$A127)*((Statistik_OKJA!AL$7:AL$51)))} -> 0
A131: OUTDOOR FIX | D131: {=SUM((Statistik_OKJA!$C$7:$C$51=$A131)*(Statistik_OKJA!$D$7:$D$51=$A127)*((Statistik_OKJA!AQ$7:AQ$51)))} -> 0 | E131: {=SUM((Statistik_OKJA!$C$7:$C$51=$A131)*(Statistik_OKJA!$D$7:$D$51=$A127)*((Statistik_OKJA!I$7:I$51)))} -> 0 | F131: {=SUM((Statistik_OKJA!$C$7:$C$51=$A131)*(Statistik_OKJA!$D$7:$D$51=$A127)*((Statistik_OKJA!J$7:J$51)))} -> 0 | G131: {=SUM((Statistik_OKJA!$C$7:$C$51=$A131)*(Statistik_OKJA!$D$7:$D$51=$A127)*((Statistik_OKJA!K$7:K$51)))} -> 0 | H131: {=SUM((Statistik_OKJA!$C$7:$C$51=$A131)*(Statistik_OKJA!$D$7:$D$51=$A127)*((Statistik_OKJA!L$7:L$51)))} -> 0 | I131: {=SUM((Statistik_OKJA!$C$7:$C$51=$A131)*(Statistik_OKJA!$D$7:$D$51=$A127)*((Statistik_OKJA!M$7:M$51)))} -> 0 | J131: {=SUM((Statistik_OKJA!$C$7:$C$51=$A131)*(Statistik_OKJA!$D$7:$D$51=$A127)*((Statistik_OKJA!N$7:N$51)))} -> 0 | K131: {=SUM((Statistik_OKJA!$C$7:$C$51=$A131)*(Statistik_OKJA!$D$7:$D$51=$A127)*((Statistik_OKJA!O$7:O$51)))} -> 0 | L131: {=SUM((Statistik_OKJA!$C$7:$C$51=$A131)*(Statistik_OKJA!$D$7:$D$51=$A127)*((Statistik_OKJA!P$7:P$51)))} -> 0 | ... AH131: {=SUM((Statistik_OKJA!$C$7:$C$51=$A131)*(Statistik_OKJA!$D$7:$D$51=$A127)*((Statistik_OKJA!AL$7:AL$51)))} -> 0
...
